Workbook

Sheet CU 
A1: WELLER AIR-COND PARTS ENTERPRISE SDN BHD (613386-K)
A3: ='[1]CU '!A6 -> DATE :5.12.25
A8: ='[1]CU '!A8 -> ITEM CODE | B8: ='[1]CU '!B8 -> MODEL CONDENSER | C8: ='[1]CU '!C8 -> BRAND | D8: ='[1]CU '!D8 -> H/P | E8: ='[1]CU '!E8 -> DIMENSION LxWxH | F8: ='[1]CU '!F8 -> FAN SETS | G8: ='[1]CU '!G8 -> RECEIVER TANK | H8: ='[1]CU '!H8 -> Compressor to match | I8: ='[1]CU '!$I8 -> roll | J8: ='[1]CU '!$Q8 -> (RM) condenser only | K8: ='[1]CU '!$U8 -> (RM) c/w set axial fan sets | L8: ='[1]CU '!$Y8 -> (RM) HEAVY DUTY FAN | M8: ='[1]CU '!#REF! -> #REF! | N8: PIC
A9: ='[1]CU '!A9 -> CU001 | B9: ='[1]CU '!B9 -> CU - 15 QC | C9: 9FPI INLET GROOVE FIN CONDENSER COIL COMPLETE SET C/W AXIAL FAN SETS, RECEIVER TANK & IRON BASE | D9: ='[1]CU '!D9 -> 1.5hp | E9: ='[1]CU '!E9 -> 440x170x425 | F9: ='[1]CU '!F9 -> 1 x 14 | G9: ='[1]CU '!G9 -> CR-101-3 ,RT-2 | H9: ='[1]CU '!H9 -> 0 | I9: ='[1]CU '!$I9 -> 3*16 | J9: ='[1]CU '!$Q9 -> 324.82289 | K9: ='[1]CU '!$U9 -> 722.7307 | L9: ='[1]CU '!$Y9 -> 742.36931 | M9: ='[1]CU '!#REF! -> #REF!
A10: ='[1]CU '!A10 -> CU002 | B10: ='[1]CU '!B10 -> CU - 22 QC | D10: ='[1]CU '!D10 -> 2hp | E10: ='[1]CU '!E10 -> 450*180*470 | F10: ='[1]CU '!F10 -> 1 x 14 | G10: ='[1]CU '!G10 -> CR-102 ,RT-2 | H10: ='[1]CU '!H10 -> MT22 | I10: ='[1]CU '!$I10 -> 4*16 | J10: ='[1]CU '!$Q10 -> 452.13443 | K10: ='[1]CU '!$U10 -> 850.04224 | L10: ='[1]CU '!$Y10 -> 869.68085 | M10: ='[1]CU '!#REF! -> #REF!
A11: ='[1]CU '!A11 -> CU003 | B11: ='[1]CU '!B11 -> CU - 32 QC | D11: ='[1]CU '!D11 -> 2.5hp | E11: ='[1]CU '!E11 -> 450*180*470 | F11: ='[1]CU '!F11 -> 1 x 14 | G11: ='[1]CU '!G11 -> CR-102 ,RT-3 | H11: ='[1]CU '!H11 -> MT32 | I11: ='[1]CU '!$I11 -> 4*18 | J11: ='[1]CU '!$Q11 -> 502.10718 | K11: ='[1]CU '!$U11 -> 900.01499 | L11: ='[1]CU '!$Y11 -> 919.6536 | M11: ='[1]CU '!#REF! -> #REF!
A12: ='[1]CU '!A12 -> CU004 | B12: ='[1]CU '!B12 -> CU - 36 QC | D12: ='[1]CU '!D12 -> 3hp | E12: ='[1]CU '!E12 -> 500*200*520 | F12: ='[1]CU '!F12 -> 1 x 16 | G12: ='[1]CU '!G12 -> CR-102 ,RT-3 | H12: ='[1]CU '!H12 -> MT36 | I12: ='[1]CU '!$I12 -> 4*20 | J12: ='[1]CU '!$Q12 -> 608.00183 | K12: ='[1]CU '!$U12 -> 1052.1292 | L12: ='[1]CU '!$Y12 -> 1102.5936 | M12: ='[1]CU '!#REF! -> #REF!
A13: ='[1]CU '!A13 -> CU005 | B13: ='[1]CU '!B13 -> CU - 40 QC | D13: ='[1]CU '!D13 -> 3.5hp | E13: ='[1]CU '!E13 -> 550*200*520 | F13: ='[1]CU '!F13 -> 1 x 16 | G13: ='[1]CU '!G13 -> CR103,RT-4 | H13: ='[1]CU '!H13 -> MT40 | I13: ='[1]CU '!$I13 -> 5*20 | J13: ='[1]CU '!$Q13 -> 763.86922 | K13: ='[1]CU '!$U13 -> 1151.5167 | L13: ='[1]CU '!$Y13 -> 1258.461 | M13: ='[1]CU '!#REF! -> #REF!
A14: ='[1]CU '!A14 -> CU006 | B14: ='[1]CU '!B14 -> CU - 50 QC | D14: ='[1]CU '!D14 -> 4hp | E14: ='[1]CU '!E14 -> 660*200*570 | F14: ='[1]CU '!F14 -> 1 x 18 | G14: ='[1]CU '!G14 -> CR103,RT-4 | H14: ='[1]CU '!H14 -> 4FES-3(Y) | I14: ='[1]CU '!$I14 -> 5*20 | J14: ='[1]CU '!$Q14 -> 938.77386 | K14: ='[1]CU '!$U14 -> 1413.9936 | L14: ='[1]CU '!$Y14 -> 1576.9816 | M14: ='[1]CU '!#REF! -> #REF!
A15: ='[1]CU '!A15 -> CU007 | B15: ='[1]CU '!B15 -> CU - 64 QC | D15: ='[1]CU '!D15 -> 5hp | E15: ='[1]CU '!E15 -> 960*200*520 | F15: ='[1]CU '!F15 -> 2 x 16 | G15: ='[1]CU '!G15 -> CR-104 ,RT-6 | H15: ='[1]CU '!H15 -> 4EES-4(Y) | I15: ='[1]CU '!$I15 -> 4*20 | J15: ='[1]CU '!$Q15 -> 1223.1426 | K15: ='[1]CU '!$U15 -> 2048.0851 | L15: ='[1]CU '!$Y15 -> 2149.0139 | M15: ='[1]CU '!#REF! -> #REF!
A16: ='[1]CU '!A16 -> CU008 | B16: ='[1]CU '!B16 -> CU - 64B QC | D16: ='[1]CU '!D16 -> 5hp | E16: ='[1]CU '!E16 -> 710*220*660 | F16: ='[1]CU '!F16 -> 1 x 20 | G16: ='[1]CU '!G16 -> CR-104 ,RT-6 | H16: ='[1]CU '!H16 -> 4EES-4(Y) | I16: ='[1]CU '!$I16 -> 4*26 | J16: ='[1]CU '!$Q16 -> 1088.6921 | K16: ='[1]CU '!$U16 -> 1739.7404 | L16: ='[1]CU '!$Y16 -> 1812.9742 | M16: ='[1]CU '!#REF! -> #REF!
A17: ='[1]CU '!A17 -> CU009 | B17: ='[1]CU '!B17 -> CU - 72 QC | D17: ='[1]CU '!D17 -> 6hp | E17: ='[1]CU '!E17 -> 960*220*520 | F17: ='[1]CU '!F17 -> 2 x 16 | G17: ='[1]CU '!G17 -> CR-104 ,RT-6 | H17: ='[1]CU '!H17 -> 4DES-5(Y) | I17: ='[1]CU '!$I17 -> 5*20 | J17: ='[1]CU '!$Q17 -> 1329.0373 | K17: ='[1]CU '!$U17 -> 2153.9797 | L17: ='[1]CU '!$Y17 -> 2254.9086 | M17: ='[1]CU '!#REF! -> #REF!
A18: ='[1]CU '!A18 -> CU010 | B18: ='[1]CU '!B18 -> CU - 72B QC | D18: ='[1]CU '!D18 -> 6hp | E18: ='[1]CU '!E18 -> 710*240*660 | F18: ='[1]CU '!F18 -> 1 x 20 | G18: ='[1]CU '!G18 -> CR-104 ,RT-6 | H18: ='[1]CU '!H18 -> 4DES-5(Y) | I18: ='[1]CU '!$I18 -> 5*26 | J18: ='[1]CU '!$Q18 -> 1271.9255 | K18: ='[1]CU '!$U18 -> 1922.9738 | L18: ='[1]CU '!$Y18 -> 1996.2077 | M18: ='[1]CU '!#REF! -> #REF!
A19: ='[1]CU '!A19 -> CU011 | B19: ='[1]CU '!B19 -> CU - 80 QC | D19: ='[1]CU '!D19 -> 6.5hp | E19: ='[1]CU '!E19 -> 1060*220*570 | F19: ='[1]CU '!F19 -> 2 x 18 | G19: ='[1]CU '!G19 -> CR-104 ,RT-8 | H19: ='[1]CU '!H19 -> 4DES-5(Y) | I19: ='[1]CU '!$I19 -> 4*22 | J19: ='[1]CU '!$Q19 -> ~ | K19: ='[1]CU '!$U19 -> ~ | L19: ='[1]CU '!$Y19 -> ~ | M19: ='[1]CU '!#REF! -> #REF!
A20: ='[1]CU '!A20 -> CU012 | B20: ='[1]CU '!B20 -> CU - 90 QC | D20: ='[1]CU '!D20 -> 7.5hp | E20: ='[1]CU '!E20 -> 1060*220*570 | F20: ='[1]CU '!F20 -> 2 x 18 | G20: ='[1]CU '!G20 -> CR-104 ,RT-8 | H20: ='[1]CU '!H20 -> 4CES-6(Y) | I20: ='[1]CU '!$I20 -> 5*22 | J20: ='[1]CU '!$Q20 -> 1594.3688 | K20: ='[1]CU '!$U20 -> 2491.1771 | L20: ='[1]CU '!$Y20 -> 2704.1934 | M20: ='[1]CU '!#REF! -> #REF!
A21: ='[1]CU '!A21 -> CU013 | B21: ='[1]CU '!B21 -> CU - 100 QC | D21: ='[1]CU '!D21 -> 8.5hp | E21: ='[1]CU '!E21 -> 1060*240*670 | F21: ='[1]CU '!F21 -> 2 x 18 | G21: ='[1]CU '!G21 -> CR-104 ,RT-8 | H21: ='[1]CU '!H21 -> 4VES-7(Y) | I21: ='[1]CU '!$I21 -> 5*26 | J21: ='[1]CU '!$Q21 -> 1791.8801 | K21: ='[1]CU '!$U21 -> 2688.6884 | L21: ='[1]CU '!$Y21 -> 2901.7048 | M21: ='[1]CU '!#REF! -> #REF!
... A33: ='[1]CU '!A33 -> CU023 | B33: ='[1]CU '!B33 -> CU - 500 QC | D33: ='[1]CU '!D33 -> 50hp | E33: ='[1]CU '!E33 -> 1630*350*1930 | F33: ='[1]CU '!F33 -> 4 x 26 | G33: ='[1]CU '!G33 -> HT- 50HP | H33: ='[1]CU '!H33 -> 6FE50Y | I33: ='[1]CU '!$I33 -> 6*76 | J33: ='[1]CU '!$Q33 -> 11412.825 | K33: ='[1]CU '!$U33 -> 14592.171 | L33: ='[1]CU '!$Y33 -> 15887.081 | M33: ='[1]CU '!#REF! -> #REF!
A34: ='[1]CU '!A36 -> CU20.25 | B34: ='[1]CU '!B36 -> 16" * 18" | C34: IRON BASE | D34: ='[1]CU '!D36 -> 1/2hp | E34: ='[1]CU '!E36 -> CS030-CS060 | J34: ='[1]CU '!$Q36 -> 27.868852
A35: ='[1]CU '!A37 -> CU20.26 | B35: ='[1]CU '!B37 -> 20" * 17" | D35: ='[1]CU '!D37 -> 3/4hp-1.5hp | E35: ='[1]CU '!E37 -> CS075-CS125 | J35: ='[1]CU '!$Q37 -> 40.983607
A36: ='[1]CU '!A38 -> CU21 | B36: ='[1]CU '!B38 -> 530W*430L | D36: ='[1]CU '!D38 -> 3/4hp | E36: ='[1]CU '!E38 -> CS075 | J36: ='[1]CU '!$Q38 -> 57.377049
A37: ='[1]CU '!A39 -> CU23 | B37: ='[1]CU '!B39 -> 600W*550L | D37: ='[1]CU '!D39 -> 2hp | E37: ='[1]CU '!E39 -> CU-22 | J37: ='[1]CU '!$Q39 -> 73.770492
A38: ='[1]CU '!A40 -> CU27 | B38: ='[1]CU '!B40 -> 650*W900L | D38: ='[1]CU '!D40 -> CS150 | E38: ='[1]CU '!E40 -> CS150-CS200 | J38: ='[1]CU '!$Q40 -> 139.34426
A39: ='[1]CU '!A41 -> CU024 | B39: ='[1]CU '!B41 -> CUB15-32 | C39: IRON BRACKET | D39: ='[1]CU '!D41 -> CU15-32QC | E39: ='[1]CU '!E41 -> 30" W * 21.5"L | J39: ='[1]CU '!$Q41 -> 81.147541
A40: ='[1]CU '!A42 -> CU025 | B40: ='[1]CU '!B42 -> CUB36 | D40: ='[1]CU '!D42 -> CU36QC | E40: ='[1]CU '!E42 -> 30" W * 23.5"L | J40: ='[1]CU '!$Q42 -> 103.27869
A41: ='[1]CU '!A43 -> CU026 | B41: ='[1]CU '!B43 -> CUB40 | D41: ='[1]CU '!D43 -> CU40QC | E41: ='[1]CU '!E43 -> 30" W * 26"L | J41: ='[1]CU '!$Q43 -> 103.27869
A42: ='[1]CU '!A44 -> CU027 | B42: ='[1]CU '!B44 -> CUB50 | D42: ='[1]CU '!D44 -> CU50QC | E42: ='[1]CU '!E44 -> 33" W* 28.5"L | J42: ='[1]CU '!$Q44 -> 162.29508
A43: ='[1]CU '!A45 -> CU028 | B43: ='[1]CU '!B45 -> CUB64B-72B | D43: ='[1]CU '!D45 -> CU64B-72BQC | E43: ='[1]CU '!E45 -> 33" W* 30"L | J43: ='[1]CU '!$Q45 -> 162.29508
A44: ='[1]CU '!A46 -> CU029 | B44: ='[1]CU '!B46 -> CUB64-72 | D44: ='[1]CU '!D46 -> CU64-72QC | E44: ='[1]CU '!E46 -> 34" W* 41"L | J44: ='[1]CU '!$Q46 -> 221.31148
A45: ='[1]CU '!A47 -> CU030 | B45: ='[1]CU '!B47 -> CUB80-100 | D45: ='[1]CU '!D47 -> CU80-100QC | E45: ='[1]CU '!E47 -> 34" W* 44"L | J45: ='[1]CU '!$Q47 -> 236.06557
A46: ='[1]CU '!A48 -> CU031 | B46: ='[1]CU '!B48 -> CUB125-160 | D46: ='[1]CU '!D48 -> CU125-160QC | E46: ='[1]CU '!E48 -> 35" W* 56.5"L | J46: ='[1]CU '!$Q48 -> 339.34426
A47: ='[1]CU '!A49 -> CU032 | B47: ='[1]CU '!B49 -> CUB200 | D47: ='[1]CU '!D49 -> CU200QC | E47: ='[1]CU '!E49 -> 42"W * 64"L | J47: ='[1]CU '!$Q49 -> 575.40984
A48: ='[1]CU '!A50 -> CU033 | B48: ='[1]CU '!B50 -> CUB250 | D48: ='[1]CU '!D50 -> CU250QC | E48: ='[1]CU '!E50 -> 45"W * 85"L | J48: ='[1]CU '!$Q50 -> 649.18033
A49: ='[1]CU '!A51 -> CU034 | B49: ='[1]CU '!B51 -> CUB300-400 | D49: ='[1]CU '!D51 -> CU300-400QC | E49: ='[1]CU '!E51 -> 50"W * 64"L | J49: ='[1]CU '!$Q51 -> 634.42623
A50: ='[1]CU '!A52 -> CU035 | B50: ='[1]CU '!B52 -> HTB3-5 | D50: ='[1]CU '!D52 -> HTC3-5 | E50: ='[1]CU '!E52 -> 36L*20W | J50: ='[1]CU '!$Q52 -> 252.45902
A51: ='[1]CU '!A53 -> CU036 | B51: ='[1]CU '!B53 -> HTB8-10 | D51: ='[1]CU '!D53 -> HTC8-10 | E51: ='[1]CU '!E53 -> 55L*26W | J51: ='[1]CU '!$Q53 -> 315.57377
... A55: ='[1]CU '!A57 -> CU040 | B55: ='[1]CU '!B57 -> HTB40L | D55: ='[1]CU '!D57 -> HTC40L | E55: ='[1]CU '!E57 -> 80L*32W | J55: ='[1]CU '!$Q57 -> 666.26402
A56: ='[1]CU '!A58 -> CU041 | B56: ='[1]CU '!B58 -> HT- 15HP | C56: HORIZONTAL TYPE RECEIVER TANK | D56: ='[1]CU '!D58 -> 15HP | E56: ='[1]CU '!E58 -> 1090mm x 159mm | F56: ='[1]CU '!F58 -> 15L(5/8") | J56: ='[1]CU '!$Q58 -> 356.94824
A57: ='[1]CU '!A59 -> CU042 | B57: ='[1]CU '!B59 -> HT- 20HP | D57: ='[1]CU '!D59 -> 20HP | E57: ='[1]CU '!E59 -> 1180mm x 159mm | F57: ='[1]CU '!F59 -> 20L(5/8") | J57: ='[1]CU '!$Q59 -> 475.93098
A58: ='[1]CU '!A60 -> CU043 | B58: ='[1]CU '!B60 -> HT- 25HP | D58: ='[1]CU '!D60 -> 25HP | E58: ='[1]CU '!E60 -> 850mm x 219mm | F58: ='[1]CU '!F60 -> 25L(7/8") | G58: ='[1]CU '!G60 -> 1286mm*165mm | J58: ='[1]CU '!$Q60 -> 684.15078
A59: ='[1]CU '!A61 -> CU044 | B59: ='[1]CU '!B61 -> HT- 30HP | D59: ='[1]CU '!D61 -> 30HP | E59: ='[1]CU '!E61 -> 900mm x 219mm | F59: ='[1]CU '!F61 -> 30L(7/8") | G59: ='[1]CU '!G61 -> 878mm*219mm | J59: ='[1]CU '!$Q61 -> 761.48957
A60: ='[1]CU '!A62 -> CU045 | B60: ='[1]CU '!B62 -> HT- 35HP | D60: ='[1]CU '!D62 -> 35HP | E60: ='[1]CU '!E62 -> 1000mm x 219mm | F60: ='[1]CU '!F62 -> 35L(7/8") | J60: ='[1]CU '!$Q62 -> 904.26886
A61: ='[1]CU '!A63 -> CU046 | B61: ='[1]CU '!B63 -> HT- 40HP | D61: ='[1]CU '!D63 -> 40HP | E61: ='[1]CU '!E63 -> 1180mm x 219mm | F61: ='[1]CU '!F63 -> 40L(1 1/8") | J61: ='[1]CU '!$Q63 -> 963.76024
A62: ='[1]CU '!A64 -> CU046.1 | B62: ='[1]CU '!B64 -> HT- 50HP | D62: ='[1]CU '!D64 -> 50HP | E62: ='[1]CU '!E64 -> 1050mm x 280mm | F62: ='[1]CU '!F64 -> 50L(1 1/8") | J62: ='[1]CU '!$Q64 -> 1100.5904
A63: ='[1]CU '!A65 -> CU046.2 | B63: ='[1]CU '!B65 -> HT-60 | D63: ='[1]CU '!D65 -> 60HP | J63: ='[1]CU '!$Q65 -> ~
A64: ='[1]CU '!A66 -> CU046.3 | B64: ='[1]CU '!B66 -> HT-80 | D64: ='[1]CU '!D66 -> 80HP | J64: ='[1]CU '!$Q66 -> 1606.4257
A65: ='[1]CU '!A67 -> CU046.4 | B65: ='[1]CU '!B67 -> HT-100 | D65: ='[1]CU '!D67 -> 100HP | J65: ='[1]CU '!$Q67 -> 1883.8992
A66: ='[1]CU '!A68 -> 0 | B66: ='[1]CU '!B68 -> HT-120 | D66: ='[1]CU '!D68 -> 120HP | J66: ='[1]CU '!$Q68 -> ~
A67: ='[1]CU '!A69 -> 0 | B67: ='[1]CU '!B69 -> HT-150 | D67: ='[1]CU '!D69 -> 150HP | J67: ='[1]CU '!$Q69 -> ~
A68: ='[1]CU '!A70 -> CU046.9 | B68: ='[1]CU '!B70 -> HT-200 | D68: ='[1]CU '!D70 -> 125HP SCREW | J68: ='[1]CU '!$Q70 -> ~
A69: ='[1]CU '!A71 -> CU047 | B69: ='[1]CU '!B71 -> CR-101-2 receiver flare type | C69: Airmender receiver tank flare type | D69: ='[1]CU '!D71 -> 1hp | E69: ='[1]CU '!E71 -> 3.35"(a) x 7.87"(b) | F69: ='[1]CU '!F71 -> 1L | H69: ='[1]CU '!H71 -> 1/4" | J69: ='[1]CU '!$Q71 -> 118.35868
A70: ='[1]CU '!A72 -> CU048 | B70: ='[1]CU '!B72 -> CR-101-3 receiver flare type | D70: ='[1]CU '!D72 -> 1.5hp | E70: ='[1]CU '!E72 -> 3.35"(a) x 7.87"(b) | F70: ='[1]CU '!F72 -> 1L | H70: ='[1]CU '!H72 -> 3/8" | J70: ='[1]CU '!$Q72 -> 118.35868
A71: ='[1]CU '!A73 -> CU049 | B71: ='[1]CU '!B73 -> CR-102 receiver flare type | D71: ='[1]CU '!D73 -> 2hp-3hp | E71: ='[1]CU '!E73 -> 5"(a) x 10.24"(b) | F71: ='[1]CU '!F73 -> 3L | H71: ='[1]CU '!H73 -> 3/8" | J71: ='[1]CU '!$Q73 -> 128.76753
A72: ='[1]CU '!A74 -> CU050 | B72: ='[1]CU '!B74 -> CR-103 receiver flare type | D72: ='[1]CU '!D74 -> 3.5hp-4hp | E72: ='[1]CU '!E74 -> 5"(a) x 11.81"(b) | F72: ='[1]CU '!F74 -> 4L | H72: ='[1]CU '!H74 -> 3/8" | J72: ='[1]CU '!$Q74 -> 132.62888
A73: ='[1]CU '!A75 -> CU051 | B73: ='[1]CU '!B75 -> CR-104 receiver flare type | D73: ='[1]CU '!D75 -> 5hp-7.5hp | E73: ='[1]CU '!E75 -> 6"(a) x 13.78"(b) | F73: ='[1]CU '!F75 -> 6L | H73: ='[1]CU '!H75 -> 1/2" | J73: ='[1]CU '!$Q75 -> 187.19139
A74: ='[1]CU '!A76 -> CU052 | B74: ='[1]CU '!B76 -> CR-105 receiver flare type | D74: ='[1]CU '!D76 -> 8.5hp-10hp | E74: ='[1]CU '!E76 -> 7"(a) x 16.15"(b) | F74: ='[1]CU '!F76 -> 10L | H74: ='[1]CU '!H76 -> 5/8" | J74: ='[1]CU '!$Q76 -> 212.70986
A75: ='[1]CU '!A77 -> CU053 | B75: ='[1]CU '!B77 -> CR-106 receiver flare type | D75: ='[1]CU '!D77 -> 12hp | E75: ='[1]CU '!E77 -> 8"(a) x 14.96"(b) | F75: ='[1]CU '!F77 -> 12L | H75: ='[1]CU '!H77 -> 5/8" | J75: ='[1]CU '!$Q77 -> 299.59016
A76: ='[1]CU '!A78 -> CU054 | B76: ='[1]CU '!B78 -> CR-107 receiver flare type | D76: ='[1]CU '!D78 -> 15hp | E76: ='[1]CU '!E78 -> 9"(a) x 15.74"(b) | F76: ='[1]CU '!F78 -> 16L | H76: ='[1]CU '!H78 -> 5/8" | J76: ='[1]CU '!$Q78 -> 435.66068
A77: ='[1]CU '!A79 -> CU055 | B77: ='[1]CU '!B79 -> CR-108 receiver flare type | D77: ='[1]CU '!D79 -> 20hp | E77: ='[1]CU '!E79 -> 0 | F77: ='[1]CU '!F79 -> 20L | H77: ='[1]CU '!H79 -> 5/8" | J77: ='[1]CU '!$Q79 -> 442.62789
A78: ='[1]CU '!A80 -> CU055.1 | B78: ='[1]CU '!B80 -> RT-1 receiver welding type | C78: Receiver tank welding type | D78: ='[1]CU '!D80 -> 1hp | E78: ='[1]CU '!E80 -> cs165 | F78: ='[1]CU '!F80 -> 1L | H78: ='[1]CU '!H80 -> 1/4" | J78: ='[1]CU '!$Q80 -> 52.785072
A79: ='[1]CU '!A81 -> CU055.2 | B79: ='[1]CU '!B81 -> RT-2 receiver welding type | D79: ='[1]CU '!D81 -> 1.5hp-2hp | E79: ='[1]CU '!E81 -> cu15-22 | F79: ='[1]CU '!F81 -> 2l | H79: ='[1]CU '!H81 -> 3/8" | J79: ='[1]CU '!$Q81 -> 60.702833
A80: ='[1]CU '!A82 -> CU055.3 | B80: ='[1]CU '!B82 -> RT-3 receiver welding type | D80: ='[1]CU '!D82 -> 2.5hp-3hp | E80: ='[1]CU '!E82 -> cu32-36 | F80: ='[1]CU '!F82 -> 3l | H80: ='[1]CU '!H82 -> 3/8" | J80: ='[1]CU '!$Q82 -> 76.538355
A81: ='[1]CU '!A83 -> CU055.4 | B81: ='[1]CU '!B83 -> RT-4 receiver welding type | D81: ='[1]CU '!D83 -> 3.5hp-4hp | E81: ='[1]CU '!E83 -> cu40-50 | F81: ='[1]CU '!F83 -> 4l | H81: ='[1]CU '!H83 -> 3/8" | J81: ='[1]CU '!$Q83 -> 84.456116
A82: ='[1]CU '!A84 -> CU055.5 | B82: ='[1]CU '!B84 -> RT-6 receiver welding type | D82: ='[1]CU '!D84 -> 5hp | E82: ='[1]CU '!E84 -> cu64 | F82: ='[1]CU '!F84 -> 6l | H82: ='[1]CU '!H84 -> 1/2" | J82: ='[1]CU '!$Q84 -> 95.01313
A83: ='[1]CU '!A85 -> CU055.6 | B83: ='[1]CU '!B85 -> RT-8 receiver welding type | D83: ='[1]CU '!D85 -> 6hp | E83: ='[1]CU '!E85 -> cu72-90 | F83: ='[1]CU '!F85 -> 8l | H83: ='[1]CU '!H85 -> 1/2" | J83: ='[1]CU '!$Q85 -> 116.12716
A84: ='[1]CU '!A86 -> CU055.7 | B84: ='[1]CU '!B86 -> RT-10 receiver welding type | D84: ='[1]CU '!D86 -> 8hp | E84: ='[1]CU '!E86 -> cu100-125 | F84: ='[1]CU '!F86 -> 10l | H84: ='[1]CU '!H86 -> 5/8" | J84: ='[1]CU '!$Q86 -> 137.24119
A85: ='[1]CU '!A87 -> CU055.8 | B85: ='[1]CU '!B87 -> RT-12 receiver welding type | D85: ='[1]CU '!D87 -> 10hp | E85: ='[1]CU '!E87 -> cu144 | F85: ='[1]CU '!F87 -> 12l | H85: ='[1]CU '!H87 -> 5/8" | J85: ='[1]CU '!$Q87 -> 158.35522
A86: ='[1]CU '!A88 -> CU055.9 | B86: ='[1]CU '!B88 -> RT-14 receiver welding type | D86: ='[1]CU '!D88 -> 12hp | E86: ='[1]CU '!E88 -> cu160 | F86: ='[1]CU '!F88 -> 14l | H86: ='[1]CU '!H88 -> 5/8" | J86: ='[1]CU '!$Q88 -> 166.27298
A87: ='[1]CU '!A89 -> CU055.10 | B87: ='[1]CU '!B89 -> SCL-5-3 receiver tank | D87: ='[1]CU '!D89 -> 6hp | E87: ='[1]CU '!E89 -> 0 | F87: ='[1]CU '!F89 -> 8l | J87: ='[1]CU '!$Q89 -> 130.64305
A88: ='[1]CU '!A90 -> CU055.11 | B88: ='[1]CU '!B90 -> SCL-10-4 receiver tank | D88: ='[1]CU '!D90 -> 8-12hp | E88: ='[1]CU '!E90 -> 0 | F88: ='[1]CU '!F90 -> 12l | J88: ='[1]CU '!$Q90 -> 201.9029
A89: ='[1]CU '!A91 -> CU055.12 | B89: ='[1]CU '!B91 -> SCL-15-4 receiver tank | D89: ='[1]CU '!D91 -> 15hp | E89: ='[1]CU '!E91 -> 0 | F89: ='[1]CU '!F91 -> 16l | J89: ='[1]CU '!$Q91 -> 321.16417
A90: ='[1]CU '!A92 -> CU055.13 | B90: ='[1]CU '!B92 -> SCL-20-3 receiver tank | D90: ='[1]CU '!D92 -> 20hp | E90: ='[1]CU '!E92 -> 0 | F90: ='[1]CU '!F92 -> 20l | J90: ='[1]CU '!$Q92 -> 423.66158
A91: ='[1]CU '!A93 -> CU055.18 | B91: ='[1]CU '!B93 -> L-29L (7/8" * 7/8") | C91: VERTICAL TYPE RECEIVER TANK | D91: ='[1]CU '!D93 -> 30hp | E91: ='[1]CU '!E93 -> 30L,with two valves,with sight glass | F91: ='[1]CU '!F93 -> 30L | G91: ='[1]CU '!G93 -> 8 | J91: ='[1]CU '!$Q93 -> 1149.175
A92: ='[1]CU '!A94 -> CU056 | B92: ='[1]CU '!B94 -> L-40L (1 1/8" * 1 1/8") | D92: ='[1]CU '!D94 -> 40hp | E92: ='[1]CU '!E94 -> 40L,with two valves,with sight glass | F92: ='[1]CU '!F94 -> 40L | G92: ='[1]CU '!G94 -> 0 | J92: ='[1]CU '!$Q94 -> 1245.9476
A93: ='[1]CU '!A95 -> CU057 | B93: ='[1]CU '!B95 -> L-60L (1 3/8" * 1 1/8") | D93: ='[1]CU '!D95 -> 60hp | E93: ='[1]CU '!E95 -> 60L,with two valves,with sight glass | F93: ='[1]CU '!F95 -> 60L | G93: ='[1]CU '!G95 -> 3 | J93: ='[1]CU '!$Q95 -> 1693.5211
A94: ='[1]CU '!A96 -> CU058 | B94: ='[1]CU '!B96 -> L-80L (1 5/8" * 1 3/8") | D94: ='[1]CU '!D96 -> 80hp | E94: ='[1]CU '!E96 -> 80L,with two valves,with sight glass | F94: ='[1]CU '!F96 -> 80L | G94: ='[1]CU '!G96 -> 0 | J94: ='[1]CU '!$Q96 -> 1923.3561
A95: ='[1]CU '!A97 -> CU059 | B95: ='[1]CU '!B97 -> L-100L (1 5/8" * 1 3/8") | D95: ='[1]CU '!D97 -> 100hp | E95: ='[1]CU '!E97 -> 100L,with two valves,with sight glass | F95: ='[1]CU '!F97 -> 100L | G95: ='[1]CU '!G97 -> 0 | J95: ='[1]CU '!$Q97 -> 2189.4808
A96: ='[1]CU '!A98 -> CU060-1 | B96: ='[1]CU '!B98 -> L-120L (1 5/8" * 1 3/8") | D96: ='[1]CU '!D98 -> 120hp | E96: ='[1]CU '!E98 -> 120L,with two valves,with sight glass | F96: ='[1]CU '!F98 -> 120L | G96: ='[1]CU '!G98 -> 0 | J96: ='[1]CU '!$Q98 -> 2407.2192
A97: ='[1]CU '!A99 -> CU061 | B97: ='[1]CU '!B99 -> L-150L (2 1/8" * 1 5/8") | D97: ='[1]CU '!D99 -> 150hp | E97: ='[1]CU '!E99 -> 150L,with two valves,with sight glass | F97: ='[1]CU '!F99 -> 150L | G97: ='[1]CU '!G99 -> 0 | J97: ='[1]CU '!$Q99 -> 3157.2071
A98: ='[1]CU '!A100 -> 0 | B98: ='[1]CU '!B100 -> L-180L (2 1/8" * 1 5/8") | D98: ='[1]CU '!D100 -> 180HP | E98: ='[1]CU '!E100 -> 180L,with two valves,with sight glass | F98: ='[1]CU '!F100 -> 180L | G98: ='[1]CU '!G100 -> 0 | J98: ='[1]CU '!$Q100 -> 4924.1968
A99: ='[1]CU '!A101 -> 0 | B99: ='[1]CU '!B101 -> L-200L (2 5/8" * 2 1/8") | D99: ='[1]CU '!D101 -> 200hp | E99: ='[1]CU '!E101 -> 200L,with two valves,with sight glass | F99: ='[1]CU '!F101 -> 200L | G99: ='[1]CU '!G101 -> 0 | J99: ='[1]CU '!$Q101 -> 4710.8434
A100: ='[1]CU '!A102 -> 0 | B100: ='[1]CU '!B102 -> L-250L (2 5/8" * 2 1/8") | D100: ='[1]CU '!D102 -> 250hp | E100: ='[1]CU '!E102 -> 250L,with two valves,with sight glass | F100: ='[1]CU '!F102 -> 250L | G100: ='[1]CU '!G102 -> 0 | J100: ='[1]CU '!$Q102 -> 5845.8835
A101: ='[1]CU '!A103 -> 0 | B101: ='[1]CU '!B103 -> L-300L (3 1/8" * 2 5/8") | D101: ='[1]CU '!D103 -> 300hp | E101: ='[1]CU '!E103 -> 300L,with two valves,with sight glass | F101: ='[1]CU '!F103 -> 300L | G101: ='[1]CU '!G103 -> 0 | J101: ='[1]CU '!$Q103 -> 7424.6988
A102: ='[1]CU '!A104 -> CU062 | B102: ='[1]CU '!B104 -> HTC-3 | C102: WATER COOLED CONDENSER | D102: ='[1]CU '!D104 -> 3hp | E102: ='[1]CU '!E104 -> 800*159D | F102: ='[1]CU '!F104 -> 2DES2Y | G102: ='[1]CU '!G104 -> 0 | J102: ='[1]CU '!$Q104 -> 1154.1326
A103: ='[1]CU '!A105 -> CU063 | B103: ='[1]CU '!B105 -> HTC-4 | D103: ='[1]CU '!D105 -> 4hp | E103: ='[1]CU '!E105 -> 800*159D | F103: ='[1]CU '!F105 -> 4CES3Y | G103: ='[1]CU '!G105 -> 0 | J103: ='[1]CU '!$Q105 -> 1499.1826
A104: ='[1]CU '!A106 -> CU064 | B104: ='[1]CU '!B106 -> HTC-5 | D104: ='[1]CU '!D106 -> 5hp | E104: ='[1]CU '!E106 -> 930*219D | F104: ='[1]CU '!F106 -> 4EES4Y | G104: ='[1]CU '!G106 -> 0 | J104: ='[1]CU '!$Q106 -> 1546.7757
A105: ='[1]CU '!A107 -> CU064.1 | B105: ='[1]CU '!B107 -> HTC-6 | D105: ='[1]CU '!D107 -> 6hp | E105: ='[1]CU '!E107 -> 1080*165D | F105: ='[1]CU '!F107 -> 4DES5Y | G105: ='[1]CU '!G107 -> 0 | J105: ='[1]CU '!$Q107 -> 1796.6395
A106: ='[1]CU '!A108 -> CU065 | B106: ='[1]CU '!B108 -> HTC-8 | D106: ='[1]CU '!D108 -> 8hp | E106: ='[1]CU '!E108 -> 980*219D | F106: ='[1]CU '!F108 -> 4CES6Y | G106: ='[1]CU '!G108 -> 0 | J106: ='[1]CU '!$Q108 -> 2094.0963
A107: ='[1]CU '!A109 -> CU066 | B107: ='[1]CU '!B109 -> HTC-10 | D107: ='[1]CU '!D109 -> 10hp | E107: ='[1]CU '!E109 -> 1080*219D | F107: ='[1]CU '!F109 -> 4TES9Y | G107: ='[1]CU '!G109 -> 0 | J107: ='[1]CU '!$Q109 -> 2617.6204
A108: ='[1]CU '!A110 -> CU067 | B108: ='[1]CU '!B110 -> HTC-12 | D108: ='[1]CU '!D110 -> 12.5hp | E108: ='[1]CU '!E110 -> 1280*219D | F108: ='[1]CU '!F110 -> 4PES12Y | G108: ='[1]CU '!G110 -> 0 | J108: ='[1]CU '!$Q110 -> 2891.2807
A109: ='[1]CU '!A111 -> CU068 | B109: ='[1]CU '!B111 -> HTC-15 | D109: ='[1]CU '!D111 -> 15hp | E109: ='[1]CU '!E111 -> 1220*219D | F109: ='[1]CU '!F111 -> 4JE13Y | G109: ='[1]CU '!G111 -> 0 | J109: ='[1]CU '!$Q111 -> 3289.8729
A110: ='[1]CU '!A112 -> CU069 | B110: ='[1]CU '!B112 -> HTC-20 | D110: ='[1]CU '!D112 -> 20hp | E110: ='[1]CU '!E112 -> 1430*219D | F110: ='[1]CU '!F112 -> 4HE18Y | G110: ='[1]CU '!G112 -> 0 | J110: ='[1]CU '!$Q112 -> 3724.1599
A111: ='[1]CU '!A113 -> CU070 | B111: ='[1]CU '!B113 -> HTC-25 | D111: ='[1]CU '!D113 -> 25hp | E111: ='[1]CU '!E113 -> 1430*273D | F111: ='[1]CU '!F113 -> 4GE23Y | G111: ='[1]CU '!G113 -> 0 | J111: ='[1]CU '!$Q113 -> 4509.446
A112: ='[1]CU '!A114 -> CU070.1 | B112: ='[1]CU '!B114 -> HTC-28 | D112: ='[1]CU '!D114 -> 28hp | E112: ='[1]CU '!E114 -> 1620*273D | F112: ='[1]CU '!F114 -> 6HE28Y | G112: ='[1]CU '!G114 -> 0 | J112: ='[1]CU '!$Q114 -> 5080.5632
A113: ='[1]CU '!A115 -> CU071 | B113: ='[1]CU '!B115 -> HTC-30 | D113: ='[1]CU '!D115 -> 30hp | E113: ='[1]CU '!E115 -> 1620*273D | F113: ='[1]CU '!F115 -> 6HE28Y | G113: ='[1]CU '!G115 -> 0 | J113: ='[1]CU '!$Q115 -> 5538.6468
A114: ='[1]CU '!A116 -> CU072 | B114: ='[1]CU '!B116 -> HTC-35 | D114: ='[1]CU '!D116 -> 35hp | E114: ='[1]CU '!E116 -> 1620*273D | F114: ='[1]CU '!F116 -> 6GE34Y/S6F30.2Y | G114: ='[1]CU '!G116 -> 0 | J114: ='[1]CU '!$Q116 -> 6555.9493
... A124: ='[1]CU '!A126 -> CU076.3 | B124: ='[1]CU '!B126 -> HTC-120 | D124: ='[1]CU '!D126 -> 120HP | E124: ='[1]CU '!E126 -> 2880*377D | F124: ='[1]CU '!F126 -> SW3L11500 | G124: ='[1]CU '!G126 -> 0 | J124: ='[1]CU '!$Q126 -> 20821.98
A125: ='[1]CU '!A142 -> CU077 | B125: ='[1]CU '!B142 -> CS025 | C125: COMERCIAL REFRIGERATOR CONDENSER COIL | D125: ='[1]CU '!D142 -> 1/4hp | E125: ='[1]CU '!E142 -> 8 X 9 X 2R | F125: ='[1]CU '!F142 -> φ200 BLADE 28° | G125: ='[1]CU '!G142 -> 5watts | J125: ='[1]CU '!$Q142 -> 46.403271
A126: ='[1]CU '!A143 -> CU078 | B126: ='[1]CU '!B143 -> CS030 | D126: ='[1]CU '!D143 -> 1/3hp | E126: ='[1]CU '!E143 -> 9 X 9 X 3R | F126: ='[1]CU '!F143 -> φ200 BLADE 28° | G126: ='[1]CU '!G143 -> 10watts | J126: ='[1]CU '!$Q143 -> 94.948231
A127: ='[1]CU '!A144 -> CU079 | B127: ='[1]CU '!B144 -> CS033 (10 u) | D127: ='[1]CU '!D144 -> 1/3hp | E127: ='[1]CU '!E144 -> 10 X 11 X 2R | F127: ='[1]CU '!F144 -> φ250 BLADE 22° | G127: ='[1]CU '!G144 -> 10watts | J127: ='[1]CU '!$Q144 -> 132.07085
A128: ='[1]CU '!A145 -> CU080 | B128: ='[1]CU '!B145 -> CS050 (15 u) | D128: ='[1]CU '!D145 -> 1/2hp | E128: ='[1]CU '!E145 -> 10 X 11 X 3R | F128: ='[1]CU '!F145 -> φ250 BLADE 22° | G128: ='[1]CU '!G145 -> 10watts | J128: ='[1]CU '!$Q145 -> 143.96912
...

Sheet quickool 
A1: WELLER AIR-COND PARTS ENTERPRISE SDN BHD (613386-K) www.weller.com.my
A2: No. 9, Jalan Kuari, Kampung Cheras Baru, 56100 Kuala Lumpur.
A3: Tel: 03-42800331 Fax: 03-42953202 H/P:016-6666331
A4: TO :OUR VALUE DEALER
A5: FROM:LEONG
A6: ='[1]aluminium plate'!A6 -> DATE :5.12.25
A7: USD RATE : | B7: ='[1]Small comp'!B5 -> 4.25 | I7: =[1]Quickool!O7 -> 0
I8: =[1]Quickool!P8 -> Warrantly 1year on parts only
A9: =[1]Quickool!A9 -> ITEM CODE | B9: =[1]Quickool!B9 -> MODEL | C9: Dimension | D9: System | E9: =[1]Quickool!E9 -> cond unit model | F9: =[1]Quickool!G9 -> fan sets | G9: =[1]Quickool!H9 -> cappillary tube | H9: =[1]Quickool!$J9 -> blower | I9: =[1]Quickool!P9 -> (RM) | J9: PIC
A10: =[1]Quickool!A10 -> CAB001 | B10: =[1]Quickool!B10 -> Mini 2 Door cabinet c/w 1/3hp cond unit | C10: =[1]Quickool!C10 -> 760*585*1830 | D10: Piping system -18c ~ 0c | E10: =[1]Quickool!E10 -> KK270CZ1 cw cs030 | F10: =[1]Quickool!G10 -> 10watts | G10: =[1]Quickool!H10 -> 0.049*54" (0.4kg) | H10: =[1]Quickool!$J10 -> ~ | I10: =[1]Quickool!P10 -> 2742.0957
A11: =[1]Quickool!A11 -> CAB002 | B11: =[1]Quickool!B11 -> 2 Door cabinet c/w 3/8hp cond unit R134 | C11: =[1]Quickool!C11 -> 840*685*2080 | E11: =[1]Quickool!E11 -> K325CZ1 cs033 | F11: =[1]Quickool!G11 -> 10watts | G11: =[1]Quickool!H11 -> 0.049*54" | H11: =[1]Quickool!$J11 -> ~ | I11: =[1]Quickool!P11 -> 3457.4751
A12: =[1]Quickool!A12 -> CAB003 | B12: =[1]Quickool!B12 -> 4 Door cabinet c/w 1/2hp cond unit R134 | C12: =[1]Quickool!C12 -> 1300*685*2080 | E12: =[1]Quickool!E12 -> K400CZ1 cw cs060 | F12: =[1]Quickool!G12 -> 16watts | G12: =[1]Quickool!H12 -> 0.042*52" (0.8kg) | H12: =[1]Quickool!$J12 -> ~ | I12: =[1]Quickool!P12 -> 4318.8594
A13: =[1]Quickool!A13 -> CAB004 | B13: =[1]Quickool!B13 -> 6 Door cabinet c/w 5/8hp cond unit R404 | C13: =[1]Quickool!C13 -> 1930*685*2080 | E13: =[1]Quickool!E13 -> ne2178ck,mpt16la cw cs075 | F13: =[1]Quickool!G13 -> 18watts cw hi/lo switch | G13: =[1]Quickool!H13 -> 0.055*60" | H13: =[1]Quickool!$J13 -> ~ | I13: =[1]Quickool!P13 -> 5625.0303
A14: =[1]Quickool!A14 -> CAB005 | B14: =[1]Quickool!B14 -> 6 Door cabinet c/w 3/4hp cond unit R404 | C14: =[1]Quickool!C14 -> 1930*685*2080 | E14: =[1]Quickool!E14 -> ne2180ck,mpt18la cw cs075 | F14: =[1]Quickool!G14 -> 25watts cw hi/lo switch | G14: =[1]Quickool!H14 -> 0.055*60" (0.9kg) | H14: =[1]Quickool!$J14 -> ~ | I14: =[1]Quickool!P14 -> 5701.2145
A15: =[1]Quickool!A15 -> CAB006 | B15: =[1]Quickool!B15 -> 2 Door cabinet full piping (8rack 32ice)c/w ice tray | C15: =[1]Quickool!C15 -> 840*685*2080 | E15: =[1]Quickool!E15 -> Nct2195ck cw cs145 | F15: =[1]Quickool!G15 -> 0 | G15: =[1]Quickool!H15 -> 0 | H15: =[1]Quickool!$J15 -> ~ | I15: =[1]Quickool!P15 -> 5850.6068
A16: =[1]Quickool!A16 -> CAB007 | B16: =[1]Quickool!B16 -> 2 Door cabinet full piping (10rack 40ice)c/w ice tray | C16: =[1]Quickool!C16 -> 840*685*2080 | E16: =[1]Quickool!E16 -> Nct2195ck cw cs145 | F16: =[1]Quickool!G16 -> 0 | G16: =[1]Quickool!H16 -> 0 | H16: =[1]Quickool!$J16 -> ~ | I16: =[1]Quickool!P16 -> 6417.4702
A17: =[1]Quickool!A17 -> CAB008 | B17: =[1]Quickool!B17 -> 4 Door cabinet full piping (10rack 60ice)c/w ice tray | C17: =[1]Quickool!C17 -> 1300*685*2080 | E17: =[1]Quickool!E17 -> 2 x Nct2195ck cw cs145 | F17: =[1]Quickool!G17 -> 0 | G17: =[1]Quickool!H17 -> 0 | H17: =[1]Quickool!$J17 -> ~ | I17: =[1]Quickool!P17 -> 10102.379
A18: =[1]Quickool!A18 -> CAB009 | B18: =[1]Quickool!B18 -> 6 Door cabinet full piping (10rack 100ice)c/w ice tray | C18: =[1]Quickool!C18 -> 1930*685*2080 | E18: =[1]Quickool!E18 -> 2 x Nct2212ck cw cs170 | F18: =[1]Quickool!G18 -> 0 | G18: =[1]Quickool!H18 -> 0 | H18: =[1]Quickool!$J18 -> ~ | I18: =[1]Quickool!P18 -> 12902.007
A19: =[1]Quickool!A19 -> CAB010 | B19: =[1]Quickool!B19 -> 2 Door chiller c/w 1/3hp cond unit R134 | C19: =[1]Quickool!C19 -> 710*760*2060 | D19: Chiller 0 ~ 5c blower system | E19: =[1]Quickool!E19 -> KK270CZ1 cw cs030 | F19: =[1]Quickool!G19 -> 0 | G19: =[1]Quickool!H19 -> 0 | H19: =[1]Quickool!$J19 -> 5 X 14 X 4R | I19: =[1]Quickool!P19 -> 3033.0306
A20: =[1]Quickool!A20 -> CAB011 | B20: =[1]Quickool!B20 -> 4 Door chiller c/w 1/2hp cond unit R134 | C20: =[1]Quickool!C20 -> 1300*760*2060 | E20: =[1]Quickool!E20 -> KK375CZ1 cw cs050 | F20: =[1]Quickool!G20 -> 0 | G20: =[1]Quickool!H20 -> 0 | H20: =[1]Quickool!$J20 -> 5 X 20 X 4R | I20: =[1]Quickool!P20 -> 3847.3826
A21: =[1]Quickool!A21 -> CAB012 | B21: =[1]Quickool!B21 -> 6 Door chiller c/w 1/2hp (B) cond unit R134 | C21: =[1]Quickool!C21 -> 1930*760*2060 | E21: =[1]Quickool!E21 -> K400CZ1 cw cs060 | F21: =[1]Quickool!G21 -> 0 | G21: =[1]Quickool!H21 -> 0 | H21: =[1]Quickool!$J21 -> 5 X 33 X 4R | I21: =[1]Quickool!P21 -> 4872.7513
A22: =[1]Quickool!A22 -> CAB013 | B22: =[1]Quickool!B22 -> 2 Door frezzer c/w 1/3hp cond unit R404 | C22: =[1]Quickool!C22 -> 710*760*2060 | D22: Frezzer 0c ~ -10c blower system | E22: =[1]Quickool!E22 -> NE2150 cw cs050 | F22: =[1]Quickool!G22 -> 0 | G22: =[1]Quickool!H22 -> 0 | H22: =[1]Quickool!$J22 -> UC100 | I22: =[1]Quickool!P22 -> 3571.793
A23: =[1]Quickool!A23 -> CAB014 | B23: =[1]Quickool!B23 -> 4 Door frezzer c/w 3/4hp cond unit R404 | C23: =[1]Quickool!C23 -> 1300*760*2060 | E23: =[1]Quickool!E23 -> Mpt18 cw cs075 | F23: =[1]Quickool!G23 -> 0 | G23: =[1]Quickool!H23 -> 0 | H23: =[1]Quickool!$J23 -> UC150 | I23: =[1]Quickool!P23 -> 4601.8582
A24: =[1]Quickool!A24 -> CAB015 | B24: =[1]Quickool!B24 -> 6 Door frezzer c/w 1hp cond unit R404 | C24: =[1]Quickool!C24 -> 1930*760*2060 | E24: =[1]Quickool!E24 -> Nct2195ck cw cs145 | F24: =[1]Quickool!G24 -> 0 | G24: =[1]Quickool!H24 -> 0 | H24: =[1]Quickool!$J24 -> UC200 | I24: =[1]Quickool!P24 -> 6073.9941
A25: =[1]Quickool!A25 -> CAB016 | B25: =[1]Quickool!B25 -> 2 Door frezzer c/w 1/2hp cond unit R404 | C25: =[1]Quickool!C25 -> 710*760*2060 | D25: Frezzer -10c ~ -25c blower system | E25: =[1]Quickool!E25 -> Mpt18 cw cs075 | F25: =[1]Quickool!G25 -> 0 | G25: =[1]Quickool!H25 -> 0 | H25: =[1]Quickool!$J25 -> UC100 | I25: =[1]Quickool!P25 -> 3750.1277
A26: =[1]Quickool!A26 -> CAB017 | B26: =[1]Quickool!B26 -> 4 Door frezzer c/w 1hp cond unit R404 | C26: =[1]Quickool!C26 -> 1300*760*2060 | E26: =[1]Quickool!E26 -> Nct2195ck cw cs145 | F26: =[1]Quickool!G26 -> 0 | G26: =[1]Quickool!H26 -> 0 | H26: =[1]Quickool!$J26 -> UC200 | I26: =[1]Quickool!P26 -> 5189.3622
A27: =[1]Quickool!A27 -> CAB018 | B27: =[1]Quickool!B27 -> 6 Door frezzer c/w 1.5hp cond unit R404 | C27: =[1]Quickool!C27 -> 1930*760*2060 | E27: =[1]Quickool!E27 -> Nct2212ck cw cs170 | F27: =[1]Quickool!G27 -> 0 | G27: =[1]Quickool!H27 -> 0 | H27: =[1]Quickool!$J27 -> UC300 | I27: =[1]Quickool!P27 -> 6609.9776
A28: =[1]Quickool!A28 -> CAB019 | B28: =[1]Quickool!B28 -> 1.2m counter chiller (4ft) 1/4hp R134 | C28: =[1]Quickool!C28 -> 1200*750*840 | D28: Chiller 0 ~ 5c blower system | E28: =[1]Quickool!E28 -> KK270CZ1 cw cs039 | F28: =[1]Quickool!G28 -> 0 | G28: =[1]Quickool!H28 -> 0 | H28: =[1]Quickool!$J28 -> 8*11*3R | I28: =[1]Quickool!P28 -> 2654.8061
A29: =[1]Quickool!A29 -> CAB020 | B29: =[1]Quickool!B29 -> 1.5m counter chiller (5ft) 1/3hp R134 | C29: =[1]Quickool!C29 -> 1500*750*840 | E29: =[1]Quickool!E29 -> KK270CZ1 cw cs039 | F29: =[1]Quickool!G29 -> 0 | G29: =[1]Quickool!H29 -> 0 | H29: =[1]Quickool!$J29 -> 8*11*3R | I29: =[1]Quickool!P29 -> 2862.9201
A30: =[1]Quickool!A30 -> CAB021 | B30: =[1]Quickool!B30 -> 1.8m counter chiller (6ft) 3/8hp R134 | C30: =[1]Quickool!C30 -> 1800*750*840 | E30: =[1]Quickool!E30 -> K325CZ1 cs054 | F30: =[1]Quickool!G30 -> 0 | G30: =[1]Quickool!H30 -> 0 | H30: =[1]Quickool!$J30 -> 12*11*3R | I30: =[1]Quickool!P30 -> 3136.0323
A31: =[1]Quickool!A31 -> CAB022 | B31: =[1]Quickool!B31 -> 2.1m counter chiller (7ft) 1/2hp R134 | C31: =[1]Quickool!C31 -> 2100*750*840 | E31: =[1]Quickool!E31 -> KK375CZ1 cw cs054 | F31: =[1]Quickool!G31 -> 0 | G31: =[1]Quickool!H31 -> 0 | H31: =[1]Quickool!$J31 -> 12*11*3R | I31: =[1]Quickool!P31 -> 3477.0982
A32: =[1]Quickool!A32 -> CAB023 | B32: =[1]Quickool!B32 -> 1.2m counter frezzer (4ft) 1/2hp R134 | C32: =[1]Quickool!C32 -> 1200*750*840 | D32: Frezzer -25c ~ -10c blower system | E32: =[1]Quickool!E32 -> KK375CZ1 cw cs054 | F32: =[1]Quickool!G32 -> 0 | G32: =[1]Quickool!H32 -> 0 | H32: =[1]Quickool!$J32 -> 12*11*3R | I32: =[1]Quickool!P32 -> 2748.8403
A33: =[1]Quickool!A33 -> CAB024 | B33: =[1]Quickool!B33 -> 1.5m counter frezzer (5ft) 1/2hp R134 | C33: =[1]Quickool!C33 -> 1500*750*840 | E33: =[1]Quickool!E33 -> K400CZ1 cw cs066 axial | F33: =[1]Quickool!G33 -> 0 | G33: =[1]Quickool!H33 -> 0 | H33: =[1]Quickool!$J33 -> 12*11*3R | I33: =[1]Quickool!P33 -> 2994.9966
A34: =[1]Quickool!A34 -> CAB025 | B34: =[1]Quickool!B34 -> 1.8m counter frezzer (6ft) 1/2hp R404 | C34: =[1]Quickool!C34 -> 1800*750*840 | E34: =[1]Quickool!E34 -> ne2170ck cw066 axial | F34: =[1]Quickool!G34 -> 0 | G34: =[1]Quickool!H34 -> 0 | H34: =[1]Quickool!$J34 -> 12 x 13 x 3R (330) | I34: =[1]Quickool!P34 -> 3432.2565
A35: =[1]Quickool!A35 -> CAB026 | B35: =[1]Quickool!B35 -> 2.1m counter frezzer (7ft) 5/8hp R404 | C35: =[1]Quickool!C35 -> 2100*750*840 | E35: =[1]Quickool!E35 -> mpt16la cw cs083 axial | F35: =[1]Quickool!G35 -> 0 | G35: =[1]Quickool!H35 -> 0 | H35: =[1]Quickool!$J35 -> 12 x 13 x 3R (330) | I35: =[1]Quickool!P35 -> 3869.5849
A36: =[1]Quickool!A36 -> CAB027 | B36: =[1]Quickool!B36 -> 1 Glass Door chiller c/w 1/3hp cond unit R134 | C36: =[1]Quickool!C36 -> 610*760*2030 | D36: Chiller 0 ~ 5c blower system | E36: =[1]Quickool!E36 -> KK270CZ1 cw cs030 | F36: =[1]Quickool!G36 -> 0 | G36: =[1]Quickool!H36 -> 418.6435 | H36: =[1]Quickool!$J36 -> 5 X 14 X 4R | I36: =[1]Quickool!P36 -> 2605.605
A37: =[1]Quickool!A37 -> CAB028 | B37: =[1]Quickool!B37 -> 2 Glass Door chiller c/w 1/2hp cond unit R134 | C37: =[1]Quickool!C37 -> 1215*760*2030 | E37: =[1]Quickool!E37 -> KK375CZ1 cw cs050 | F37: =[1]Quickool!G37 -> 0 | G37: =[1]Quickool!H37 -> 0 | H37: =[1]Quickool!$J37 -> 5 X 20 X 4R | I37: =[1]Quickool!P37 -> 3452.6641
A38: =[1]Quickool!A38 -> CAB029 | B38: =[1]Quickool!B38 -> 3 Glass Door chiller c/w 1/2hp B cond unit R134 | C38: =[1]Quickool!C38 -> 1810*760*2030 | E38: =[1]Quickool!E38 -> K400CZ1 cw cs060 | F38: =[1]Quickool!G38 -> 0 | G38: =[1]Quickool!H38 -> 0 | H38: =[1]Quickool!$J38 -> 5 X 33 X 4R | I38: =[1]Quickool!P38 -> 4464.3583
A39: =[1]Quickool!A39 -> CAB030 | B39: =[1]Quickool!B39 -> 1 Glass Door Frezzer c/w 5/8hp cond unit R404 | C39: =[1]Quickool!C39 -> 610*760*2030 | D39: Frezzer -10c ~ -25c blower system | E39: =[1]Quickool!E39 -> ne2178ck,mpt16la cw cs075 | F39: =[1]Quickool!G39 -> 0 | G39: =[1]Quickool!H39 -> 0 | H39: =[1]Quickool!$J39 -> UC100 | I39: =[1]Quickool!P39 -> 3334.5176
A40: =[1]Quickool!A40 -> CAB031 | B40: =[1]Quickool!B40 -> 2 Glass Door Frezzer c/w 1hp cond unit R404 | C40: =[1]Quickool!C40 -> 1215*760*2030 | E40: =[1]Quickool!E40 -> Nct2195ck cw cs145 axial | F40: =[1]Quickool!G40 -> 0 | G40: =[1]Quickool!H40 -> 0 | H40: =[1]Quickool!$J40 -> UC200 | I40: =[1]Quickool!P40 -> 5031.7161
A41: =[1]Quickool!A41 -> CAB032 | B41: =[1]Quickool!B41 -> 3 Glass Door Frezzer c/w 1 1/2hp cond unit R404 | C41: =[1]Quickool!C41 -> 1810*760*2030 | E41: =[1]Quickool!E41 -> Nct2212ck cw cs170 axial | F41: =[1]Quickool!G41 -> 0 | G41: =[1]Quickool!H41 -> 0 | H41: =[1]Quickool!$J41 -> UC300 | I41: =[1]Quickool!P41 -> 6530.9733
A42: =[1]Quickool!A42 -> CAB033 | B42: =[1]Quickool!B42 -> 398L Chest frezzer (300L) internal s/steel | F42: =[1]Quickool!G42 -> 46000 | I42: =[1]Quickool!P42 -> 1413.2945
A43: =[1]Quickool!A43 -> CAB034 | B43: =[1]Quickool!B43 -> 498L Chest frezzer (400L) internal s/steel | I43: =[1]Quickool!P43 -> 1550.5075
A44: =[1]Quickool!A44 -> CAB035 | B44: =[1]Quickool!B44 -> 598L Chest frezzer (500L) internal s/steel | I44: =[1]Quickool!P44 -> 1687.7206
A45: =[1]Quickool!A45 -> CAB036 | B45: =[1]Quickool!B45 -> 798L Chest frezzer (700L) internal s/steel | I45: =[1]Quickool!P45 -> 2167.9663
A46: =[1]Quickool!A46 -> CAB037 | B46: =[1]Quickool!B46 -> 1088L Chest frezzer (1000L) internal s/steel | I46: =[1]Quickool!P46 -> 2442.3924
A52: =[1]Quickool!A52 -> CAB043 | B52: =[1]Quickool!B52 -> 3 Glass Door Frezzer c/w 1 1/2hp cond unit R404 | C52: =[1]Quickool!C52 -> 2067*813*2330 | D52: =[1]Quickool!K52 -> 749.74597 | E52: pic
A53: =[1]Quickool!A55 -> 0 | B53: =[1]Quickool!B55 -> 0 | D53: =[1]Quickool!K55 -> 0.5
A54: =[1]Quickool!A56 -> ITEM CODE | B54: =[1]Quickool!B56 -> PRODUCT | D54: =[1]Quickool!K56 -> (RM)
A55: =[1]Quickool!A57 -> CAB044 | B55: =[1]Quickool!B57 -> ICE TRAY (395mm*165mm*105mmH) | D55: =[1]Quickool!K57 -> 22
A56: =[1]Quickool!A58 -> CAB045 | B56: =[1]Quickool!B58 -> 60% tin solder bar | D56: =[1]Quickool!K58 -> 191.66667
A57: =[1]Quickool!A59 -> CAB046 | B57: =[1]Quickool!B59 -> C.F hinge- 6" (1pair) | D57: =[1]Quickool!K59 -> 53.508772
A58: =[1]Quickool!A60 -> CAB047 | B58: =[1]Quickool!B60 -> 3mm clear float glass (457mm x 914mm) | D58: =[1]Quickool!K60 -> 29.32971
A59: =[1]Quickool!A61 -> CAB048 | B59: =[1]Quickool!B61 -> 17mm x 69mm hardwood planed 2' up | D59: =[1]Quickool!K61 -> 2.8673835
A60: =[1]Quickool!A62 -> 0 | B60: =[1]Quickool!B62 -> Masking tape 35mm x50m more glue | D60: =[1]Quickool!K62 -> 4.6519411
A61: =[1]Quickool!A63 -> 0 | B61: =[1]Quickool!B63 -> Masking tape 35mmx50m | D61: =[1]Quickool!K63 -> 4.0941544
A62: =[1]Quickool!A64 -> 0 | B62: =[1]Quickool!B64 -> Aluminium foil tape 48mm x 30m | D62: =[1]Quickool!K64 -> 10.592593
A63: =[1]Quickool!A65 -> 0 | B63: =[1]Quickool!B65 -> Aluminium foil tape 60mm x 30m | D63: =[1]Quickool!K65 -> 12.537037
A64: =[1]Quickool!A66 -> 0 | B64: =[1]Quickool!B66 -> Aluminium foil tape 75mm x 30m | D64: =[1]Quickool!K66 -> 15.888889
... A73: =[1]Quickool!A75 -> CAB056 | B73: =[1]Quickool!B75 -> PVC wire cable 2core 70m | D73: =[1]Quickool!K75 -> 0
A74: =[1]Quickool!A77 -> CAB058 | B74: =[1]Quickool!B77 -> 3" pp castor wheel adjustable c/w stopper white | D74: =[1]Quickool!K77 -> 8.0085046
A75: =[1]Quickool!A78 -> CAB059 | B75: =[1]Quickool!B78 -> Pilaster s/steel 400mm (HG-600) | D75: =[1]Quickool!K78 -> 6.6728452
A76: =[1]Quickool!A79 -> CAB060 | B76: =[1]Quickool!B79 -> Pilaster s/steel 600mm (HG-600) | D76: =[1]Quickool!K79 -> 1.6064257
A77: =[1]Quickool!A80 -> CAB061 | B77: =[1]Quickool!B80 -> Pilaster s/steel 1200mm (HG-1200) | D77: =[1]Quickool!K80 -> 3.2128514
A78: =[1]Quickool!A81 -> CAB062 | B78: =[1]Quickool!B81 -> Pilaster clip aluminium (HG-1201) | D78: =[1]Quickool!K81 -> 0.4908523
A79: =[1]Quickool!A82 -> CAB063 | B79: =[1]Quickool!B82 -> PVC SheIving 23"x21" | C79: =[1]Quickool!$C82 -> 4Door & 6Door (4pcs/Fridge) | D79: =[1]Quickool!K82 -> 27.543507
A80: =[1]Quickool!A83 -> CAB064 | B80: =[1]Quickool!B83 -> PVC SheIving 25"x21" | C80: =[1]Quickool!$C83 -> 6Door (2pcs/Middle of Fridge) | D80: =[1]Quickool!K83 -> 29.808121
A81: =[1]Quickool!A84 -> CAB065 | B81: =[1]Quickool!B84 -> PVC SheIving 24-6/8"x18" | C81: =[1]Quickool!$C84 -> Mini 2Door (2pcs/Fridge) | D81: =[1]Quickool!K84 -> 26.405622
A82: =[1]Quickool!A85 -> CAB066 | B82: =[1]Quickool!B85 -> PVC SheIving 28"x21" | C82: =[1]Quickool!$C85 -> 2Door Big (2pcs/Fridge) | D82: =[1]Quickool!K85 -> 32.072735
A83: =[1]Quickool!A86 -> CAB067 | B83: =[1]Quickool!B86 -> PVC Shelving 13 3/4" x 22" 1/4" | C83: =[1]Quickool!$C86 -> 1.2m counter-4pcs | D83: =[1]Quickool!K86 -> 14.677419
A84: =[1]Quickool!A87 -> CAB068 | B84: =[1]Quickool!B87 -> PVC Shelving 19 3/4" x 22" 1/4" | C84: =[1]Quickool!$C87 -> 1.5m 2door counter-4pcs | D84: =[1]Quickool!K87 -> 21.666667
A85: =[1]Quickool!A88 -> CAB069 | B85: =[1]Quickool!B88 -> PVC SheIving 17" x 22 1/4" | C85: =[1]Quickool!$C88 -> 1.8m 3door counter-6pcs | D85: =[1]Quickool!K88 -> 18.172043
A86: =[1]Quickool!A89 -> CAB070 | B86: =[1]Quickool!B89 -> PVC SheIving 21" x 22 1/4" | C86: =[1]Quickool!$C89 -> 2.1m 3door counter-6pcs | D86: =[1]Quickool!K89 -> 22.365591
A87: =[1]Quickool!A90 -> CAB071 | B87: =[1]Quickool!B90 -> PVC SheIving 23"x23" 1 stopper | C87: =[1]Quickool!$C90 -> 2,4&6 door upright 4,8,8pcs | D87: =[1]Quickool!K90 -> 24.462366
A88: =[1]Quickool!A91 -> CAB072 | B88: =[1]Quickool!B91 -> PVC SheIving 25"x23" 1 stopper | C88: =[1]Quickool!$C91 -> 6 door upright centre 4pcs | D88: =[1]Quickool!K91 -> 26.55914
A89: =[1]Quickool!A92 -> CAB072.01 | B89: =[1]Quickool!B92 -> PVC SheIving 19 3/4"x221/4" 1stopper | C89: =[1]Quickool!$C92 -> 1 glass door chiller -4pcs | D89: =[1]Quickool!K92 -> 20.967742
A90: =[1]Quickool!A93 -> CAB072.02 | B90: =[1]Quickool!B93 -> PVC SheIving 21"x221/4" 1stopper | C90: =[1]Quickool!$C93 -> 2&3 glass door chiller -8pcs | D90: =[1]Quickool!K93 -> 22.365591
... A104: =[1]Quickool!A107 -> CAB072.16 | B104: =[1]Quickool!B107 -> PVC SheIving 25 3/4"x24 1/4" 2stopper | C104: =[1]Quickool!$C107 -> 3 big glass chiller door centre -6pcs | D104: =[1]Quickool!K107 -> ~
A105: =[1]Quickool!A108 -> CAB072.17 | B105: =[1]Quickool!B108 -> custom made shelving cost base on kgs
A106: =[1]Quickool!A109 -> 0 | B106: =[1]Quickool!B109 -> custom made shelving base on size less than 20pcs quantity
A107: =[1]Quickool!A110 -> CAB082 | B107: =[1]Quickool!B110 -> 578*715 magnetic gasket | C107: =[1]Quickool!C110 -> 2door | D107: =[1]Quickool!K110 -> 25.365777
A108: =[1]Quickool!A111 -> CAB083 | B108: =[1]Quickool!B111 -> 534*715 magnetic gasket | C108: =[1]Quickool!C111 -> 4door&6door | D108: =[1]Quickool!K111 -> 24.880699
A109: =[1]Quickool!A113 -> CAB084 | B109: =[1]Quickool!B113 -> 383*575 magnetic gasket | C109: =[1]Quickool!C113 -> 1.5m counter | D109: =[1]Quickool!K113 -> 21.672573
A110: =[1]Quickool!A114 -> CAB085 | B110: =[1]Quickool!B114 -> 528*575 magnetic gasket | C110: =[1]Quickool!C114 -> 1.8m counter | D110: =[1]Quickool!K114 -> 23.271124
A111: =[1]Quickool!A115 -> CAB086 | B111: =[1]Quickool!B115 -> 420*575 magnetic gasket | C111: =[1]Quickool!C115 -> 2.1m counter | D111: =[1]Quickool!K115 -> 22.080479
A112: =[1]Quickool!A116 -> CAB087 | B112: =[1]Quickool!B116 -> custom made gasket | C112: =[1]Quickool!C116 -> 0 | D112: =[1]Quickool!K116 -> 26.846883
A113: =[1]Quickool!A117 -> CAB088 | B113: =[1]Quickool!B117 -> HG-036 pvc door rail 3.4m | C113: =[1]Quickool!C117 -> 0 | D113: =[1]Quickool!K117 -> 20.249063
A114: =[1]Quickool!A118 -> CAB089 | B114: =[1]Quickool!B118 -> Gasket welding machine | C114: =[1]Quickool!C118 -> 0 | D114: =[1]Quickool!K118 -> ~
A115: =[1]Quickool!A119 -> CAB090 | B115: =[1]Quickool!B119 -> Mould welding machine | C115: =[1]Quickool!C119 -> 0 | D115: =[1]Quickool!K119 -> ~
A116: =[1]Quickool!A120 -> CAB091 | B116: =[1]Quickool!B120 -> 3MM TEMPERED GLASS + 3MM NORMAL GLASS (595*985MM) | C116: =[1]Quickool!C120 -> 0 | D116: =[1]Quickool!K120 -> 152.05206
A117: =[1]Quickool!A121 -> CAB092 | B117: =[1]Quickool!B121 -> 3MM TEMPERED GLASS + 3MM TEMPER GLASS (700*865MM) | C117: =[1]Quickool!C121 -> 0 | D117: =[1]Quickool!K121 -> 157.20637
A118: =[1]Quickool!A122 -> CAB093 | B118: =[1]Quickool!B122 -> 4mm+3mm heater glass door (1473*584mm) chiller right (grey) | C118: =[1]Quickool!C122 -> 2door&3door glass door | D118: =[1]Quickool!K122 -> 429.09606
A119: =[1]Quickool!A123 -> CAB094 | B119: =[1]Quickool!B123 -> 4mm+3mm heater glass door (1473*584mm) chiller left (grey) | C119: =[1]Quickool!C123 -> 2door&3door glass door | D119: =[1]Quickool!K123 -> 429.09606
A120: =[1]Quickool!A124 -> CAB095 | B120: =[1]Quickool!B124 -> 4mm+3mm heater glass door (1473*584mm) chiller right (black) | C120: =[1]Quickool!C124 -> 2door&3door glass door | D120: =[1]Quickool!K124 -> 429.09606
A121: =[1]Quickool!A125 -> CAB096 | B121: =[1]Quickool!B125 -> 4mm+3mm heater glass door (1473*584mm) chiller left (black) | C121: =[1]Quickool!C125 -> 2door&3door glass door | D121: =[1]Quickool!K125 -> 429.09606
A122: =[1]Quickool!A136 -> CAB105 | B122: =[1]Quickool!B136 -> 4mm + 3mm + 3mm heater glass door (1770*670mm) frezzer right (black) | C122: =[1]Quickool!C136 -> 0 | D122: =[1]Quickool!K136 -> 688.87314
A123: =[1]Quickool!A137 -> CAB106 | B123: =[1]Quickool!B137 -> 4mm + 3mm + 3mm heater glass door (1770*670mm) frezzer left (black) | C123: =[1]Quickool!C137 -> 0 | D123: =[1]Quickool!K137 -> 688.87314
A124: =[1]Quickool!A138 -> CAB107 | B124: =[1]Quickool!B138 -> 4MM HEATED GLASS + 3MM NORMAL GLASS (1801*762MM) | C124: =[1]Quickool!C138 -> 0 | D124: =[1]Quickool!K138 -> 554.21687
A125: =[1]Quickool!A148 -> CAB108 | B125: =[1]Quickool!B148 -> 1500*1850mm INTEGRATED DOOR WITH FRAME (2 DOOR) | C125: =[1]Quickool!C148 -> 723mm*1800mm(28.5"*71") | D125: =[1]Quickool!K148 -> 3864.6901
A126: =[1]Quickool!A149 -> CAB109 | B126: =[1]Quickool!B149 -> 2250*1850mm INTEGRATED DOOR WITH FRAME (3 DOOR) | C126: =[1]Quickool!C149 -> 723mm*1800mm(28.5"*71") | D126: =[1]Quickool!K149 -> 5719.0763
...

Sheet wefoam

Sheet RACK
A1: WELLER AIR-COND PARTS ENTERPRISE SDN BHD (613386-K)
A2: ='[1]CU '!A6 -> DATE :5.12.25
A3: ='[1]CU '!A7 -> USD RATE : | B3: ='[1]CU '!B7 -> 4.25
A5: Item code | B5: DESC. | C5: Dimension | D5: Weight （kg） | E5: lgths | F5: quantity | G5: total weight | H5: RM | I5: total rm | J5: PICTURE | K5: QTY-PCS | L5: T-weight-KG | M5: REORDER LEVEL | N5: REORDER QTY
A6: RAC001 | B6: upright Post 立柱 | C6: 11000*900*100*70*2.0 | D6: 45.1 | E6: =D6/11 -> 4.1 | H6: =[1]Rack!J6 -> 341.35833 | J6: =_xlfn.DISPIMG("ID_4F4D5FD4221844B3BAC4C5FCB86F69E3",1) -> =DISPIMG("ID_4F4D5FD4221844B3BAC4C5FCB86F69E3",1) | K6: 450 | L6: =D6*K6 -> 20295
A7: RAC002 | B7: Foot plate | C7: 120*120 | H7: =[1]Rack!J7 -> 8.0611111
A8: RAC003 | B8: 横 支 Bracing | C8: 40*25*1.5 C型*828 | D8: 0.9 | E8: =ROUNDUP((D8*1000-150)/600,0) -> 2 | H8: =[1]Rack!J8 -> 6.8125 | J8: =_xlfn.DISPIMG("ID_26C9986488344784A3A12DBC0C0B5F4D",1) -> =DISPIMG("ID_26C9986488344784A3A12DBC0C0B5F4D",1) | K8: 750 | L8: =D8*K8 -> 675
A9: RAC004 | B9: 斜 支 Bracing | C9: 40*25*1.5 C型*1030 | D9: 1.13 | E9: =ROUNDUP((D10*1000-150)/600,0) -> 10 | H9: =[1]Rack!J9 -> 8.5416667 | K9: 5000 | L9: =D9*K9 -> 5650
A10: RAC005 | B10: Upright Post Set | C10: 612.6mm(230mm) | D10: 6 | E10: =D10*E6*2+(2*D8)+(E9*D9) -> 62.3 | F10: 10 | G10: =F10*E10 -> 623 | H10: =[1]Rack!J10 -> 459.0681 | I10: =H10*F10 -> 4590.681
A11: RAC006 | B11: Beam 横梁 | C11: 2700*120*45*1.5 | D11: 13.7 | E11: =ROUNDDOWN(D10/1.5,0)*2 -> 8 | F11: 9 | G11: =E11*F11*D11 -> 986.4 | H11: =[1]Rack!J11 -> 103.725 | I11: =H11*F11*E11 -> 7468.2 | J11: =_xlfn.DISPIMG("ID_5B50BE1DB98C4567993D6A5F26792F33",1) -> =DISPIMG("ID_5B50BE1DB98C4567993D6A5F26792F33",1) | K11: 2000 | L11: =D11*K11 -> 27400
A12: RAC007 | B12: Beam 横梁 | C12: 2460*100*45*1.5 | D12: 12.6 | E12: =ROUNDDOWN(D10/1.5,0)*2 -> 8 | G12: =E12*F12*D12 -> 0 | H12: =[1]Rack!J12 -> 95.375 | I12: =H12*F12*E12 -> 0 | K12: 2000 | L12: =D12*K12 -> 25200
A13: RAC008 | B13: row spacer 连接杆 | C13: 250*60*40 | D13: 1.1 | E13: =ROUNDDOWN(D10/2,0)*2 -> 6 | F13: =F10 -> 10 | G13: =F13*D13*E13 -> 66 | H13: =[1]Rack!J13 -> 10.02 | I13: =H13*F13*E13 -> 601.2 | J13: =_xlfn.DISPIMG("ID_0E87DF8BB7EC46E5880226BA3CE7A3E0",1) -> =DISPIMG("ID_0E87DF8BB7EC46E5880226BA3CE7A3E0",1) | K13: 600 | L13: =D13*K13 -> 660 | O13: 2m height install 1pcs
A14: RAC009 | B14: Post guard U型防撞柱 | C14: H300 | D14: 3.5 | F14: =F10 -> 10 | G14: =F14*D14 -> 35 | H14: =[1]Rack!J14 -> 31.565 | I14: =H14*F14 -> 315.65 | K14: 125 | L14: =D14*K14 -> 437.5
A15: RAC010 | B15: Pallet support 支撑梁 | C15: 900*60*40 | D15: 2.3 | E15: 4 | F15: 36 | G15: =F15*E15*D15 -> 331.2 | H15: =[1]Rack!J15 -> 19.018182 | I15: =H15*E15*F15 -> 2738.6182 | J15: =_xlfn.DISPIMG("ID_6FC152D1CE6B42CB8D590A2DA910557B",1) -> =DISPIMG("ID_6FC152D1CE6B42CB8D590A2DA910557B",1) | K15: 8000 | L15: =D15*K15 -> 18400 | O15: 4pcs per rack
A16: RAC011 | B16: Crash barrier 防撞栏 | C16: L2050*H500 | D16: 18.3 | H16: =[1]Rack!J16 -> 151.03636 | I16: =H16*E16*F16 -> 0 | J16: =_xlfn.DISPIMG("ID_65FA1E08635043859F11F6AEACBF64C9",1) -> =DISPIMG("ID_65FA1E08635043859F11F6AEACBF64C9",1) | K16: 50 | L16: =D16*K16 -> 915
A17: RAC012 | B17: Crash barrier 防撞栏 | C17: L900*H500 | D17: 10.8 | H17: =[1]Rack!J17 -> 89.181818 | I17: =H17*F17*E17 -> 0 | K17: 10 | L17: =D17*K17 -> 108
B18: 2ton above-rm800/ton ,install wood slab -rm500/ton | G18: =SUM(G10:G17) -> 2041.6 | I18: =SUM(I10:I17) -> 15714.349 | K18: Total:KG | L18: =SUM(L6:L17) -> 99740.5
B19: below 2ton -rm1200-rm1500/ton

Sheet Weiguang
A1: WELLER AIR-COND PARTS ENTERPRISE SDN BHD (613386-K)
A3: ='CU '!A3 -> DATE :5.12.25
A7: PRICE WILL UPDATE OR CHANGE EVERYWEEK DUE TO THE DATE
A8: =[1]Weiguang!A8 -> ITEM | B8: =[1]Weiguang!B8 -> MODEL | C8: DECRIPTION | D8: =[1]Weiguang!D8 -> WATTS | E8: =[1]Weiguang!$I$8 -> RM | F8: PICTURE
A9: =[1]Weiguang!A9 -> WEI001 | B9: =[1]Weiguang!B9 -> YWF4E-200-G (8") (1PH) (230V) | C9: WEIGUANG AXIAL FAN SETS 1PH & 3PH (230V , 380V ~ 415V) | D9: =[1]Weiguang!D9 -> 40 | E9: =[1]Weiguang!I9 -> 133.06237
A10: =[1]Weiguang!A10 -> WEI002 | B10: =[1]Weiguang!B10 -> YWF4E-250-G (10") (1PH) (230V) | D10: =[1]Weiguang!D10 -> 50 | E10: =[1]Weiguang!I10 -> 136.69134
A11: =[1]Weiguang!A11 -> WEI002.1 | B11: =[1]Weiguang!B11 -> YWF2E-250-G (10") (1PH) (230V) 2500rpm | D11: =[1]Weiguang!D11 -> 50 | E11: =[1]Weiguang!I11 -> 136.69134
A12: =[1]Weiguang!A12 -> WEI003 | B12: =[1]Weiguang!B12 -> YWF4E-250B (10") (1PH) (230V) | D12: =[1]Weiguang!D12 -> 50 | E12: =[1]Weiguang!I12 -> 136.69134
A13: =[1]Weiguang!A13 -> WEI004 | B13: =[1]Weiguang!B13 -> YWF4E-300-G (12") (1PH) (230V) | D13: =[1]Weiguang!D13 -> 85 | E13: =[1]Weiguang!I13 -> 148.78792
A14: =[1]Weiguang!A15 -> WEI005 | B14: =[1]Weiguang!B15 -> YWF4E-300B (12") (1PH) (230V) | D14: =[1]Weiguang!D15 -> 85 | E14: =[1]Weiguang!I15 -> 148.78792
A15: =[1]Weiguang!A16 -> WEI005.1 | B15: =[1]Weiguang!B16 -> YWF2E-300-S (12") 7BLADE (230V) heavy 2m wire | D15: =[1]Weiguang!D16 -> 85 | E15: =[1]Weiguang!I16 -> 153.91854
A16: =[1]Weiguang!A17 -> WEI005.2 | B16: =[1]Weiguang!B17 -> YWF2D-300-S (12") 7BLADE (415V) heavy 2m wire | D16: =[1]Weiguang!D17 -> 85 | E16: =[1]Weiguang!I17 -> 153.91854
A17: =[1]Weiguang!A18 -> WEI005.3 | B17: =[1]Weiguang!B18 -> YWF2D-300-B (12") 7BLADE (415V) heavy | D17: =[1]Weiguang!D18 -> 85 | E17: =[1]Weiguang!I18 -> 153.91854
A18: =[1]Weiguang!A19 -> WEI005.4 | B18: =[1]Weiguang!B19 -> YWF2D-300-B (12") 7BLADE (1PH) wire 2m heavy | D18: =[1]Weiguang!D19 -> 85 | E18: =[1]Weiguang!I19 -> 153.91854
A19: =[1]Weiguang!A20 -> WEI005.5 | B19: =[1]Weiguang!B20 -> YWF2D-300-B (12") 7BLADE (3PH) wire 2m heavy | D19: =[1]Weiguang!D20 -> 85 | E19: =[1]Weiguang!I20 -> 153.91854
A20: =[1]Weiguang!A21 -> WEI006 | B20: =[1]Weiguang!B21 -> YWF4E-330-G (13") (1PH) (230V) | D20: =[1]Weiguang!D21 -> 95 | E20: =[1]Weiguang!I21 -> 165.72313
A21: =[1]Weiguang!A22 -> WEI007 | B21: =[1]Weiguang!B22 -> YWF4E-350-G (14") (1PH) (230V) | D21: =[1]Weiguang!D22 -> 140 | E21: =[1]Weiguang!I22 -> 191.12595
A22: =[1]Weiguang!A23 -> WEI008 | B22: =[1]Weiguang!B23 -> YWF4D-350-G (14") (3PH ) (415V) | D22: =[1]Weiguang!D23 -> 140 | E22: =[1]Weiguang!I23 -> 191.12595
A23: =[1]Weiguang!A24 -> WEI009 | B23: =[1]Weiguang!B24 -> YWF4E-400-G (16") (1PH) (230V) | D23: =[1]Weiguang!D24 -> 180 | E23: =[1]Weiguang!I24 -> 211.69013
A24: =[1]Weiguang!A25 -> WEI010 | B24: =[1]Weiguang!B25 -> YWF4D-400-G (16") (3PH ) (415V) | D24: =[1]Weiguang!D25 -> 180 | E24: =[1]Weiguang!I25 -> 211.69013
A25: =[1]Weiguang!A26 -> WEI011 | B25: =[1]Weiguang!B26 -> YWF6E-400-G (16") (1PH) (230V) 6poles | D25: =[1]Weiguang!D26 -> 108 | E25: =[1]Weiguang!I26 -> 211.69013
... A37: =[1]Weiguang!A38 -> WEI023 | B37: =[1]Weiguang!B38 -> YWF6D-800-G (32") (3PH ) (415V) | D37: =[1]Weiguang!D38 -> 1790 | E37: =[1]Weiguang!I38 -> 1442.4611
A38: =[1]Weiguang!A40 -> WEI023.1 | B38: =[1]Weiguang!B40 -> YWF4D-400-G (16") (3PH ) (415V) cw 1.55m wire | D38: =[1]Weiguang!D40 -> 180 | E38: =[1]Weiguang!I40 -> 211.69013
A39: =[1]Weiguang!A41 -> WEI023.2 | B39: =[1]Weiguang!B41 -> YWF4D-450-G (18") (3PH ) (415V) cw 1.5m wire | D39: =[1]Weiguang!D41 -> 250 | E39: =[1]Weiguang!I41 -> 240.72192
A40: =[1]Weiguang!A42 -> WEI023.3 | B40: =[1]Weiguang!B42 -> YWF4D-500-G (20") (3PH ) (415V) cw 1.5m wire | D40: =[1]Weiguang!D42 -> 450 | E40: =[1]Weiguang!I42 -> 306.5878
A41: =[1]Weiguang!A43 -> WEI023.4 | B41: =[1]Weiguang!B43 -> YWF4E-350-S-102/47 (14") (1PH) heavy duty | C41: WEIGUANG heavy duty fan sets 1PH & 3PH (230V , 380V ~ 415V) | D41: =[1]Weiguang!D43 -> 165 | E41: =[1]Weiguang!I43 -> ~
A42: =[1]Weiguang!A44 -> WEI023.5 | B42: =[1]Weiguang!B44 -> YWF4D-350-S-102/47 (14") (3PH ) heavy duty | D42: =[1]Weiguang!D44 -> 165 | E42: =[1]Weiguang!I44 -> ~
A43: =[1]Weiguang!A45 -> WEI024 | B43: =[1]Weiguang!B45 -> YWF4E-400-J (16") (1PH) (230V) | D43: =[1]Weiguang!D45 -> 200 | E43: =[1]Weiguang!I45 -> 230.93469
A44: =[1]Weiguang!A46 -> WEI025 | B44: =[1]Weiguang!B46 -> YWF4D-400-J (16") (3PH ) (415V) | D44: =[1]Weiguang!D46 -> 200 | E44: =[1]Weiguang!I46 -> 230.93469
A45: =[1]Weiguang!A47 -> WEI025.1 | B45: =[1]Weiguang!B47 -> YWF4E-400-S-102/60 (16") (1PH) heavy duty | D45: =[1]Weiguang!D47 -> 205 | E45: =[1]Weiguang!I47 -> 286.90433
A46: =[1]Weiguang!A48 -> WEI025.2 | B46: =[1]Weiguang!B48 -> YWF4D-400-S-102/60 (16") (3PH ) heavy duty | D46: =[1]Weiguang!D48 -> 205 | E46: =[1]Weiguang!I48 -> 286.90433
A47: =[1]Weiguang!A49 -> WEI025.3 | B47: =[1]Weiguang!B49 -> YWF4D-450-S-137/35 (18") (3PH ) heavy duty 7 blade | D47: =[1]Weiguang!D49 -> 370 | E47: =[1]Weiguang!I49 -> 380.73297
A48: =[1]Weiguang!A50 -> WEI026 | B48: =[1]Weiguang!B50 -> YWF4D-500S-145/6SA2-G (aluminum die cast) | D48: =[1]Weiguang!D50 -> 800 | E48: =[1]Weiguang!I50 -> 679.60781
A49: =[1]Weiguang!A51 -> WEI026.1 | B49: =[1]Weiguang!B51 -> YWF4D-500S 137/60-G (20") (3PH ) (415V) 7blade | D49: =[1]Weiguang!D51 -> 750 | E49: =[1]Weiguang!I51 -> 415.68245
A50: =[1]Weiguang!A52 -> WEI026.2 | B50: =[1]Weiguang!B52 -> YWF4D-630-B -168/80G (26") (3PH ) Heavy duty | D50: =[1]Weiguang!D52 -> 1900 | E50: =[1]Weiguang!I52 -> 903.94436
A51: =[1]Weiguang!A53 -> WEI026.3 | B51: =[1]Weiguang!B53 -> YWF4D-630S-180/105A2-G (aluminium die cast) | D51: =[1]Weiguang!D53 -> 2700 | E51: =[1]Weiguang!I53 -> 1493.8175
A52: =[1]Weiguang!A54 -> WEI026.4 | B52: =[1]Weiguang!B54 -> YWF4E-300-G (12") (1PH) (230V)S/S | C52: WEIGUANG heavy duty fan sets 1PH & 3PH (230V , 380V ~ 415V)S/Steel fan blade & guard | D52: =[1]Weiguang!D54 -> 0 | E52: =[1]Weiguang!I54 -> 230.93469
A53: =[1]Weiguang!A55 -> WEI026.5 | B53: =[1]Weiguang!B55 -> YWF4D-300-G (12") (3PH) (415V)S/S | D53: =[1]Weiguang!D55 -> 0 | E53: =[1]Weiguang!I55 -> 230.93469
A54: =[1]Weiguang!A56 -> WEI026.6 | B54: =[1]Weiguang!B56 -> YWF2D-300-S (12") 7BLADE (415V)S/S heavy 2m wire | D54: =[1]Weiguang!D56 -> 0 | E54: =[1]Weiguang!I56 -> 232.25432
A55: =[1]Weiguang!A57 -> WEI026.7 | B55: =[1]Weiguang!B57 -> YWF4E-400-J (16") (1PH) (230V)S/S | D55: =[1]Weiguang!D57 -> 0 | E55: =[1]Weiguang!I57 -> 343.10297
A56: =[1]Weiguang!A58 -> WEI026.8 | B56: =[1]Weiguang!B58 -> YWF4D-400-J (16") (3PH ) (415V)S/S | D56: =[1]Weiguang!D58 -> 0 | E56: =[1]Weiguang!I58 -> 343.10297
A57: =[1]Weiguang!A59 -> WEI026.9 | B57: =[1]Weiguang!B59 -> YWF4D-500S 137/60-G (20") (3PH ) (415V)S/S 7blade | D57: =[1]Weiguang!D59 -> 0 | E57: =[1]Weiguang!I59 -> ~
A58: =[1]Weiguang!A60 -> WEI026.10 | B58: =[1]Weiguang!B60 -> YWF4D-630-B -168/80G (26") (3PH )S/S Heavy duty | D58: =[1]Weiguang!D60 -> 0 | E58: =[1]Weiguang!I60 -> ~
A59: =[1]Weiguang!A61 -> 0 | B59: =[1]Weiguang!B61 -> YWF4E-250-T (10") (1PH) (230V) | C59: WEIGUANG CYLINDER TYPE FAN SETS 1PH & 3PH (230V , 380V ~ 415V) | D59: =[1]Weiguang!D61 -> 50 | E59: =[1]Weiguang!I61 -> ~
A60: =[1]Weiguang!A62 -> 0 | B60: =[1]Weiguang!B62 -> YWF4E-300-T (12") (1PH) (230V) | D60: =[1]Weiguang!D62 -> 85 | E60: =[1]Weiguang!I62 -> ~
A61: =[1]Weiguang!A63 -> 0 | B61: =[1]Weiguang!B63 -> YWF4D-350-T (14") (3PH ) (415V) | D61: =[1]Weiguang!D63 -> 140 | E61: =[1]Weiguang!I63 -> ~
A62: =[1]Weiguang!A64 -> 0 | B62: =[1]Weiguang!B64 -> YWF4D-400-T (16") (3PH ) (415V) | D62: =[1]Weiguang!D64 -> 180 | E62: =[1]Weiguang!I64 -> ~
A63: =[1]Weiguang!A65 -> 0 | B63: =[1]Weiguang!B65 -> YWF4D-450-T (18") (3PH ) (415V) | D63: =[1]Weiguang!D65 -> 250 | E63: =[1]Weiguang!I65 -> ~
A64: =[1]Weiguang!A66 -> 0 | B64: =[1]Weiguang!B66 -> YWF4D-500-T (20") (3PH ) (415V) | D64: =[1]Weiguang!D66 -> 450 | E64: =[1]Weiguang!I66 -> ~
A65: =[1]Weiguang!A67 -> 0 | B65: =[1]Weiguang!B67 -> YWF4D-550-T (22") (3PH ) (415V) | D65: =[1]Weiguang!D67 -> 600 | E65: =[1]Weiguang!I67 -> ~
A66: =[1]Weiguang!A68 -> 0 | B66: =[1]Weiguang!B68 -> YWF4D-630-T (26") (3PH ) (415V) | D66: =[1]Weiguang!D68 -> 800 | E66: =[1]Weiguang!I68 -> ~
A67: =[1]Weiguang!A69 -> 0 | B67: =[1]Weiguang!B69 -> YWF4E-250-B (10") (1PH) (230V) | C67: WEIGUANG end plate TYPE FAN SETS 1PH & 3PH (230V , 380V ~ 415V) | D67: =[1]Weiguang!D69 -> 50 | E67: =[1]Weiguang!I69 -> ~
A68: =[1]Weiguang!A70 -> 0 | B68: =[1]Weiguang!B70 -> YWF4E-300-B (12") (1PH) (230V) | D68: =[1]Weiguang!D70 -> 85 | E68: =[1]Weiguang!I70 -> ~
A69: =[1]Weiguang!A71 -> 0 | B69: =[1]Weiguang!B71 -> YWF4D-350-B (14") (3PH ) (415V) | D69: =[1]Weiguang!D71 -> 140 | E69: =[1]Weiguang!I71 -> ~
A70: =[1]Weiguang!A72 -> 0 | B70: =[1]Weiguang!B72 -> YWF4D-400-B (16") (3PH ) (415V) | D70: =[1]Weiguang!D72 -> 180 | E70: =[1]Weiguang!I72 -> ~
A71: =[1]Weiguang!A73 -> 0 | B71: =[1]Weiguang!B73 -> YWF4D-450-B (18") (3PH ) (415V) | D71: =[1]Weiguang!D73 -> 250 | E71: =[1]Weiguang!I73 -> ~
A72: =[1]Weiguang!A74 -> WEI027 | B72: =[1]Weiguang!B74 -> YWF4D-500-B 137/35-G (20") (3PH ) (415V) | D72: =[1]Weiguang!D74 -> 750 | E72: =[1]Weiguang!I74 -> 599.36544
A73: =[1]Weiguang!A75 -> WEI027.1 | B73: =[1]Weiguang!B75 -> YWF4D-550-B (22") (3PH ) (415V) | D73: =[1]Weiguang!D75 -> 600 | E73: =[1]Weiguang!I75 -> 664.98077
A74: =[1]Weiguang!A76 -> WEI028 | B74: =[1]Weiguang!B76 -> YWF4D-630S-180/100-B1 (26") (3PH )heavy duty plate | D74: =[1]Weiguang!D76 -> 1900 | E74: =[1]Weiguang!I76 -> 1583.3546
A75: =[1]Weiguang!A77 -> WEI028.1 | B75: =[1]Weiguang!B77 -> YWF4D-630S-180/75-B1 (26") (3PH )heavy duty plate | D75: =[1]Weiguang!D77 -> 1900 | E75: =[1]Weiguang!I77 -> 1191.623
A76: =[1]Weiguang!A78 -> WEI028.2 | B76: =[1]Weiguang!B78 -> YWF6D-800-180/75-B1 (32") (3PH ) heavy duty end plate | D76: =[1]Weiguang!D78 -> 1900 | E76: =[1]Weiguang!I78 -> 2043.9111
A77: =[1]Weiguang!A79 -> WEI029 | B77: =[1]Weiguang!B79 -> YWF6D-800-180/105-B1 (32") (3PH ) heavy duty plate | D77: =[1]Weiguang!D79 -> 1700 | E77: =[1]Weiguang!I79 -> 2111.4029
A78: =[1]Weiguang!A80 -> WEI029.1 | B78: =[1]Weiguang!B80 -> YWF6D-910S-180/120-B1 (36") (3PH) heavy duty plate | D78: =[1]Weiguang!D80 -> 2500 | E78: =[1]Weiguang!I80 -> 2309.3469
A79: =[1]Weiguang!A81 -> WEI029.2 | B79: =[1]Weiguang!B81 -> 16" AIR DIRECTOR | C79: AIR DIRECTOR | E79: =[1]Weiguang!I81 -> 75.620557
A80: =[1]Weiguang!A82 -> WEI029.3 | B80: =[1]Weiguang!B82 -> 20" AIR DIRECTOR | E80: =[1]Weiguang!I82 -> 86.676804
A81: =[1]Weiguang!A83 -> WEI029.4 | B81: =[1]Weiguang!B83 -> YZF5-13B (5WATTS) 200MM | C81: BEARING TYPE | D81: 200 28° | E81: =[1]Weiguang!I83 -> 34.674603
A82: =[1]Weiguang!A84 -> WEI029.5 | B82: =[1]Weiguang!B84 -> YZF10-20B (10WATTS) 230MM | D82: 230 28°,250 22° | E82: =[1]Weiguang!I84 -> 36.048958
A83: =[1]Weiguang!A85 -> WEI029.7 | B83: =[1]Weiguang!B85 -> YZF18-30B (18WATTS) 300MM | D83: 300 22° | E83: =[1]Weiguang!I85 -> 44.463569
A84: =[1]Weiguang!A86 -> WEI029.8 | B84: =[1]Weiguang!B86 -> YZF25-40B (25WATTS) 300MM | D84: 300 25° | E84: =[1]Weiguang!I86 -> 58.488095
A85: =[1]Weiguang!A87 -> 0 | B85: =[1]Weiguang!B87 -> H72 10WATTS FAN STAND | E85: =[1]Weiguang!I87 -> 1.746
A86: =[1]Weiguang!A88 -> 0 | B86: =[1]Weiguang!B88 -> H109 18WATTS FAN STAND | E86: =[1]Weiguang!I88 -> 3.0951818
A87: =[1]Weiguang!A89 -> WEI030 | B87: =[1]Weiguang!B89 -> YZF5-13 (5WATTS) 200MM | C87: SHADED POLE MOTOR | D87: 200 28° | E87: =[1]Weiguang!I89 -> 27.659658
A88: =[1]Weiguang!A90 -> WEI031 | B88: =[1]Weiguang!B90 -> YZF10-20 (10WATTS) 230MM | D88: 230 28°,250 22° | E88: =[1]Weiguang!I90 -> 34.451532
A89: =[1]Weiguang!A91 -> WEI032 | B89: =[1]Weiguang!B91 -> YZF16-25 (16WATTS) 254MM | D89: 250 28° | E89: =[1]Weiguang!I91 -> 39.176313
A90: =[1]Weiguang!A92 -> WEI033 | B90: =[1]Weiguang!B92 -> YZF18-30 (18WATTS) 300MM | D90: 300 22° | E90: =[1]Weiguang!I92 -> 43.507363
A91: =[1]Weiguang!A93 -> WEI034 | B91: =[1]Weiguang!B93 -> YZF25-40 (25WATTS) 300MM | D91: 300 25° | E91: =[1]Weiguang!I93 -> 50.791401
A92: =[1]Weiguang!A94 -> WEI034.1 | B92: =[1]Weiguang!B94 -> YZF34-45 (34WATTS) 300MM | D92: 300 28° | E92: =[1]Weiguang!I94 -> 55.319316
A93: =[1]Weiguang!A95 -> WEI034.01 | B93: =[1]Weiguang!B95 -> ECM5310H (ec fan) 7/11w | E93: =[1]Weiguang!I95 -> 54.764513
A94: =[1]Weiguang!A96 -> WEI034.02 | B94: =[1]Weiguang!B96 -> 200mm PLASTIC RING | E94: =[1]Weiguang!I96 -> 11.743945
A95: =[1]Weiguang!A97 -> WEI034.03 | B95: =[1]Weiguang!B97 -> 8W EC Q FAN (Replacement 10w motor) | E95: =[1]Weiguang!I97 -> 35.292686
A96: =[1]Weiguang!A99 -> WEI034.2 | B96: =[1]Weiguang!B99 -> φ154 RING | C96: RING | E96: =[1]Weiguang!I99 -> 8.0297691
A97: =[1]Weiguang!A100 -> WEI034.3 | B97: =[1]Weiguang!B100 -> φ172 RING | E97: =[1]Weiguang!I100 -> 9.6026104
A98: =[1]Weiguang!A101 -> WEI035 | B98: =[1]Weiguang!B101 -> φ200 RING | E98: =[1]Weiguang!I101 -> 10.430422
A99: =[1]Weiguang!A102 -> WEI035.1 | B99: =[1]Weiguang!B102 -> φ230 RING | E99: =[1]Weiguang!I102 -> 12.417169
A100: =[1]Weiguang!A103 -> WEI035.2 | B100: =[1]Weiguang!B103 -> φ254 RING | E100: =[1]Weiguang!I103 -> 13.162199
A101: =[1]Weiguang!A104 -> WEI035.3 | B101: =[1]Weiguang!B104 -> φ300 RING | E101: =[1]Weiguang!I104 -> 15.231727
A102: =[1]Weiguang!A105 -> WEI035.4 | B102: =[1]Weiguang!B105 -> φ154/H11 GUARD | C102: FAN GUARD | E102: =[1]Weiguang!I105 -> 4.4319741
A103: =[1]Weiguang!A106 -> WEI035.5 | B103: =[1]Weiguang!B106 -> φ172/H11 GUARD | E103: =[1]Weiguang!I106 -> 5.1961075
A104: =[1]Weiguang!A107 -> WEI036 | B104: =[1]Weiguang!B107 -> φ200/H50 GUARD | E104: =[1]Weiguang!I107 -> 8.9080303
A105: =[1]Weiguang!A108 -> WEI036.1 | B105: =[1]Weiguang!B108 -> φ230/H50 GUARD | E105: =[1]Weiguang!I108 -> 9.6280816
A106: =[1]Weiguang!A109 -> WEI037 | B106: =[1]Weiguang!B109 -> φ254/H50 GUARD | E106: =[1]Weiguang!I109 -> 12.244453
A107: =[1]Weiguang!A110 -> WEI038 | B107: =[1]Weiguang!B110 -> φ300/H50 GUARD | E107: =[1]Weiguang!I110 -> 13.302077
A108: =[1]Weiguang!A111 -> WEI038.1 | B108: =[1]Weiguang!B111 -> φ154 BLADE | C108: FAN BLADE | E108: =[1]Weiguang!I111 -> 1.8376536
A109: =[1]Weiguang!A112 -> WEI038.2 | B109: =[1]Weiguang!B112 -> φ172 BLADE | E109: =[1]Weiguang!I112 -> 2.25143
A110: =[1]Weiguang!A113 -> WEI039 | B110: =[1]Weiguang!B113 -> φ200 BLADE 28° | E110: =[1]Weiguang!I113 -> 3.3345503
A111: =[1]Weiguang!A115 -> WEI039.1 | B111: =[1]Weiguang!B115 -> φ230 BLADE 28° | E111: =[1]Weiguang!I115 -> 4.0890836
A112: =[1]Weiguang!A116 -> WEI040 | B112: =[1]Weiguang!B116 -> φ250 BLADE 22° | E112: =[1]Weiguang!I116 -> 5.841548
A113: =[1]Weiguang!A119 -> WEI041 | B113: =[1]Weiguang!B119 -> φ300 BLADE 22° | E113: =[1]Weiguang!I119 -> 8.6345382
A114: =[1]Weiguang!A121 -> WEI041.1 | B114: =[1]Weiguang!B121 -> YJF-12038HS 4" (sleeve bearing) | C114: Video Fan (Sleeve (Bearing type) | E114: =[1]Weiguang!I121 -> 21.576502
A115: =[1]Weiguang!A122 -> WEI042 | B115: =[1]Weiguang!B122 -> YJF-12038HB 4" (Bearing type) | C115: Video Fan (Bearing type) | E115: =[1]Weiguang!I122 -> 27.069061
...

Sheet ZIEHL
A1: WELLER AIR-COND PARTS ENTERPRISE SDN BHD (613386-K)
A3: =Weiguang!A3 -> DATE :5.12.25
A8: ITEM CODE | B8: GUARANTEE GENUINE GERMANY FAN SETS | C8: PH & Voltage | D8: BRAND | E8: 1Pallet quantity | F8: =[1]ZIEHL!K8 -> RM | G8: PICTURE
A9: =[1]ZIEHL!A9 -> ZI 001.1 | B9: =[1]ZIEHL!B9 -> (16") FN040-VDK Ziehhlabegg fan (1PH) | C9: =[1]ZIEHL!C9 -> 1PH (230V) | D9: Ziehhlabegg | E9: 28 | F9: =[1]ZIEHL!K9 -> 519.44444
A10: =[1]ZIEHL!A10 -> ZI001 | B10: =[1]ZIEHL!B10 -> (16") FN040-VDK Ziehhlabegg fan (3ph) | C10: =[1]ZIEHL!C10 -> 3PH (415V) | E10: 28 | F10: =[1]ZIEHL!K10 -> ~
A11: =[1]ZIEHL!A11 -> ZI002 | B11: =[1]ZIEHL!B11 -> (20") FN050-VDK Ziehhlabegg fan | C11: =[1]ZIEHL!C11 -> 3PH (415V) | E11: 28 | F11: =[1]ZIEHL!K11 -> ~
A12: =[1]ZIEHL!A12 -> ZI003 | B12: =[1]ZIEHL!B12 -> (26") FN063-VDK Ziehhlabegg fan | C12: =[1]ZIEHL!C12 -> 3PH (415V) | E12: 6 | F12: =[1]ZIEHL!K12 -> ~
A13: =[1]ZIEHL!A13 -> ZI005 | B13: =[1]ZIEHL!B13 -> (32") FN080-sDQ Ziehhlabegg fan (6poles) | C13: =[1]ZIEHL!C13 -> 3PH (415V) | E13: 6 | F13: =[1]ZIEHL!K13 -> ~
A14: =[1]ZIEHL!A14 -> ZI 8 | B14: =[1]ZIEHL!B14 -> (26") FB063-VDK Ziehhlabegg fan | C14: =[1]ZIEHL!C14 -> 3PH (415V) | F14: =[1]ZIEHL!K14 -> 1507.5077
A15: =[1]ZIEHL!A15 -> ZI005.1 | B15: =[1]ZIEHL!B15 -> 12" EBM FAN SET (1PH) | C15: =[1]ZIEHL!C15 -> 1PH (230V) | D15: EBM | F15: =[1]ZIEHL!K15 -> ~
A16: =[1]ZIEHL!A16 -> ZI005.2 | B16: =[1]ZIEHL!B16 -> 14" EBM FAN SET (1PH) | C16: =[1]ZIEHL!C16 -> 1PH (230V) | F16: =[1]ZIEHL!K16 -> ~
A17: =[1]ZIEHL!A17 -> ZI005.3 | B17: =[1]ZIEHL!B17 -> 14" EBM FAN SET (3PH) | C17: =[1]ZIEHL!C17 -> 3PH (415V) | F17: =[1]ZIEHL!K17 -> 376.47659
A18: =[1]ZIEHL!A18 -> ZI006 | B18: =[1]ZIEHL!B18 -> 16" EBM FAN SET (1PH) | C18: =[1]ZIEHL!C18 -> 1PH (230V) | E18: 45 | F18: =[1]ZIEHL!K18 -> 487.94489
A19: =[1]ZIEHL!A19 -> ZI007 | B19: =[1]ZIEHL!B19 -> 16" EBM FAN SET (3PH) | C19: =[1]ZIEHL!C19 -> 3PH (415V) | E19: 46 | F19: =[1]ZIEHL!K19 -> ~
A20: =[1]ZIEHL!A20 -> ZI007.1 | B20: =[1]ZIEHL!B20 -> 18" EBM FAN SET (3PH) | C20: =[1]ZIEHL!C20 -> 3PH (415V) | F20: =[1]ZIEHL!K20 -> ~
A21: =[1]ZIEHL!A21 -> ZI008 | B21: =[1]ZIEHL!B21 -> 20" EBM FAN SET (3PH) | C21: =[1]ZIEHL!C21 -> 3PH (415V) | E21: 47 | F21: =[1]ZIEHL!K21 -> ~
A22: =[1]ZIEHL!A22 -> ZI009 | B22: =[1]ZIEHL!B22 -> 26" EBM FAN SET (3PH) | C22: =[1]ZIEHL!C22 -> 3PH (415V) | E22: 48 | F22: =[1]ZIEHL!K22 -> 1993.1114
A23: =[1]ZIEHL!A23 -> ZI010 | B23: =[1]ZIEHL!B23 -> 32" EBM FAN SET (3PH) c/w end plate(800mm) | C23: =[1]ZIEHL!C23 -> 3PH (415V) | F23: =[1]ZIEHL!K23 -> 2867.5086
A24: =[1]ZIEHL!A24 -> ZI010.1 | B24: =[1]ZIEHL!B24 -> 36" EBM FAN SET (3PH) c/w end plate(910mm) | C24: =[1]ZIEHL!C24 -> 3PH (415V) | F24: =[1]ZIEHL!K24 -> ~
A25: =[1]ZIEHL!A25 -> ZI011 | B25: =[1]ZIEHL!B25 -> 10watts ebm fan motor (M4Q045CA03A4/C01) | C25: =[1]ZIEHL!C25 -> 0 | F25: =[1]ZIEHL!K25 -> ~
A26: =[1]ZIEHL!A26 -> ZI012 | B26: =[1]ZIEHL!B26 -> 18watts ebm fan motor (M4Q045DA13A4/C01) | C26: =[1]ZIEHL!C26 -> 0 | F26: =[1]ZIEHL!K26 -> ~
A27: PRICE VALID : Ex-factory at K.L price
A28: *PRICE WILL BE CHANGE ON THE FINAL PAYMENT DUE TO THE CURRENCY RATE
A29: *PLEASE EMAIL OR FAX OVER THE BANK IN SLIP
A30: BANK ACC :HONG LEONG BANK BHD 36600016285 , PUBLIC BANK BHD 3119617816
A31: BENEFICIARY :WELLER AIR-COND PARTS ENTERPRICE SDN BHD
A32: COMPUTER PRINT GENERATE ONLY

Sheet QC
A1: WELLER AIR-COND PARTS ENTERPRISE SDN BHD (613386-K)
A3: =ZIEHL!A3 -> DATE :5.12.25
A7: PRICE WILL UPDATE OR CHANGE EVERYWEEK DUE TO THE DATE
A8: ITEM CODE | B8: NEW QC UNIT BLOWER (FREEZER) MODEL | C8: DECRIPTION | D8: COMPRESSOR TO MATCH | E8: =[1]QC!E8 -> BTU/HR td7 | F8: =[1]QC!F8 -> kW td7 | G8: =[1]QC!G8 -> Flowrate meter | H8: =[1]QC!H8 -> Dimension (mm) | I8: =[1]QC!I8 -> Voltage | J8: =[1]QC!J8 -> Heater pcs | K8: =[1]QC!K8 -> Heater KW | L8: =[1]QC!L8 -> Size outlet copper p-trap | ... N8: =[1]QC!N8 -> (Frezzer) TES (R404) -25c orifice no | O8: =[1]QC!Z8 -> (RM) axial fan | P8: =[1]QC!AA8 -> Axial fan c/w exp valve ,p trap | Q8: =[1]QC!AI8 -> (RM)aluminium heavy duty fan | R8: =[1]QC!AJ8 -> heavy fan c/w p trap and exp valve | S8: PICTURE
A9: =[1]QC!A9 -> QC001 | B9: =[1]QC!B9 -> CL301C4 | C9: FREEZER - 5'C ~ - 25'C ( 7mm ~ 9mm Fin Spacing) Unit blower with EBM / AXIAL FAN SETS | D9: =[1]QC!D9 -> MT22,CS11,zb15 | E9: =[1]QC!E9 -> 4778.2 | F9: =[1]QC!F9 -> 1.4 | G9: =[1]QC!G9 -> 9 | H9: =[1]QC!H9 -> 1x300 | I9: =[1]QC!I9 -> 230 | J9: =[1]QC!J9 -> 3 | K9: =[1]QC!K9 -> 1.5 | ... N9: =[1]QC!N9 -> 1 / RCX0834 | O9: =[1]QC!Z9 -> 1416.995 | P9: =[1]QC!AA9 -> 1713.298 | Q9: =[1]QC!AI9 -> ~ | R9: =[1]QC!AJ9 -> ~
A10: =[1]QC!A10 -> QC002 | B10: =[1]QC!B10 -> CL302C3 | D10: =[1]QC!D10 -> MT32-MT36,ZB19 | E10: =[1]QC!E10 -> 6826 | F10: =[1]QC!F10 -> 2 | G10: =[1]QC!G10 -> 9 | H10: =[1]QC!H10 -> 2x300 | I10: =[1]QC!I10 -> 230 | J10: =[1]QC!J10 -> 3 | K10: =[1]QC!K10 -> 2.4 | ... N10: =[1]QC!N10 -> 2 / RCX1034 | O10: =[1]QC!Z10 -> 1855.2405 | P10: =[1]QC!AA10 -> 2151.5435 | Q10: =[1]QC!AI10 -> ~ | R10: =[1]QC!AJ10 -> ~
A11: =[1]QC!A11 -> QC003 | B11: =[1]QC!B11 -> CL302C4 | D11: =[1]QC!D11 -> MT40-MT44,ZB21 | E11: =[1]QC!E11 -> 7849.9 | F11: =[1]QC!F11 -> 2.3 | G11: =[1]QC!G11 -> 9 | H11: =[1]QC!H11 -> 2x300 | I11: =[1]QC!I11 -> 230 | J11: =[1]QC!J11 -> 3 | K11: =[1]QC!K11 -> 2.4 | ... N11: =[1]QC!N11 -> 3 / RCX1534 | O11: =[1]QC!Z11 -> 1996.7548 | P11: =[1]QC!AA11 -> 2293.0578 | Q11: =[1]QC!AI11 -> ~ | R11: =[1]QC!AJ11 -> ~
A12: =[1]QC!A12 -> QC004 | B12: =[1]QC!B12 -> CL302C6 | D12: =[1]QC!D12 -> MT50-MT64,ZB29,ZB38 | E12: =[1]QC!E12 -> 10239 | F12: =[1]QC!F12 -> 3 | G12: =[1]QC!G12 -> 8 | H12: =[1]QC!H12 -> 2x300 | I12: =[1]QC!I12 -> 230 | J12: =[1]QC!J12 -> 5 | K12: =[1]QC!K12 -> 4 | ... N12: =[1]QC!N12 -> 3 / RCX1534 | O12: =[1]QC!Z12 -> 2536.8462 | P12: =[1]QC!AA12 -> 2850.4703 | Q12: =[1]QC!AI12 -> ~ | R12: =[1]QC!AJ12 -> ~
A13: =[1]QC!A13 -> QC005 | B13: =[1]QC!B13 -> CL303C4 | D13: =[1]QC!D13 -> MT50-MT64,ZB29,ZB38 | E13: =[1]QC!E13 -> 12628.1 | F13: =[1]QC!F13 -> 3.7 | G13: =[1]QC!G13 -> 9 | H13: =[1]QC!H13 -> 3x300 | I13: =[1]QC!I13 -> 230 | J13: =[1]QC!J13 -> 3 | K13: =[1]QC!K13 -> 6 | ... N13: =[1]QC!N13 -> 4 / RCX2034 | O13: =[1]QC!Z13 -> 2671.2903 | P13: =[1]QC!AA13 -> 2984.9144 | Q13: =[1]QC!AI13 -> ~ | R13: =[1]QC!AJ13 -> ~
A14: =[1]QC!A14 -> QC006 | B14: =[1]QC!B14 -> CL303C6 | D14: =[1]QC!D14 -> 4DES5Y,MT100,ZB45 | E14: =[1]QC!E14 -> 15699.8 | F14: =[1]QC!F14 -> 4.6 | G14: =[1]QC!G14 -> 9 | H14: =[1]QC!H14 -> 3x300 | I14: =[1]QC!I14 -> 230 | J14: =[1]QC!J14 -> 5 | K14: =[1]QC!K14 -> 6 | ... N14: =[1]QC!N14 -> 6 | O14: =[1]QC!Z14 -> 3398.3364 | P14: =[1]QC!AA14 -> 3711.9605 | Q14: =[1]QC!AI14 -> ~ | R14: =[1]QC!AJ14 -> ~
A15: =[1]QC!A15 -> QC006.1 | B15: =[1]QC!B15 -> CL304C6 | D15: =[1]QC!D15 -> 4CES6YY,MT125,ZB48 | E15: =[1]QC!E15 -> 21501.9 | F15: =[1]QC!F15 -> 6.3 | G15: =[1]QC!G15 -> 9 | H15: =[1]QC!H15 -> 4x300 | I15: =[1]QC!I15 -> 230 | J15: =[1]QC!J15 -> 5 | K15: =[1]QC!K15 -> 6 | ... N15: =[1]QC!N15 -> TES5-1 / TGES5 | O15: =[1]QC!Z15 -> 4078.0651 | P15: =[1]QC!AA15 -> 4719.5426 | Q15: =[1]QC!AI15 -> ~ | R15: =[1]QC!AJ15 -> ~
A16: =[1]QC!A16 -> QC007 | B16: =[1]QC!B16 -> CL401C3 | D16: =[1]QC!D16 -> MT28,ZB15 | E16: =[1]QC!E16 -> 6826 | F16: =[1]QC!F16 -> 2 | G16: =[1]QC!G16 -> 12 | H16: =[1]QC!H16 -> 1x400 | I16: =[1]QC!I16 -> 230 | J16: =[1]QC!J16 -> 3 | K16: =[1]QC!K16 -> 1.5 | ... N16: =[1]QC!N16 -> 1 / RCX0834 | O16: =[1]QC!Z16 -> 1618.3874 | P16: =[1]QC!AA16 -> 1914.6904 | Q16: =[1]QC!AI16 -> 1946.2324 | R16: =[1]QC!AJ16 -> 2242.5354
A17: =[1]QC!A17 -> QC008 | B17: =[1]QC!B17 -> CL401C4 | D17: =[1]QC!D17 -> MT32,ZB19 | E17: =[1]QC!E17 -> 7849.9 | F17: =[1]QC!F17 -> 2.3 | G17: =[1]QC!G17 -> 12 | H17: =[1]QC!H17 -> 1x400 | I17: =[1]QC!I17 -> 230 | J17: =[1]QC!J17 -> 3 | K17: =[1]QC!K17 -> 1.5 | ... N17: =[1]QC!N17 -> 2 / RCX1034 | O17: =[1]QC!Z17 -> 1767.6915 | P17: =[1]QC!AA17 -> 2063.9945 | Q17: =[1]QC!AI17 -> 2095.5365 | R17: =[1]QC!AJ17 -> 2391.8395
A18: =[1]QC!A18 -> QC009 | B18: =[1]QC!B18 -> CL401C5 | D18: =[1]QC!D18 -> MT40,ZB21 | E18: =[1]QC!E18 -> 9897.7 | F18: =[1]QC!F18 -> 2.9 | G18: =[1]QC!G18 -> 12 | H18: =[1]QC!H18 -> 1x400 | I18: =[1]QC!I18 -> 230 | J18: =[1]QC!J18 -> 5 | K18: =[1]QC!K18 -> 2.5 | ... N18: =[1]QC!N18 -> 3 / RCX1534 | O18: =[1]QC!Z18 -> 1993.5951 | P18: =[1]QC!AA18 -> 2289.8981 | Q18: =[1]QC!AI18 -> 2321.4401 | R18: =[1]QC!AJ18 -> 2617.7431
A19: =[1]QC!A19 -> QC010 | B19: =[1]QC!B19 -> CL401C6 | D19: =[1]QC!D19 -> MT50,ZB26 | E19: =[1]QC!E19 -> 10580.3 | F19: =[1]QC!F19 -> 3.1 | G19: =[1]QC!G19 -> 12 | H19: =[1]QC!H19 -> 1x400 | I19: =[1]QC!I19 -> 230 | J19: =[1]QC!J19 -> 5 | K19: =[1]QC!K19 -> 2.5 | ... N19: =[1]QC!N19 -> 3 / RCX2034 | O19: =[1]QC!Z19 -> 2188.3396 | P19: =[1]QC!AA19 -> 2484.6426 | Q19: =[1]QC!AI19 -> 2516.1846 | R19: =[1]QC!AJ19 -> 2812.4876
A20: =[1]QC!A20 -> QC010.1 | B20: =[1]QC!B20 -> CL402C3 | D20: =[1]QC!D20 -> MT64,ZB29 | E20: =[1]QC!E20 -> 12628.1 | F20: =[1]QC!F20 -> 3.7 | G20: =[1]QC!G20 -> 14 | H20: =[1]QC!H20 -> 2x400 | I20: =[1]QC!I20 -> 415 | J20: =[1]QC!J20 -> 3 | K20: =[1]QC!K20 -> 3 | ... N20: =[1]QC!N20 -> 3 / RCX2034 | O20: =[1]QC!Z20 -> 2521.5795 | P20: =[1]QC!AA20 -> 2835.2036 | Q20: =[1]QC!AI20 -> 3177.2695 | R20: =[1]QC!AJ20 -> 3490.8936
A21: =[1]QC!A21 -> QC011 | B21: =[1]QC!B21 -> CL402C4 | D21: =[1]QC!D21 -> MT80,CS33,ZB38 | E21: =[1]QC!E21 -> 16041.1 | F21: =[1]QC!F21 -> 4.7 | G21: =[1]QC!G21 -> 14 | H21: =[1]QC!H21 -> 2x400 | I21: =[1]QC!I21 -> 415 | J21: =[1]QC!J21 -> 3 | K21: =[1]QC!K21 -> 3 | ... N21: =[1]QC!N21 -> 3 / RCX2034 | O21: =[1]QC!Z21 -> 2803.3099 | P21: =[1]QC!AA21 -> 3116.9339 | Q21: =[1]QC!AI21 -> 3458.9999 | R21: =[1]QC!AJ21 -> 3772.6239
... A27: =[1]QC!A27 -> QC016 | B27: =[1]QC!B27 -> CL404C6 | D27: =[1]QC!D27 -> 4NES14Y,ZFI39 | E27: =[1]QC!E27 -> 41297.3 | F27: =[1]QC!F27 -> 12.1 | G27: =[1]QC!G27 -> 16 | H27: =[1]QC!H27 -> 4x400 | I27: =[1]QC!I27 -> 415 | J27: =[1]QC!J27 -> 5 | K27: =[1]QC!K27 -> 9 | ... N27: =[1]QC!N27 -> TES5-1 /TGES5 | O27: =[1]QC!Z27 -> 6253.3377 | P27: =[1]QC!AA27 -> 6929.8602 | Q27: =[1]QC!AI27 -> 7564.7176 | R27: =[1]QC!AJ27 -> 8241.2402
A28: =[1]QC!A29 -> QC018 | B28: =[1]QC!B29 -> NT501C6 | D28: =[1]QC!D29 -> 4CES6Y,MT125,ZFI26 | E28: =[1]QC!E29 -> 26962.7 | F28: =[1]QC!F29 -> 7.9 | G28: =[1]QC!G29 -> 26 | H28: =[1]QC!H29 -> 1X500 | I28: =[1]QC!I29 -> 415 | J28: =[1]QC!J29 -> 6 | K28: =[1]QC!K29 -> 9 | ... N28: =[1]QC!N29 -> 6 /5 zfi | O28: =[1]QC!Z29 -> 4610.6885 | P28: =[1]QC!AA29 -> 5201.2552 | Q28: =[1]QC!AI29 -> 4841.0996 | R28: =[1]QC!AJ29 -> 5431.6662
A29: =[1]QC!A30 -> QC019 | B29: =[1]QC!B30 -> NT501C8 | D29: =[1]QC!D30 -> 4TES9Y,ZFI31,ZFI36 | E29: =[1]QC!E30 -> 30034.4 | F29: =[1]QC!F30 -> 8.8 | G29: =[1]QC!G30 -> 26 | H29: =[1]QC!H30 -> 1X500 | I29: =[1]QC!I30 -> 415 | J29: =[1]QC!J30 -> 6 | K29: =[1]QC!K30 -> 9 | ... N29: =[1]QC!N30 -> TES2-6 /TGES5 | O29: =[1]QC!Z30 -> 5303.9377 | P29: =[1]QC!AA30 -> 5926.768 | Q29: =[1]QC!AI30 -> 5534.3488 | R29: =[1]QC!AJ30 -> 6157.179
A30: =[1]QC!A31 -> QC020 | B30: =[1]QC!B31 -> NT502C4 | D30: =[1]QC!D31 -> 4PES12Y,ZFI39 | E30: =[1]QC!E31 -> 42662.5 | F30: =[1]QC!F31 -> 12.5 | G30: =[1]QC!G31 -> 26 | H30: =[1]QC!H31 -> 2X500 | I30: =[1]QC!I31 -> 415 | J30: =[1]QC!J31 -> 6 | K30: =[1]QC!K31 -> 9 | ... N30: =[1]QC!N31 -> TES5-1 ZFI /TGES5 | O30: =[1]QC!Z31 -> 6312.274 | P30: =[1]QC!AA31 -> 6954.1519 | Q30: =[1]QC!AI31 -> 6773.0961 | R30: =[1]QC!AJ31 -> 7414.9739
A31: =[1]QC!A32 -> QC021 | B31: =[1]QC!B32 -> NT502C5 | D31: =[1]QC!D32 -> 4NES14Y,ZFI50 | E31: =[1]QC!E32 -> 48464.6 | F31: =[1]QC!F32 -> 14.2 | G31: =[1]QC!G32 -> 26 | H31: =[1]QC!H32 -> 2x500 | I31: =[1]QC!I32 -> 415 | J31: =[1]QC!J32 -> 6 | K31: =[1]QC!K32 -> 9 | ... N31: =[1]QC!N32 -> TES5-1 ZFI /TGES7.5 | O31: =[1]QC!Z32 -> 7280.4323 | P31: =[1]QC!AA32 -> 7922.3102 | Q31: =[1]QC!AI32 -> 7741.2544 | R31: =[1]QC!AJ32 -> 8383.1323
A32: =[1]QC!A33 -> QC022 | B32: =[1]QC!B33 -> NT502C6 | D32: =[1]QC!D33 -> 4HE18Y,ZFI59,ZFI68 | E32: =[1]QC!E33 -> 54608 | F32: =[1]QC!F33 -> 16 | G32: =[1]QC!G33 -> 26 | H32: =[1]QC!H33 -> 2x500 | I32: =[1]QC!I33 -> 415 | J32: =[1]QC!J33 -> 6 | K32: =[1]QC!K33 -> 9 | ... N32: =[1]QC!N33 -> TES5-2 ZFI /SCX0857/TGES7.5 | O32: =[1]QC!Z33 -> 7860.1321 | P32: =[1]QC!AA33 -> 8502.01 | Q32: =[1]QC!AI33 -> 8320.9542 | R32: =[1]QC!AJ33 -> 8962.832
A33: =[1]QC!A34 -> QC023 | B33: =[1]QC!B34 -> NT502C8 | D33: =[1]QC!D34 -> 4GE23Y,ZFI81 | E33: =[1]QC!E34 -> 61434 | F33: =[1]QC!F34 -> 18 | G33: =[1]QC!G34 -> 26 | H33: =[1]QC!H34 -> 2x500 | I33: =[1]QC!I34 -> 415 | J33: =[1]QC!J34 -> 6 | K33: =[1]QC!K34 -> 9 | ... N33: =[1]QC!N34 -> TES5-3 /SCX0957/TGES9,TES5-2 ZFI | O33: =[1]QC!Z34 -> 9527.4394 | P33: =[1]QC!AA34 -> 10216.943 | Q33: =[1]QC!AI34 -> 9916.6225 | R33: =[1]QC!AJ34 -> 10606.126
A34: =[1]QC!A35 -> QC023.1 | B34: =[1]QC!B35 -> NT503C5 | D34: =[1]QC!D35 -> 4FE25Y / 4GE23Y,ZFI81 | E34: =[1]QC!E35 -> 72000 | F34: =[1]QC!F35 -> 21.09581 | G34: =[1]QC!G35 -> 26 | H34: =[1]QC!H35 -> 3X500 | I34: =[1]QC!I35 -> 415 | J34: =[1]QC!J35 -> 6 | K34: =[1]QC!K35 -> 14.4 | ... N34: =[1]QC!N35 -> TES5-4 /SCX0957/TGES11,TES5-3 ZFI | O34: =[1]QC!Z35 -> 10226.128 | P34: =[1]QC!AA35 -> 10915.631 | Q34: =[1]QC!AI35 -> 10912.58 | R34: =[1]QC!AJ35 -> 11602.083
A35: =[1]QC!A36 -> QC024 | B35: =[1]QC!B36 -> NT503C6 | D35: =[1]QC!D36 -> S6H-20.2Y / 6HE28Y,ZFI81 | E35: =[1]QC!E36 -> 81912 | F35: =[1]QC!F36 -> 24 | G35: =[1]QC!G36 -> 26 | H35: =[1]QC!H36 -> 3x500 | I35: =[1]QC!I36 -> 415 | J35: =[1]QC!J36 -> 6 | K35: =[1]QC!K36 -> 14.4 | ... N35: =[1]QC!N36 -> TES5-4/ TGES13 | O35: =[1]QC!Z36 -> 11554.058 | P35: =[1]QC!AA36 -> 12435.572 | Q35: =[1]QC!AI36 -> 12245.291 | R35: =[1]QC!AJ36 -> 13126.805
A36: =[1]QC!A37 -> QC025 | B36: =[1]QC!B37 -> NT503C8 | D36: =[1]QC!D37 -> 6GE34Y,ZFI96 | E36: =[1]QC!E37 -> 93857.5 | F36: =[1]QC!F37 -> 27.5 | G36: =[1]QC!G37 -> 26 | H36: =[1]QC!H37 -> 3x500 | I36: =[1]QC!I37 -> 415 | J36: =[1]QC!J37 -> 6 | K36: =[1]QC!K37 -> 14.4 | ... N36: =[1]QC!N37 -> TES12-5 ZFI/ TGES13 | O36: =[1]QC!Z37 -> 13992.383 | P36: =[1]QC!AA37 -> 14973.013 | Q36: =[1]QC!AI37 -> 14683.616 | R36: =[1]QC!AJ37 -> 15664.246
A37: =[1]QC!A38 -> QC025.1 | B37: =[1]QC!B38 -> NT504C6 | D37: =[1]QC!D38 -> 6GE34Y,ZFI122 | E37: =[1]QC!E38 -> 115000 | F37: =[1]QC!F38 -> 33.694697 | G37: =[1]QC!G38 -> 30 | H37: =[1]QC!H38 -> 4x500 | I37: =[1]QC!I38 -> 415 | J37: =[1]QC!J38 -> 6 | K37: =[1]QC!K38 -> 16.2 | ... N37: =[1]QC!N38 -> TES12-5 ZFI/ TGES13 | O37: =[1]QC!Z38 -> 16320.283 | P37: =[1]QC!AA38 -> 17300.914 | Q37: =[1]QC!AI38 -> 17241.927 | R37: =[1]QC!AJ38 -> 18222.558
A38: =[1]QC!A39 -> QC026 | B38: =[1]QC!B39 -> NT504C8 | D38: =[1]QC!D39 -> 6FE44Y/S6F-30.2,ZFI140 | E38: =[1]QC!E39 -> 122868 | F38: =[1]QC!F39 -> 36 | G38: =[1]QC!G39 -> 30 | H38: =[1]QC!H39 -> 4x500 | I38: =[1]QC!I39 -> 415 | J38: =[1]QC!J39 -> 6 | K38: =[1]QC!K39 -> 16.2 | ... N38: =[1]QC!N39 -> TES12-6 ZFI/ TGES18 | O38: =[1]QC!Z39 -> 17474.902 | P38: =[1]QC!AA39 -> 18455.532 | Q38: =[1]QC!AI39 -> 18042.75 | R38: =[1]QC!AJ39 -> 19023.38
A39: =[1]QC!A40 -> QC001 | B39: =[1]QC!B40 -> CL301C4H | C39: CHILLER +15'C ~ 0'C ( 6mm Fin Spacing) Unit blower with EBM / AXIAL FAN SETS W/O HEATER | D39: =[1]QC!D40 -> MT18,KCJ484 | E39: =[1]QC!E40 -> 10900 | F39: =[1]QC!F40 -> 3.1936713 | G39: =[1]QC!G40 -> 9 | H39: =[1]QC!H40 -> 1x300 | I39: =[1]QC!I40 -> 230 | K39: =[1]QC!K40 -> ~ | L39: =[1]QC!L40 -> ~ | M39: =[1]QC!M40 -> 1 / RCX1234 | N39: =[1]QC!N40 -> 1 / RCX0834 | O39: =[1]QC!Z40 -> 1311.833 | P39: =[1]QC!AA40 -> 1548.0255 | Q39: =[1]QC!AI40 -> ~ | R39: =[1]QC!AJ40 -> ~
A40: =[1]QC!A41 -> QC002 | B40: =[1]QC!B41 -> CL302C3H | D40: =[1]QC!D41 -> MT22,CS11,zb15 | E40: =[1]QC!E41 -> 14600 | F40: =[1]QC!F41 -> 4.2777615 | G40: =[1]QC!G41 -> 9 | H40: =[1]QC!H41 -> 2x300 | I40: =[1]QC!I41 -> 230 | K40: =[1]QC!K41 -> ~ | L40: =[1]QC!L41 -> ~ | M40: =[1]QC!M41 -> 1 / RCX1234 | N40: =[1]QC!N41 -> 2 / RCX1034 | O40: =[1]QC!Z41 -> 1711.1296 | P40: =[1]QC!AA41 -> 1947.3221 | Q40: =[1]QC!AI41 -> ~ | R40: =[1]QC!AJ41 -> ~
A41: =[1]QC!A42 -> QC003 | B41: =[1]QC!B42 -> CL302C4H | D41: =[1]QC!D42 -> MT32,ZB19,CS13 | E41: =[1]QC!E42 -> 18300 | F41: =[1]QC!F42 -> 5.3618517 | G41: =[1]QC!G42 -> 9 | H41: =[1]QC!H42 -> 2x300 | I41: =[1]QC!I42 -> 230 | K41: =[1]QC!K42 -> ~ | L41: =[1]QC!L42 -> ~ | M41: =[1]QC!M42 -> 2 / RCX1634 | N41: =[1]QC!N42 -> 3 / RCX1534 | O41: =[1]QC!Z42 -> 1852.6439 | P41: =[1]QC!AA42 -> 2088.8364 | Q41: =[1]QC!AI42 -> ~ | R41: =[1]QC!AJ42 -> ~
A42: =[1]QC!A43 -> QC004 | B42: =[1]QC!B43 -> CL302C6H | D42: =[1]QC!D43 -> MT40,ZB21,CS20 | E42: =[1]QC!E43 -> 25800 | F42: =[1]QC!F43 -> 7.559332 | G42: =[1]QC!G43 -> 8 | H42: =[1]QC!H43 -> 2x300 | I42: =[1]QC!I43 -> 230 | K42: =[1]QC!K43 -> ~ | L42: =[1]QC!L43 -> ~ | M42: =[1]QC!M43 -> 2 / RCX1634 | N42: =[1]QC!N43 -> 3 / RCX1534 | O42: =[1]QC!Z43 -> 2296.6613 | P42: =[1]QC!AA43 -> 2532.8539 | Q42: =[1]QC!AI43 -> ~ | R42: =[1]QC!AJ43 -> ~
A43: =[1]QC!A44 -> QC005 | B43: =[1]QC!B44 -> CL303C4H | D43: =[1]QC!D44 -> MT50,ZB29,CS27 | E43: =[1]QC!E44 -> 30400 | F43: =[1]QC!F44 -> 8.9071198 | G43: =[1]QC!G44 -> 9 | H43: =[1]QC!H44 -> 3x300 | I43: =[1]QC!I44 -> 230 | K43: =[1]QC!K44 -> ~ | L43: =[1]QC!L44 -> ~ | M43: =[1]QC!M44 -> 3 / RCX2434 | N43: =[1]QC!N44 -> 4 / RCX2034 | O43: =[1]QC!Z44 -> 2476.5458 | P43: =[1]QC!AA44 -> 2712.7383 | Q43: =[1]QC!AI44 -> ~ | R43: =[1]QC!AJ44 -> ~
A44: =[1]QC!A45 -> QC006 | B44: =[1]QC!B45 -> CL303C6H | D44: =[1]QC!D45 -> MT64,ZB38,CS33 | E44: =[1]QC!E45 -> 44800 | F44: =[1]QC!F45 -> 13.126282 | G44: =[1]QC!G45 -> 9 | H44: =[1]QC!H45 -> 3x300 | I44: =[1]QC!I45 -> 230 | K44: =[1]QC!K45 -> ~ | L44: =[1]QC!L45 -> ~ | M44: =[1]QC!M45 -> 4 / RCX3134 | N44: =[1]QC!N45 -> 5 / RCX3034 | O44: =[1]QC!Z45 -> 3073.7623 | P44: =[1]QC!AA45 -> 3309.9548 | Q44: =[1]QC!AI45 -> ~ | R44: =[1]QC!AJ45 -> ~
A45: =[1]QC!A46 -> QC006.1 | B45: =[1]QC!B46 -> CL304C6H | D45: =[1]QC!D46 -> MT80,ZB45,CR72 | E45: =[1]QC!E46 -> 63600 | F45: =[1]QC!F46 -> 18.634632 | G45: =[1]QC!G46 -> 9 | H45: =[1]QC!H46 -> 4x300 | I45: =[1]QC!I46 -> 230 | K45: =[1]QC!K46 -> ~ | L45: =[1]QC!L46 -> ~ | M45: =[1]QC!M46 -> 5 / RCX4734 | N45: =[1]QC!N46 -> 6 / SCX0445 | O45: =[1]QC!Z46 -> 3708.0506 | P45: =[1]QC!AA46 -> 3944.2431 | Q45: =[1]QC!AI46 -> ~ | R45: =[1]QC!AJ46 -> ~
A46: =[1]QC!A47 -> QC007 | B46: =[1]QC!B47 -> CL401C3H | D46: =[1]QC!D47 -> MT22,CS11,zb15 | E46: =[1]QC!E47 -> 10900 | F46: =[1]QC!F47 -> 3.1936713 | G46: =[1]QC!G47 -> 12 | H46: =[1]QC!H47 -> 1x400 | I46: =[1]QC!I47 -> 230 | K46: =[1]QC!K47 -> ~ | L46: =[1]QC!L47 -> ~ | M46: =[1]QC!M47 -> 1 / RCX1234 | N46: =[1]QC!N47 -> 1 / RCX0834 | O46: =[1]QC!Z47 -> 1513.2254 | P46: =[1]QC!AA47 -> 1749.4179 | Q46: =[1]QC!AI47 -> 1841.0704 | R46: =[1]QC!AJ47 -> 2077.2629
A47: =[1]QC!A48 -> QC008 | B47: =[1]QC!B48 -> CL401C4H | D47: =[1]QC!D48 -> MT32,ZB19,CS13 | E47: =[1]QC!E48 -> 14600 | F47: =[1]QC!F48 -> 4.2777615 | G47: =[1]QC!G48 -> 12 | H47: =[1]QC!H48 -> 1x400 | I47: =[1]QC!I48 -> 230 | K47: =[1]QC!K48 -> ~ | L47: =[1]QC!L48 -> ~ | M47: =[1]QC!M48 -> 1 / RCX1234 | N47: =[1]QC!N48 -> 2 / RCX1034 | O47: =[1]QC!Z48 -> 1662.5295 | P47: =[1]QC!AA48 -> 1898.722 | Q47: =[1]QC!AI48 -> 1990.3745 | R47: =[1]QC!AJ48 -> 2226.567
A48: =[1]QC!A49 -> QC009 | B48: =[1]QC!B49 -> CL401C5H | D48: =[1]QC!D49 -> MT36,ZB21,CS17 | E48: =[1]QC!E49 -> 18300 | F48: =[1]QC!F49 -> 5.3618517 | G48: =[1]QC!G49 -> 12 | H48: =[1]QC!H49 -> 1x400 | I48: =[1]QC!I49 -> 230 | K48: =[1]QC!K49 -> ~ | L48: =[1]QC!L49 -> ~ | M48: =[1]QC!M49 -> 2 / RCX1634 | N48: =[1]QC!N49 -> 3 / RCX1534 | O48: =[1]QC!Z49 -> 1818.3251 | P48: =[1]QC!AA49 -> 2054.5176 | Q48: =[1]QC!AI49 -> 2146.1701 | R48: =[1]QC!AJ49 -> 2382.3626
A49: =[1]QC!A50 -> QC010 | B49: =[1]QC!B50 -> CL401C6H | D49: =[1]QC!D50 -> MT40,ZB21,CS20,CS24 | E49: =[1]QC!E50 -> 25800 | F49: =[1]QC!F50 -> 7.559332 | G49: =[1]QC!G50 -> 12 | H49: =[1]QC!H50 -> 1x400 | I49: =[1]QC!I50 -> 230 | K49: =[1]QC!K50 -> ~ | L49: =[1]QC!L50 -> ~ | M49: =[1]QC!M50 -> 3 / RCX2434 | N49: =[1]QC!N50 -> 3 / RCX1534 | O49: =[1]QC!Z50 -> 2013.0696 | P49: =[1]QC!AA50 -> 2249.2621 | Q49: =[1]QC!AI50 -> 2340.9146 | R49: =[1]QC!AJ50 -> 2577.1071
A50: =[1]QC!A51 -> QC010.1 | B50: =[1]QC!B51 -> CL402C3H | D50: =[1]QC!D51 -> MT44,ZB29,CS24,CS27,cr42 | E50: =[1]QC!E51 -> 27645.3 | F50: =[1]QC!F51 -> 8.1 | G50: =[1]QC!G51 -> 14 | H50: =[1]QC!H51 -> 2x400 | I50: =[1]QC!I51 -> 415 | K50: =[1]QC!K51 -> ~ | L50: =[1]QC!L51 -> ~ | M50: =[1]QC!M51 -> 3 / RCX2434 | N50: =[1]QC!N51 -> 3 / RCX1534 | O50: =[1]QC!Z51 -> 2361.889 | P50: =[1]QC!AA51 -> 2598.0815 | Q50: =[1]QC!AI51 -> 3017.579 | R50: =[1]QC!AJ51 -> 3253.7715
A51: =[1]QC!A52 -> QC011 | B51: =[1]QC!B52 -> CL402C4H | D51: =[1]QC!D52 -> MT50,ZB29,CS27,cr47 | E51: =[1]QC!E52 -> 30400 | F51: =[1]QC!F52 -> 8.9071198 | G51: =[1]QC!G52 -> 14 | H51: =[1]QC!H52 -> 2x400 | I51: =[1]QC!I52 -> 415 | K51: =[1]QC!K52 -> ~ | L51: =[1]QC!L52 -> ~ | M51: =[1]QC!M52 -> 3 / RCX2434 | N51: =[1]QC!N52 -> 3 / RCX2034 | O51: =[1]QC!Z52 -> 2643.6194 | P51: =[1]QC!AA52 -> 2879.8119 | Q51: =[1]QC!AI52 -> 3299.3094 | R51: =[1]QC!AJ52 -> 3535.5019
... A57: =[1]QC!A58 -> QC016 | B57: =[1]QC!B58 -> CL404C6H | D57: =[1]QC!D58 -> MT144/4VES10Y,ZB95 | E57: =[1]QC!E58 -> 93400 | F57: =[1]QC!F58 -> 27.365954 | G57: =[1]QC!G58 -> 16 | H57: =[1]QC!H58 -> 4x400 | I57: =[1]QC!I58 -> 415 | K57: =[1]QC!K58 -> ~ | L57: =[1]QC!L58 -> ~ | M57: =[1]QC!M58 -> TEX5-2 / TCLE7.5HW / SCX0845 | N57: =[1]QC!N58 -> TES5-2 / SCX0857/TGES7.5 | O57: =[1]QC!Z58 -> 5721.036 | P57: =[1]QC!AA58 -> 6285.082 | Q57: =[1]QC!AI58 -> 7032.416 | R57: =[1]QC!AJ58 -> 7596.462
A58: =[1]QC!A60 -> QC018 | B58: =[1]QC!B60 -> NT501C6H | D58: =[1]QC!D60 -> MT100,ZB58 | E58: =[1]QC!E60 -> 66000 | F58: =[1]QC!F60 -> 19.337826 | G58: =[1]QC!G60 -> 26 | H58: =[1]QC!H60 -> 1X500 | I58: =[1]QC!I60 -> 415 | K58: =[1]QC!K60 -> ~ | L58: =[1]QC!L60 -> ~ | M58: =[1]QC!M60 -> 6 / TCLE5HW / SCX0645 | N58: =[1]QC!N60 -> 6 | O58: =[1]QC!Z60 -> 4345.3414 | P58: =[1]QC!AA60 -> 4864.6219 | Q58: =[1]QC!AI60 -> 4575.7525 | R58: =[1]QC!AJ60 -> 5095.0329
A59: =[1]QC!A61 -> QC019 | B59: =[1]QC!B61 -> NT501C8H | D59: =[1]QC!D61 -> MT125,ZB76 | E59: =[1]QC!E61 -> 82100 | F59: =[1]QC!F61 -> 24.055084 | G59: =[1]QC!G61 -> 26 | H59: =[1]QC!H61 -> 1X500 | I59: =[1]QC!I61 -> 415 | K59: =[1]QC!K61 -> ~ | L59: =[1]QC!L61 -> ~ | M59: =[1]QC!M61 -> TEX5-1 / TCLE5HW / SCX0645 | N59: =[1]QC!N61 -> TES5-2 /TGES7.5 | O59: =[1]QC!Z61 -> 5038.5906 | P59: =[1]QC!AA61 -> 5557.8711 | Q59: =[1]QC!AI61 -> 5269.0017 | R59: =[1]QC!AJ61 -> 5788.2821
A60: =[1]QC!A62 -> QC020 | B60: =[1]QC!B62 -> NT502C4H | D60: =[1]QC!D62 -> MT160/4VES10Y | E60: =[1]QC!E62 -> 90800 | F60: =[1]QC!F62 -> 26.604161 | G60: =[1]QC!G62 -> 26 | H60: =[1]QC!H62 -> 2X500 | I60: =[1]QC!I62 -> 415 | K60: =[1]QC!K62 -> ~ | L60: =[1]QC!L62 -> ~ | M60: =[1]QC!M62 -> TEX5-2 / TCLE7.5HW / SCX0845 | N60: =[1]QC!N62 -> TES5-3 / SCX0857/TGES9 | O60: =[1]QC!Z62 -> 5903.496 | P60: =[1]QC!AA62 -> 6422.7765 | Q60: =[1]QC!AI62 -> 6364.3181 | R60: =[1]QC!AJ62 -> 6883.5985
A61: =[1]QC!A63 -> QC021 | B61: =[1]QC!B63 -> NT502C5H | D61: =[1]QC!D63 -> 4TES12Y,ZB95 | E61: =[1]QC!E63 -> 106500 | F61: =[1]QC!F63 -> 31.204219 | G61: =[1]QC!G63 -> 26 | H61: =[1]QC!H63 -> 2x500 | I61: =[1]QC!I63 -> 415 | K61: =[1]QC!K63 -> ~ | L61: =[1]QC!L63 -> ~ | M61: =[1]QC!M63 -> TEX5-2 / TCLE7.5HW / SCX0845 | N61: =[1]QC!N63 -> TES5-3 / SCX0857/TGES9 | O61: =[1]QC!Z63 -> 6871.6544 | P61: =[1]QC!AA63 -> 7390.9348 | Q61: =[1]QC!AI63 -> 7332.4764 | R61: =[1]QC!AJ63 -> 7851.7569
A62: =[1]QC!A64 -> QC022 | B62: =[1]QC!B64 -> NT502C6H | D62: =[1]QC!D64 -> 4PES15Y,ZB114 | E62: =[1]QC!E64 -> 120000 | F62: =[1]QC!F64 -> 35.159684 | G62: =[1]QC!G64 -> 26 | H62: =[1]QC!H64 -> 2x500 | I62: =[1]QC!I64 -> 415 | K62: =[1]QC!K64 -> ~ | L62: =[1]QC!L64 -> ~ | M62: =[1]QC!M64 -> TEX5-3 / TCLE10HW / SCX1057 | N62: =[1]QC!N64 -> TES5-4 / SCX0957/TGES11 | O62: =[1]QC!Z64 -> 7451.3541 | P62: =[1]QC!AA64 -> 7970.6346 | Q62: =[1]QC!AI64 -> 7912.1762 | R62: =[1]QC!AJ64 -> 8431.4566
A63: =[1]QC!A65 -> QC023 | B63: =[1]QC!B65 -> NT502C8H | D63: =[1]QC!D65 -> 4NES20Y,ZB130 | E63: =[1]QC!E65 -> 140000 | F63: =[1]QC!F65 -> 41.019631 | G63: =[1]QC!G65 -> 26 | H63: =[1]QC!H65 -> 2x500 | I63: =[1]QC!I65 -> 415 | K63: =[1]QC!K65 -> ~ | L63: =[1]QC!L65 -> ~ | M63: =[1]QC!M65 -> TEX5-4 / TCLE12HW / SCX1257 | N63: =[1]QC!N65 -> TES12-5 /TGES13 | O63: =[1]QC!Z65 -> 9118.6615 | P63: =[1]QC!AA65 -> 9637.9419 | Q63: =[1]QC!AI65 -> 9507.8446 | R63: =[1]QC!AJ65 -> 10027.125
A64: =[1]QC!A66 -> QC023.1 | B64: =[1]QC!B66 -> NT503C5H | D64: =[1]QC!D66 -> 4JE22Y,ZB130 | E64: =[1]QC!E66 -> 150000 | F64: =[1]QC!F66 -> 43.949604 | G64: =[1]QC!G66 -> 26 | H64: =[1]QC!H66 -> 3x500 | I64: =[1]QC!I66 -> 415 | K64: =[1]QC!K66 -> ~ | L64: =[1]QC!L66 -> ~ | M64: =[1]QC!M66 -> TEX5-4 / TCLE12HW / SCX1257 | N64: =[1]QC!N66 -> TES12-5 /TGES13 | O64: =[1]QC!Z66 -> 9638.061 | P64: =[1]QC!AA66 -> 10157.341 | Q64: =[1]QC!AI66 -> 10324.513 | R64: =[1]QC!AJ66 -> 10843.794
A65: =[1]QC!A67 -> QC024 | B65: =[1]QC!B67 -> NT503C6H | D65: =[1]QC!D67 -> 4HE25Y,ZB190 | E65: =[1]QC!E67 -> 167000 | F65: =[1]QC!F67 -> 48.93056 | G65: =[1]QC!G67 -> 26 | H65: =[1]QC!H67 -> 3x500 | I65: =[1]QC!I67 -> 415 | K65: =[1]QC!K67 -> ~ | L65: =[1]QC!L67 -> ~ | M65: =[1]QC!M67 -> TEX5-4 / TJLE14HW / SCX1457 | N65: =[1]QC!N67 -> TES12-5 /TGES13 | O65: =[1]QC!Z67 -> 10965.992 | P65: =[1]QC!AA67 -> 11677.282 | Q65: =[1]QC!AI67 -> 11657.225 | R65: =[1]QC!AJ67 -> 12368.515
A66: =[1]QC!A68 -> QC025 | B66: =[1]QC!B68 -> NT503C8H | D66: =[1]QC!D68 -> 4GE30Y,ZB220 | E66: =[1]QC!E68 -> 204000 | F66: =[1]QC!F68 -> 59.771462 | G66: =[1]QC!G68 -> 26 | H66: =[1]QC!H68 -> 3x500 | I66: =[1]QC!I68 -> 415 | K66: =[1]QC!K68 -> ~ | L66: =[1]QC!L68 -> ~ | M66: =[1]QC!M68 -> TEX12-5 / TJLE18HW | N66: =[1]QC!N68 -> TES12-6/TGES18 | O66: =[1]QC!Z68 -> 13404.317 | P66: =[1]QC!AA68 -> 14115.607 | Q66: =[1]QC!AI68 -> 14095.55 | R66: =[1]QC!AJ68 -> 14806.84
A67: =[1]QC!A69 -> QC025.1 | B67: =[1]QC!B69 -> NT504C6H | D67: =[1]QC!D69 -> 6HE35Y | E67: =[1]QC!E69 -> 235000 | F67: =[1]QC!F69 -> 68.85438 | G67: =[1]QC!G69 -> 30 | H67: =[1]QC!H69 -> 4x500 | I67: =[1]QC!I69 -> 415 | K67: =[1]QC!K69 -> ~ | L67: =[1]QC!L69 -> ~ | M67: =[1]QC!M69 -> TEX12-5 / TJLE18HW | N67: =[1]QC!N69 -> TES12-6/TGES18 | O67: =[1]QC!Z69 -> 15595.957 | P67: =[1]QC!AA69 -> 16307.248 | Q67: =[1]QC!AI69 -> 16517.602 | R67: =[1]QC!AJ69 -> 17228.892
A68: =[1]QC!A70 -> QC026 | B68: =[1]QC!B70 -> NT504S8H | D68: =[1]QC!D70 -> 6GE40Y | E68: =[1]QC!E70 -> 255000 | F68: =[1]QC!F70 -> 74.714328 | G68: =[1]QC!G70 -> 30 | H68: =[1]QC!H70 -> 4x500 | I68: =[1]QC!I70 -> 415 | K68: =[1]QC!K70 -> ~ | L68: =[1]QC!L70 -> ~ | M68: =[1]QC!M70 -> TEX12-5 / TJLE18HW | N68: =[1]QC!N70 -> TES12-7/TGES21 | O68: =[1]QC!Z70 -> 16750.576 | P68: =[1]QC!AA70 -> 17461.866 | Q68: =[1]QC!AI70 -> 17318.424 | R68: =[1]QC!AJ70 -> 18029.714
A69: =[1]QC!A71 -> QC027 | B69: =[1]QC!B71 -> NT632T6 | C69: Blast frezzer -5'C ~-40'C (9/18mm Fin Spacing)EBM fan sets, water defrost available,hot gas defrost and heater defrost available | D69: =[1]QC!D71 -> S6H-20.2Y | E69: =[1]QC!E71 -> 53925.4 | F69: =[1]QC!F71 -> 15.8 | G69: =[1]QC!G71 -> 41 | H69: =[1]QC!H71 -> 2x630 | I69: =[1]QC!I71 -> 415 | K69: =[1]QC!K71 -> 16.2 | L69: =[1]QC!L71 -> 1.625 | M69: =[1]QC!M71 -> TEX5-3 / TCLE10HW / SCX1057 | N69: =[1]QC!N71 -> TES5-4 /SCX0957 | O69: =[1]QC!Z71 -> 12328.153 | P69: =[1]QC!AA71 -> 13017.657 | Q69: =[1]QC!AI71 -> 13339.043 | R69: =[1]QC!AJ71 -> 14028.546
A70: =[1]QC!A72 -> QC028 | B70: =[1]QC!B72 -> NT632T8 | D70: =[1]QC!D72 -> S6G-25.2Y-S6F-30.2 | E70: =[1]QC!E72 -> 64164.4 | F70: =[1]QC!F72 -> 18.8 | G70: =[1]QC!G72 -> 41 | H70: =[1]QC!H72 -> 2x630 | I70: =[1]QC!I72 -> 415 | K70: =[1]QC!K72 -> 16.2 | L70: =[1]QC!L72 -> 2.125 | M70: =[1]QC!M72 -> TEX5-4 / TCLE12HW / SCX1257 | N70: =[1]QC!N72 -> TES12-5 -60c | O70: =[1]QC!Z72 -> 14479.616 | P70: =[1]QC!AA72 -> 15587.23 | Q70: =[1]QC!AI72 -> 15509.553 | R70: =[1]QC!AJ72 -> 16617.168
A71: =[1]QC!A73 -> QC029 | B71: =[1]QC!B73 -> NT632T8L | D71: =[1]QC!D73 -> S6G-25.2Y-S6F-30.2 | E71: =[1]QC!E73 -> 70307.8 | F71: =[1]QC!F73 -> 20.6 | G71: =[1]QC!G73 -> 41 | H71: =[1]QC!H73 -> 2x630 | I71: =[1]QC!I73 -> 415 | K71: =[1]QC!K73 -> 16.2 | L71: =[1]QC!L73 -> 2.125 | M71: =[1]QC!M73 -> TEX5-4 / TCLE12HW / SCX1257 | N71: =[1]QC!N73 -> TES12-5 -60C | O71: =[1]QC!Z73 -> 16284.454 | P71: =[1]QC!AA73 -> 17392.069 | Q71: =[1]QC!AI73 -> 17314.392 | R71: =[1]QC!AJ73 -> 18422.006
A72: =[1]QC!A74 -> QC030 | B72: =[1]QC!B74 -> NT802T8 | D72: =[1]QC!D74 -> S6F-30.2Y | E72: =[1]QC!E74 -> 78157.7 | F72: =[1]QC!F74 -> 22.9 | G72: =[1]QC!G74 -> 41 | H72: =[1]QC!H74 -> 2x800 | I72: =[1]QC!I74 -> 415 | K72: =[1]QC!K74 -> 16.2 | L72: =[1]QC!L74 -> 2.125 | M72: =[1]QC!M74 -> TEX5-4 / TCLE12HW / SCX1257 | N72: =[1]QC!N74 -> TES12-5 -60c | O72: =[1]QC!Z74 -> 18920.311 | P72: =[1]QC!AA74 -> 20027.926 | Q72: =[1]QC!AI74 -> 19038.154 | R72: =[1]QC!AJ74 -> 20145.769
A73: =[1]QC!A75 -> QC031 | B73: =[1]QC!B75 -> NT802T8L | D73: =[1]QC!D75 -> S6H-20.2Y X 2 | E73: =[1]QC!E75 -> 105803 | F73: =[1]QC!F75 -> 31 | G73: =[1]QC!G75 -> 41 | H73: =[1]QC!H75 -> 2x800 | I73: =[1]QC!I75 -> 415 | K73: =[1]QC!K75 -> 16.2 | L73: =[1]QC!L75 -> 2.125 | M73: =[1]QC!M75 -> 0 | N73: =[1]QC!N75 -> 0 | O73: =[1]QC!Z75 -> 21992.122 | P73: =[1]QC!AA75 -> 23099.737 | Q73: =[1]QC!AI75 -> 22109.965 | R73: =[1]QC!AJ75 -> 23217.58
A74: =[1]QC!A76 -> QC031.1 | B74: =[1]QC!B76 -> NT803T8 | D74: =[1]QC!D76 -> S6F-30.2Y | E74: =[1]QC!E76 -> 128670.1 | F74: =[1]QC!F76 -> 37.7 | G74: =[1]QC!G76 -> 41 | H74: =[1]QC!H76 -> 3x800 | I74: =[1]QC!I76 -> 415 | K74: =[1]QC!K76 -> 24.3 | L74: =[1]QC!L76 -> 2.125 | M74: =[1]QC!M76 -> 0 | N74: =[1]QC!N76 -> 0 | O74: =[1]QC!Z76 -> 35209.125 | P74: =[1]QC!AA76 -> 36316.739 | Q74: =[1]QC!AI76 -> 35385.889 | R74: =[1]QC!AJ76 -> 36493.503
A75: =[1]QC!A77 -> QC031.2 | B75: =[1]QC!B77 -> NT633T6 | D75: =[1]QC!D77 -> S6F-30.2Y | E75: =[1]QC!E77 -> 81229.4 | F75: =[1]QC!F77 -> 23.8 | G75: =[1]QC!G77 -> 41 | H75: =[1]QC!H77 -> 3x630 | I75: =[1]QC!I77 -> 415 | K75: =[1]QC!K77 -> 24.3 | L75: =[1]QC!L77 -> 2.125 | M75: =[1]QC!M77 -> TEX5-4 / TJLE14HW / SCX1457 | N75: =[1]QC!N77 -> TES12-5 -60c | O75: =[1]QC!Z77 -> 16479.569 | P75: =[1]QC!AA77 -> 17587.184 | Q75: =[1]QC!AI77 -> 19550.819 | R75: =[1]QC!AJ77 -> 20658.433
A76: =[1]QC!A78 -> QC031.3 | B76: =[1]QC!B78 -> NT633T8 | D76: =[1]QC!D78 -> S6F-30.2Y | E76: =[1]QC!E78 -> 98635.7 | F76: =[1]QC!F78 -> 28.9 | G76: =[1]QC!G78 -> 41 | H76: =[1]QC!H78 -> 3x630 | I76: =[1]QC!I78 -> 415 | K76: =[1]QC!K78 -> 24.3 | L76: =[1]QC!L78 -> 2.125 | M76: =[1]QC!M78 -> TEX12-6 / TER 22HW | N76: =[1]QC!N78 -> TES12 -60c -7 | O76: =[1]QC!Z78 -> 20671.336 | P76: =[1]QC!AA78 -> 21778.951 | Q76: =[1]QC!AI78 -> 22216.242 | R76: =[1]QC!AJ78 -> 23323.857
A77: =[1]QC!A79 -> QC031.4 | B77: =[1]QC!B79 -> NT634T8 | D77: =[1]QC!D79 -> S6F-30.2Y X2 | E77: =[1]QC!E79 -> 0 | F77: =[1]QC!F79 -> 0 | G77: =[1]QC!G79 -> 0 | H77: =[1]QC!H79 -> 4x630 | I77: =[1]QC!I79 -> 415 | K77: =[1]QC!K79 -> 0 | L77: =[1]QC!L79 -> 0 | M77: =[1]QC!M79 -> 0 | N77: =[1]QC!N79 -> TES12-5 -60c *2pcs | O77: =[1]QC!Z79 -> 24341.064 | P77: =[1]QC!AA79 -> 26286.953 | Q77: =[1]QC!AI79 -> 26400.939 | R77: =[1]QC!AJ79 -> 28568.548
A78: =[1]QC!A82 -> QC031.7 | B78: =[1]QC!B82 -> NF636T6W | D78: =[1]QC!D82 -> 0 | E78: =[1]QC!E82 -> 0 | F78: =[1]QC!F82 -> 46 | G78: =[1]QC!G82 -> 0 | H78: =[1]QC!H82 -> 6x630 | I78: =[1]QC!I82 -> 0 | K78: =[1]QC!K82 -> 0 | L78: =[1]QC!L82 -> 0 | M78: =[1]QC!M82 -> 0 | N78: =[1]QC!N82 -> TES12-6 -60c *2pcs | O78: =[1]QC!Z82 -> 36258.355 | P78: =[1]QC!AA82 -> 38425.964 | Q78: =[1]QC!AI80 -> 0 | R78: =[1]QC!AJ80 -> 0
A79: =[1]QC!A83 -> QC031.8 | B79: =[1]QC!B83 -> NF636T8W | D79: =[1]QC!D83 -> 0 | E79: =[1]QC!E83 -> 0 | F79: =[1]QC!F83 -> 56 | G79: =[1]QC!G83 -> 0 | H79: =[1]QC!H83 -> 6x630 | I79: =[1]QC!I83 -> 0 | K79: =[1]QC!K83 -> 0 | L79: =[1]QC!L83 -> 0 | M79: =[1]QC!M83 -> 0 | N79: =[1]QC!N83 -> TES12-7 -60c *2pcs | O79: =[1]QC!Z83 -> 43836.285 | P79: =[1]QC!AA83 -> 46003.895 | Q79: =[1]QC!AI81 -> 0 | R79: =[1]QC!AJ81 -> 0
A80: =[1]QC!A84 -> 0 | B80: =[1]QC!B84 -> NT804T8 | D80: =[1]QC!D84 -> S6F-30.2Y X2 | E80: =[1]QC!E84 -> 0 | F80: =[1]QC!F84 -> 0 | G80: =[1]QC!G84 -> 0 | H80: =[1]QC!H84 -> 4x800 | I80: =[1]QC!I84 -> 0 | K80: =[1]QC!K84 -> 0 | L80: =[1]QC!L84 -> 0 | M80: =[1]QC!M84 -> 0 | N80: =[1]QC!N84 -> TES12-5 -60c *2pcs | O80: =[1]QC!Z84 -> 32314.059 | P80: =[1]QC!AA84 -> 34259.948 | Q80: =[1]QC!AI82 -> 43861.716 | R80: =[1]QC!AJ82 -> 46029.326
A81: =[1]QC!A85 -> QC32 | B81: =[1]QC!B85 -> ND301C4 | C81: +0'C ~- 8'C (6mm Fin Spacing) usage for processing empty room with heater defrost c/w Axial fan sets | D81: =[1]QC!D85 -> MT22 -MT32 | E81: =[1]QC!E85 -> 15017.2 | F81: =[1]QC!F85 -> 4.4 | G81: =[1]QC!G85 -> 7 | H81: =[1]QC!H85 -> 1x300 | I81: =[1]QC!I85 -> 415 | K81: =[1]QC!K85 -> 1 | L81: =[1]QC!L85 -> ~ | M81: =[1]QC!M85 -> 2 / RCX1634 | N81: =[1]QC!N85 -> 2 / RCX1034 | O81: =[1]QC!Z85 -> 1780.9333 | P81: =[1]QC!AA85 -> 2036.4756
A82: =[1]QC!A86 -> QC33 | B82: =[1]QC!B86 -> ND302C4 | D82: =[1]QC!D86 -> MT36 - MT50 | E82: =[1]QC!E86 -> 30034.4 | F82: =[1]QC!F86 -> 8.8 | G82: =[1]QC!G86 -> 7 | H82: =[1]QC!H86 -> 2x300 | I82: =[1]QC!I86 -> 415 | K82: =[1]QC!K86 -> 1.6 | L82: =[1]QC!L86 -> ~ | M82: =[1]QC!M86 -> 3 / RCX2434 | N82: =[1]QC!N86 -> 3 / RCX1534 | O82: =[1]QC!Z86 -> 2575.7793 | P82: =[1]QC!AA86 -> 2831.3216
A83: =[1]QC!A87 -> QC34 | B83: =[1]QC!B87 -> ND303C4 | D83: =[1]QC!D87 -> MT64 | E83: =[1]QC!E87 -> 42321.2 | F83: =[1]QC!F87 -> 12.4 | G83: =[1]QC!G87 -> 7 | H83: =[1]QC!H87 -> 3x300 | I83: =[1]QC!I87 -> 415 | K83: =[1]QC!K87 -> 2.4 | L83: =[1]QC!L87 -> ~ | M83: =[1]QC!M87 -> 4 / RCX3134 | N83: =[1]QC!N87 -> 4 / RCX2034 | O83: =[1]QC!Z87 -> 3310.8625 | P83: =[1]QC!AA87 -> 3566.4048
A84: =[1]QC!A88 -> 0 | B84: =[1]QC!B88 -> ND304C4 | D84: =[1]QC!D88 -> MT80 | E84: =[1]QC!E88 -> 55973.2 | F84: =[1]QC!F88 -> 16.4 | G84: =[1]QC!G88 -> 7 | H84: =[1]QC!H88 -> 4x300 | I84: =[1]QC!I88 -> 415 | K84: =[1]QC!K88 -> 3 | L84: =[1]QC!L88 -> ~ | M84: =[1]QC!M88 -> 5 / RCX4734 | N84: =[1]QC!N88 -> 5 / RCX3034 | O84: =[1]QC!Z88 -> 5008.0895 | P84: =[1]QC!AA88 -> 5263.6318
A85: =[1]QC!A89 -> 0 | B85: =[1]QC!B89 -> ND305C4 | D85: =[1]QC!D89 -> MT100 | E85: =[1]QC!E89 -> 68942.6 | F85: =[1]QC!F89 -> 20.2 | G85: =[1]QC!G89 -> 7 | H85: =[1]QC!H89 -> 5x300 | I85: =[1]QC!I89 -> 415 | K85: =[1]QC!K89 -> 3.6 | L85: =[1]QC!L89 -> ~ | M85: =[1]QC!M89 -> 6 / TCLE5HW / SCX0645 | N85: =[1]QC!N89 -> 6 | O85: =[1]QC!Z89 -> 6334.8633 | P85: =[1]QC!AA89 -> 6590.4056
A86: =[1]QC!A90 -> 0 | B86: =[1]QC!B90 -> ND452C4 | C86: +0'C ~-8'C (6mm Fin Spacing) usage for processing empty room with heater defrost c/w Axial fan sets 6pole | D86: =[1]QC!D90 -> MT80 | E86: =[1]QC!E90 -> 34130 | F86: =[1]QC!F90 -> 10 | G86: =[1]QC!G90 -> 12 | H86: =[1]QC!H90 -> 2x450 | I86: =[1]QC!I90 -> 415 | K86: =[1]QC!K90 -> 7.2 | L86: =[1]QC!L90 -> ~ | M86: =[1]QC!M90 -> 0 | N86: =[1]QC!N90 -> 0 | O86: =[1]QC!Z90 -> ~ | P86: =[1]QC!AA90 -> ~
A87: =[1]QC!A91 -> 0 | B87: =[1]QC!B91 -> ND452C6 | D87: =[1]QC!D91 -> MT100 - MT125 | E87: =[1]QC!E91 -> 40273.4 | F87: =[1]QC!F91 -> 11.8 | G87: =[1]QC!G91 -> 12 | H87: =[1]QC!H91 -> 2x450 | I87: =[1]QC!I91 -> 415 | K87: =[1]QC!K91 -> 7.2 | L87: =[1]QC!L91 -> ~ | M87: =[1]QC!M91 -> 0 | N87: =[1]QC!N91 -> 0 | O87: =[1]QC!Z91 -> ~ | P87: =[1]QC!AA91 -> ~
A88: =[1]QC!A92 -> 0 | B88: =[1]QC!B92 -> ND453C4 | D88: =[1]QC!D92 -> MT144 - MT160 | E88: =[1]QC!E92 -> 50512.4 | F88: =[1]QC!F92 -> 14.8 | G88: =[1]QC!G92 -> 12 | H88: =[1]QC!H92 -> 3x450 | I88: =[1]QC!I92 -> 415 | K88: =[1]QC!K92 -> 10.8 | L88: =[1]QC!L92 -> ~ | M88: =[1]QC!M92 -> 0 | N88: =[1]QC!N92 -> 0 | O88: =[1]QC!Z92 -> ~ | P88: =[1]QC!AA92 -> ~
A89: =[1]QC!A93 -> 0 | B89: =[1]QC!B93 -> ND453C6 | D89: =[1]QC!D93 -> 4PCS-15.2 | E89: =[1]QC!E93 -> 66212.2 | F89: =[1]QC!F93 -> 19.4 | G89: =[1]QC!G93 -> 12 | H89: =[1]QC!H93 -> 3x450 | I89: =[1]QC!I93 -> 415 | K89: =[1]QC!K93 -> 10.8 | L89: =[1]QC!L93 -> ~ | M89: =[1]QC!M93 -> 0 | N89: =[1]QC!N93 -> 0 | O89: =[1]QC!Z93 -> ~ | P89: =[1]QC!AA93 -> ~
A90: =[1]QC!A94 -> 0 | B90: =[1]QC!B94 -> ND454C6 | D90: =[1]QC!D94 -> 4NCS-20.2 | E90: =[1]QC!E94 -> 84642.4 | F90: =[1]QC!F94 -> 24.8 | G90: =[1]QC!G94 -> 12 | H90: =[1]QC!H94 -> 4x450 | I90: =[1]QC!I94 -> 415 | K90: =[1]QC!K94 -> 14.4 | L90: =[1]QC!L94 -> ~ | M90: =[1]QC!M94 -> 0 | N90: =[1]QC!N94 -> 0 | O90: =[1]QC!Z94 -> ~ | P90: =[1]QC!AA94 -> ~
A91: =[1]QC!A95 -> QC032 | B91: =[1]QC!B95 -> CE301C4 | C91: FREEZER - 5'C ~ - 25'C ( 6mm Fin Spacing) Unit blower with AXIAL FAN SETS | D91: =[1]QC!D95 -> WJ5510 | E91: =[1]QC!E95 -> 3071.7 | F91: =[1]QC!F95 -> 0.9 | G91: =[1]QC!G95 -> 8 | H91: =[1]QC!H95 -> 1x300 | I91: =[1]QC!I95 -> 230 | K91: =[1]QC!K95 -> 1 | L91: =[1]QC!L95 -> ~ | M91: =[1]QC!M95 -> 0 / RCX0834 | N91: =[1]QC!N95 -> 1 / RCX0834 | O91: =[1]QC!Z95 -> 1039.8738 | P91: =[1]QC!AA95 -> 1436.1659
A92: =[1]QC!A96 -> QC066 | B92: =[1]QC!B96 -> CAE301C4 | C92: FREEZER - 5'C ~ - 25'C ( 6mm Fin Spacing) Unit blower with AXIAL FAN SETS | D92: =[1]QC!D96 -> MT18-MT22 | E92: =[1]QC!E96 -> 4095.6 | F92: =[1]QC!F96 -> 1.2 | G92: =[1]QC!G96 -> 8 | H92: =[1]QC!H96 -> 1x300 | I92: =[1]QC!I96 -> 230 | K92: =[1]QC!K96 -> 1 | L92: =[1]QC!L96 -> ~ | M92: =[1]QC!M96 -> 0 / RCX0834 | N92: =[1]QC!N96 -> 1 / RCX0834 | O92: =[1]QC!Z96 -> 1084.0983 | P92: =[1]QC!AA96 -> 1484.2029
A93: =[1]QC!A97 -> QC067 | B93: =[1]QC!B97 -> CAE301C6 | D93: =[1]QC!D97 -> MT32 | E93: =[1]QC!E97 -> 5802.1 | F93: =[1]QC!F97 -> 1.7 | G93: =[1]QC!G97 -> 8 | H93: =[1]QC!H97 -> 1x300 | I93: =[1]QC!I97 -> 230 | K93: =[1]QC!K97 -> 1.5 | L93: =[1]QC!L97 -> ~ | M93: =[1]QC!M97 -> 1 / RCX1234 | N93: =[1]QC!N97 -> 1 / RCX0834 | O93: =[1]QC!Z97 -> 1222.7481 | P93: =[1]QC!AA97 -> 1634.8053
A94: =[1]QC!A98 -> QC068 | B94: =[1]QC!B98 -> CAE302C3/C4N | D94: =[1]QC!D98 -> MT36 | E94: =[1]QC!E98 -> 7508.6 | F94: =[1]QC!F98 -> 2.2 | G94: =[1]QC!G98 -> 10 | H94: =[1]QC!H98 -> 2x300 | I94: =[1]QC!I98 -> 230 | K94: =[1]QC!K98 -> 2 | L94: =[1]QC!L98 -> ~ | M94: =[1]QC!M98 -> 1 / RCX1234 | N94: =[1]QC!N98 -> 2 / RCX1034 | O94: =[1]QC!Z98 -> 1614.7925 | P94: =[1]QC!AA98 -> 2060.6466
A95: =[1]QC!A99 -> QC069 | B95: =[1]QC!B99 -> CAE302C4/C5N | D95: =[1]QC!D99 -> MT40 | E95: =[1]QC!E99 -> 8873.8 | F95: =[1]QC!F99 -> 2.6 | G95: =[1]QC!G99 -> 9 | H95: =[1]QC!H99 -> 2x300 | I95: =[1]QC!I99 -> 230 | K95: =[1]QC!K99 -> 2 | L95: =[1]QC!L99 -> ~ | M95: =[1]QC!M99 -> 2 / RCX1634 | N95: =[1]QC!N99 -> 3 / RCX1534 | O95: =[1]QC!Z99 -> 1758.2234 | P95: =[1]QC!AA99 -> 2216.4422
A96: =[1]QC!A100 -> QC070 | B96: =[1]QC!B100 -> CAE302C6 | D96: =[1]QC!D100 -> MT50-MT64 | E96: =[1]QC!E100 -> 10580.3 | F96: =[1]QC!F100 -> 3.1 | G96: =[1]QC!G100 -> 9 | H96: =[1]QC!H100 -> 2x300 | I96: =[1]QC!I100 -> 230 | K96: =[1]QC!K100 -> 3 | L96: =[1]QC!L100 -> ~ | M96: =[1]QC!M100 -> 2 / RCX1634 | N96: =[1]QC!N100 -> 3 / RCX1534 | O96: =[1]QC!Z100 -> 2052.2566 | P96: =[1]QC!AA100 -> 2535.8231
A97: =[1]QC!A101 -> QC071 | B97: =[1]QC!B101 -> CAE303C4/C5N | D97: =[1]QC!D101 -> MT64 | E97: =[1]QC!E101 -> 12286.8 | F97: =[1]QC!F101 -> 3.6 | G97: =[1]QC!G101 -> 11 | H97: =[1]QC!H101 -> 3x300 | I97: =[1]QC!I101 -> 230 | K97: =[1]QC!K101 -> 3 | L97: =[1]QC!L101 -> ~ | M97: =[1]QC!M101 -> 3 / RCX2434 | N97: =[1]QC!N101 -> 4 / RCX2034 | O97: =[1]QC!Z101 -> 2489.7208 | P97: =[1]QC!AA101 -> 3010.9997
A98: =[1]QC!A102 -> QC072 | B98: =[1]QC!B102 -> CAE303C6 | D98: =[1]QC!D102 -> MT80 | E98: =[1]QC!E102 -> 16723.7 | F98: =[1]QC!F102 -> 4.9 | G98: =[1]QC!G102 -> 10 | H98: =[1]QC!H102 -> 3x300 | I98: =[1]QC!I102 -> 230 | K98: =[1]QC!K102 -> 4.5 | L98: =[1]QC!L102 -> ~ | M98: =[1]QC!M102 -> 4 / RCX3134 | N98: =[1]QC!N102 -> 5 / RCX3034 | O98: =[1]QC!Z102 -> 2914.0371 | P98: =[1]QC!AA102 -> 3471.895
A99: =[1]QC!A103 -> QC073 | B99: =[1]QC!B103 -> CAE304C6 | D99: =[1]QC!D103 -> MT100 | E99: =[1]QC!E103 -> 18771.5 | F99: =[1]QC!F103 -> 5.5 | G99: =[1]QC!G103 -> 10 | H99: =[1]QC!H103 -> 4x300 | I99: =[1]QC!I103 -> 230 | K99: =[1]QC!K103 -> 0 | L99: =[1]QC!L103 -> 0 | M99: =[1]QC!M103 -> 5 / RCX4734 | N99: =[1]QC!N103 -> 6 / RCX3034 | O99: =[1]QC!Z103 -> 3579.7954 | P99: =[1]QC!AA103 -> 4195.0462
A101: Orifice no | B101: TX,TS rated capacity in ton
B102: R22 | C102: R404A,507 | D102: R407C
A103: 0 | B103: 0.51 | C103: 0.37 | D103: 0.53
A104: 1 | B104: 0.99 | C104: 0.75 | D104: 1.04
A105: 2 | B105: 1.34 | C105: 1.05 | D105: 1.41
A106: 3 | B106: 2.27 | C106: 1.79 | D106: 2.4
A107: 4 | B107: 3.45 | C107: 2.83 | D107: 3.67
A108: 5 | B108: 4.76 | C108: 3.71 | D108: 4.86
A109: 6 | B109: 5.6 | C109: 4.42 | D109: 5.82
A110: Orifice no | B110: TEX5,TES5 rated capacity in ton
B111: R22 | C111: R404A,507 | D111: R407C
A112: 0.5 | B112: 2.97 | C112: 2.33 | D112: 3.06
A113: 1 | B113: 5.46 | C113: 4.26 | D113: 5.6
A114: 2 | B114: 7.51 | C114: 5.86 | D114: 7.77
A115: 3 | B115: 9.66 | C115: 7.51 | D115: 9.94
...

Sheet Heat plate
A1: WELLER AIR-COND PARTS ENTERPRISE SDN BHD (613386-K)
A3: =QC!A3 -> DATE :5.12.25
A8: ='[1]Heat plate'!A8 -> ITEM CODE | B8: ='[1]Heat plate'!B8 -> MODEL | C8: ='[1]Heat plate'!C8 -> DESCRIPTION | D8: ='[1]Heat plate'!D8 -> Power(HP) | E8: ='[1]Heat plate'!E8 -> L*W*T (mm) | F8: ='[1]Heat plate'!F8 -> Water flow rate M3/H | G8: ='[1]Heat plate'!G8 -> CONNECTION | H8: ='[1]Heat plate'!H8 -> Power of pump(kw) | I8: ='[1]Heat plate'!N8 -> RM | J8: COMPRESSOR MODEL | K8: BRAND | L8: HP | M8: C/W Condenser sets | N8: ='[1]Heat plate'!$T$8 -> Water chiller with heat plate only(RM)
A9: ='[1]Heat plate'!A9 -> HEAT001 | B9: ='[1]Heat plate'!B9 -> EATB15-12 | C9: HEAT PLATE EXCHANGER FOR WATER CHILLER 0.75HP TILL 300HP | D9: ='[1]Heat plate'!D9 -> 0.3 | E9: ='[1]Heat plate'!E9 -> 220*76*35 | F9: ='[1]Heat plate'!F9 -> 0.22 | G9: ='[1]Heat plate'!G9 -> 4-φ 1/2",1/2" (2hp ~5hp) | H9: ='[1]Heat plate'!H9 -> 0 | I9: ='[1]Heat plate'!N9 -> 435.66278
A10: ='[1]Heat plate'!A10 -> HEAT002 | B10: ='[1]Heat plate'!B10 -> EATB15-16 | D10: ='[1]Heat plate'!D10 -> 0.4 | E10: ='[1]Heat plate'!E10 -> 220*76*44 | F10: ='[1]Heat plate'!F10 -> 0.22 | G10: ='[1]Heat plate'!G10 -> 4-φ 5/8",1/2" (4hp ~ 7hp) | H10: ='[1]Heat plate'!H10 -> 0 | I10: ='[1]Heat plate'!N10 -> 482.80826
A11: ='[1]Heat plate'!A11 -> HEAT003 | B11: ='[1]Heat plate'!B11 -> EATB15-20 | D11: ='[1]Heat plate'!D11 -> 0.5 | E11: ='[1]Heat plate'!E11 -> 220*76*51 | F11: ='[1]Heat plate'!F11 -> 0.22 | G11: ='[1]Heat plate'!G11 -> 4-φ 5/8",5/8" (8hp ~ 12hp) | H11: ='[1]Heat plate'!H11 -> zfi20~zfi39 | I11: ='[1]Heat plate'!N11 -> 529.76132
A12: ='[1]Heat plate'!A12 -> HEAT004 | B12: ='[1]Heat plate'!B12 -> EATB25-12 | D12: ='[1]Heat plate'!D12 -> 0.75 | E12: ='[1]Heat plate'!E12 -> 297*124*34 | F12: ='[1]Heat plate'!F12 -> 0.33 | G12: ='[1]Heat plate'!G12 -> Freon 5/8,7/8 (30hp sub cooler) | H12: ='[1]Heat plate'!H12 -> zfi50-zfi81 | I12: ='[1]Heat plate'!N12 -> 882.10167
A13: ='[1]Heat plate'!A13 -> HEAT004.01 | B13: ='[1]Heat plate'!B13 -> EATB25-D-44 | D13: ='[1]Heat plate'!D13 -> 0 | E13: ='[1]Heat plate'!E13 -> 297*124*116 | F13: ='[1]Heat plate'!F13 -> sub cooler | G13: ='[1]Heat plate'!G13 -> 40hp screw,ZFI96-144 (3/4",3/4") | H13: ='[1]Heat plate'!H13 -> scx4734 / scx0445 zfi96-140 | I13: ='[1]Heat plate'!N13 -> 1576.9271
A14: ='[1]Heat plate'!A14 -> HEAT004.02 | B14: ='[1]Heat plate'!B14 -> EATB52-D-16 | D14: ='[1]Heat plate'!D14 -> 0 | E14: ='[1]Heat plate'!E14 -> 527*112*50 | F14: ='[1]Heat plate'!F14 -> sub cooler | G14: ='[1]Heat plate'!G14 -> 30-40HP (3/4",1 1/8") | H14: ='[1]Heat plate'!H14 -> scx4734 / scx0445 | I14: ='[1]Heat plate'!N14 -> 1106.6882
A15: ='[1]Heat plate'!A15 -> HEAT004.03 | B15: ='[1]Heat plate'!B15 -> EATB52-D-30 | D15: ='[1]Heat plate'!D15 -> 0 | E15: ='[1]Heat plate'!E15 -> 527*112*83 | F15: ='[1]Heat plate'!F15 -> sub cooler | G15: ='[1]Heat plate'!G15 -> 50-60HP (7/8",1 1/8") | H15: ='[1]Heat plate'!H15 -> scx0645 / scx0545 | I15: ='[1]Heat plate'!N15 -> 1639.6972
A16: ='[1]Heat plate'!A16 -> HEAT004.04 | B16: ='[1]Heat plate'!B16 -> EATB52-D-40 | D16: ='[1]Heat plate'!D16 -> 0 | E16: ='[1]Heat plate'!E16 -> 527*112*106 | F16: ='[1]Heat plate'!F16 -> sub cooler | G16: ='[1]Heat plate'!G16 -> 70-80HP (7/8",1 1/8") | H16: ='[1]Heat plate'!H16 -> scx0845 / scx 0857 | I16: ='[1]Heat plate'!N16 -> 2020.1549
A17: ='[1]Heat plate'!A23 -> HEAT005 | B17: ='[1]Heat plate'!B23 -> EATB25-24 | D17: ='[1]Heat plate'!D23 -> 2 | E17: ='[1]Heat plate'!E23 -> 297*124*62 | F17: ='[1]Heat plate'!F23 -> 0.86 | G17: ='[1]Heat plate'!G23 -> Freon 5/8,7/8 water 1" | H17: ='[1]Heat plate'!H23 -> 0.37 | I17: ='[1]Heat plate'!N23 -> 638.25556
A18: ='[1]Heat plate'!A24 -> HEAT006 | B18: ='[1]Heat plate'!B24 -> EATB25-32 | D18: ='[1]Heat plate'!D24 -> 3 | E18: ='[1]Heat plate'!E24 -> 297*124*81 | F18: ='[1]Heat plate'!F24 -> 1.28 | G18: ='[1]Heat plate'!G24 -> Freon 5/8,7/8 water 1" | H18: ='[1]Heat plate'!H24 -> 0.37 | I18: ='[1]Heat plate'!N24 -> 768.77778 | J18: JT95GABY1L | K18: Daikin Scroll Comp 3ph | L18: 3 | M18: ='[1]Heat plate'!#REF! -> #REF! | N18: ='[1]Heat plate'!T24 -> 11913.077
A19: ='[1]Heat plate'!A25 -> HEAT007 | B19: ='[1]Heat plate'!B25 -> EATB25-42 | D19: ='[1]Heat plate'!D25 -> 4 | E19: ='[1]Heat plate'!E25 -> 297*124*104 | F19: ='[1]Heat plate'!F25 -> 1.71 | G19: ='[1]Heat plate'!G25 -> Freon 5/8,7/8 water 1" | H19: ='[1]Heat plate'!H25 -> 0.37 | I19: ='[1]Heat plate'!N25 -> 936.7 | J19: JT125GABY1L | L19: 4 | M19: ='[1]Heat plate'!#REF! -> #REF! | N19: ='[1]Heat plate'!T25 -> 0
A20: ='[1]Heat plate'!A26 -> HEAT008 | B20: ='[1]Heat plate'!B26 -> EATB25-48 | D20: ='[1]Heat plate'!D26 -> 5 | E20: ='[1]Heat plate'!E26 -> 297*124*119 | F20: ='[1]Heat plate'!F26 -> 2.14 | G20: ='[1]Heat plate'!G26 -> Freon 7/8,1 1/8 water 1 1/4" | H20: ='[1]Heat plate'!H26 -> 0.37 | I20: ='[1]Heat plate'!N26 -> 998.46667 | J20: JT160GABY1L | L20: 5 | M20: ='[1]Heat plate'!#REF! -> #REF! | N20: ='[1]Heat plate'!T26 -> 0
A21: ='[1]Heat plate'!A27 -> HEAT009 | B21: ='[1]Heat plate'!B27 -> EATB61-26 | D21: ='[1]Heat plate'!D27 -> 6 | E21: ='[1]Heat plate'!E27 -> 539*125*68 | F21: ='[1]Heat plate'!F27 -> 2.58 | G21: ='[1]Heat plate'!G27 -> Freon 7/8,1 1/8 water 1 1/4" | H21: ='[1]Heat plate'!H27 -> 0.75 | I21: ='[1]Heat plate'!N27 -> 1155.15 | J21: C-SB453H8A | K21: Sanyo Scroll | L21: 6 | M21: ='[1]Heat plate'!#REF! -> #REF! | N21: ='[1]Heat plate'!T27 -> 8140.618
A22: ='[1]Heat plate'!A28 -> HEAT010 | B22: ='[1]Heat plate'!B28 -> EATB61-30 | D22: ='[1]Heat plate'!D28 -> 7 | E22: ='[1]Heat plate'!E28 -> 539*125*77 | F22: ='[1]Heat plate'!F28 -> 3 | G22: ='[1]Heat plate'!G28 -> Freon 7/8,1 1/8 water 1 1/4" | H22: ='[1]Heat plate'!H28 -> 0.75 | I22: ='[1]Heat plate'!N28 -> 1269.9 | J22: HLM081T4LC6 | K22: Danfoss Scroll | L22: 7 | M22: ='[1]Heat plate'!#REF! -> #REF! | N22: ='[1]Heat plate'!T28 -> 0
A23: ='[1]Heat plate'!A29 -> HEAT010.1 | B23: ='[1]Heat plate'!B29 -> EATB61-32 | D23: ='[1]Heat plate'!D29 -> 8 | E23: ='[1]Heat plate'!E29 -> 539*125*82 | F23: ='[1]Heat plate'!F29 -> 3.43 | G23: ='[1]Heat plate'!G29 -> Freon 7/8,1 1/8 water 1 1/4" | H23: ='[1]Heat plate'!H29 -> 0.75 | I23: ='[1]Heat plate'!N29 -> 1327.1333 | J23: ZB58KQE-TFD | K23: Copeland scroll | L23: 8 | M23: ='[1]Heat plate'!#REF! -> #REF! | N23: ='[1]Heat plate'!T29 -> 0
A24: ='[1]Heat plate'!A30 -> HEAT011 | B24: ='[1]Heat plate'!B30 -> EATB61-40 | D24: ='[1]Heat plate'!D30 -> 10 | E24: ='[1]Heat plate'!E30 -> 539*125*100 | F24: ='[1]Heat plate'!F30 -> 4.28 | G24: ='[1]Heat plate'!G30 -> Freon 7/8,1 1/8 water 1 1/4" | H24: ='[1]Heat plate'!H30 -> 0.75 | I24: ='[1]Heat plate'!N30 -> 1556.4444 | J24: SM124A4ALB | K24: Danfoss Scroll | L24: 10 | M24: ='[1]Heat plate'!#REF! -> #REF! | N24: ='[1]Heat plate'!T30 -> 0
A25: ='[1]Heat plate'!A31 -> HEAT012 | B25: ='[1]Heat plate'!B31 -> EATB61-50 | D25: ='[1]Heat plate'!D31 -> 12 | E25: ='[1]Heat plate'!E31 -> 539*125*124 | F25: ='[1]Heat plate'!F31 -> 5.14 | G25: ='[1]Heat plate'!G31 -> Freon 7/8,1 1/8 water 1 1/4" | H25: ='[1]Heat plate'!H31 -> 0.75 | I25: ='[1]Heat plate'!N31 -> 1843.0833 | J25: SM147A4ALB | L25: 12 | M25: ='[1]Heat plate'!#REF! -> #REF! | N25: ='[1]Heat plate'!T31 -> 5914.7365
A26: ='[1]Heat plate'!A32 -> HEAT013 | B26: ='[1]Heat plate'!B32 -> EATB85-44 | D26: ='[1]Heat plate'!D32 -> 15 | E26: ='[1]Heat plate'!E32 -> 564*188*110 | F26: ='[1]Heat plate'!F32 -> 6.42 | G26: ='[1]Heat plate'!G32 -> Freon 7/8,1 3/8 water 2" | H26: ='[1]Heat plate'!H32 -> 1.5 | I26: ='[1]Heat plate'!N32 -> 2563.6944 | J26: SM185S4CC | L26: 15 | M26: ='[1]Heat plate'!#REF! -> #REF! | N26: ='[1]Heat plate'!T32 -> 0
A27: ='[1]Heat plate'!A33 -> HEAT014 | B27: ='[1]Heat plate'!B33 -> EATB85-58 | D27: ='[1]Heat plate'!D33 -> 20 | E27: ='[1]Heat plate'!E33 -> 564*188*142 | F27: ='[1]Heat plate'!F33 -> 8.56 | G27: ='[1]Heat plate'!G33 -> Freon 7/8,1 3/8 water 2" | H27: ='[1]Heat plate'!H33 -> 1.5 | I27: ='[1]Heat plate'!N33 -> 3214.2278 | J27: SY240A4ABB | L27: 20 | M27: ='[1]Heat plate'!#REF! -> #REF! | N27: ='[1]Heat plate'!T33 -> 0
A28: ='[1]Heat plate'!A34 -> HEAT015 | B28: ='[1]Heat plate'!B34 -> EATB85-70 | D28: ='[1]Heat plate'!D34 -> 25 | E28: ='[1]Heat plate'!E34 -> 564*188*170 | F28: ='[1]Heat plate'!F34 -> 10.7 | G28: ='[1]Heat plate'!G34 -> Freon 7/8,1 3/8 water 2" | H28: ='[1]Heat plate'!H34 -> 2.2 | I28: ='[1]Heat plate'!N34 -> 3772.1111 | J28: 06EA265 | K28: CARRIER RECOND COMP | L28: 25 | M28: ='[1]Heat plate'!#REF! -> #REF! | N28: ='[1]Heat plate'!T34 -> 0
A29: ='[1]Heat plate'!A35 -> HEAT016 | B29: ='[1]Heat plate'!B35 -> EATB120-64 | D29: ='[1]Heat plate'!D35 -> 30 | E29: ='[1]Heat plate'!E35 -> 564*247*164 | F29: ='[1]Heat plate'!F35 -> 12.86 | G29: ='[1]Heat plate'!G35 -> Freon 7/8,1 3/8 water 2" | H29: ='[1]Heat plate'!H35 -> 2.2 | I29: ='[1]Heat plate'!N35 -> 4800.3278 | J29: 06EA275 | L29: 30 | M29: ='[1]Heat plate'!#REF! -> #REF! | N29: ='[1]Heat plate'!T35 -> 0
A30: ='[1]Heat plate'!A36 -> HEAT017 | B30: ='[1]Heat plate'!B36 -> EATB120-76 | D30: ='[1]Heat plate'!D36 -> 35 | E30: ='[1]Heat plate'!E36 -> 564*247*194 | F30: ='[1]Heat plate'!F36 -> 15 | G30: ='[1]Heat plate'!G36 -> Freon 7/8,1 3/8 water 2" | H30: ='[1]Heat plate'!H36 -> 4 | I30: ='[1]Heat plate'!N36 -> 5532.1778 | J30: 06EA199 | L30: 35 | M30: ='[1]Heat plate'!#REF! -> #REF! | N30: ='[1]Heat plate'!T36 -> 0
A31: ='[1]Heat plate'!A37 -> HEAT018 | B31: ='[1]Heat plate'!B37 -> EATB120-86 | D31: ='[1]Heat plate'!D37 -> 40 | E31: ='[1]Heat plate'!E37 -> 564*247*218 | F31: ='[1]Heat plate'!F37 -> 17.13 | G31: ='[1]Heat plate'!G37 -> Freon 7/8,1 3/8 water 2" | H31: ='[1]Heat plate'!H37 -> 4 | I31: ='[1]Heat plate'!N37 -> 6140.3056 | J31: 06EA299 | L31: 40 | M31: ='[1]Heat plate'!#REF! -> #REF! | N31: ='[1]Heat plate'!T37 -> 0
A32: ='[1]Heat plate'!A38 -> HEAT019 | B32: ='[1]Heat plate'!B38 -> EATB120-108 | D32: ='[1]Heat plate'!D38 -> 50 | E32: ='[1]Heat plate'!E38 -> 564*247*272 | F32: ='[1]Heat plate'!F38 -> 21.14 | G32: ='[1]Heat plate'!G38 -> Freon 7/8,1 3/8 water 2" | H32: ='[1]Heat plate'!H38 -> 4 | I32: ='[1]Heat plate'!N38 -> 7480.0944 | J32: 6F-50.2 | K32: Bitzer recond | L32: 50 | M32: ='[1]Heat plate'!#REF! -> #REF! | N32: ='[1]Heat plate'!T38 -> 0
A33: ='[1]Heat plate'!A39 -> HEAT020 | B33: ='[1]Heat plate'!B39 -> EATB61-24+24-2M | D33: ='[1]Heat plate'!D39 -> 5+5HP | E33: ='[1]Heat plate'!E39 -> 539*125*121 | F33: ='[1]Heat plate'!F39 -> 4.28 | G33: ='[1]Heat plate'!G39 -> Freon 7/8,1 1/8 water 1 1/4" | H33: ='[1]Heat plate'!H39 -> 0.75 | I33: ='[1]Heat plate'!N39 -> 1863.2 | M33: ='[1]Heat plate'!#REF! -> #REF! | N33: ='[1]Heat plate'!T39 -> 0
A34: ='[1]Heat plate'!A40 -> HEAT021 | B34: ='[1]Heat plate'!B40 -> EATB85-24+24-2M | D34: ='[1]Heat plate'!D40 -> 7.5+7.5HP | E34: ='[1]Heat plate'!E40 -> 564*188*121 | F34: ='[1]Heat plate'!F40 -> 6.42 | G34: ='[1]Heat plate'!G40 -> Freon 7/8,1 3/8 water 2" | H34: ='[1]Heat plate'!H40 -> 1.5 | I34: ='[1]Heat plate'!N40 -> 2827.1 | M34: ='[1]Heat plate'!#REF! -> #REF! | N34: ='[1]Heat plate'!T40 -> 0
A35: ='[1]Heat plate'!A41 -> HEAT022 | B35: ='[1]Heat plate'!B41 -> EATB85-30+30-2M | D35: ='[1]Heat plate'!D41 -> 10+10HP | E35: ='[1]Heat plate'!E41 -> 564*188*171 | F35: ='[1]Heat plate'!F41 -> 8.56 | G35: ='[1]Heat plate'!G41 -> Freon 7/8,1 3/8 water 2" | H35: ='[1]Heat plate'!H41 -> 1.5 | I35: ='[1]Heat plate'!N41 -> 3394.2389 | M35: ='[1]Heat plate'!#REF! -> #REF! | N35: ='[1]Heat plate'!T41 -> 0
A36: ='[1]Heat plate'!A42 -> HEAT023 | B36: ='[1]Heat plate'!B42 -> EATB85-38+38-2M | D36: ='[1]Heat plate'!D42 -> 12.5+12.5HP | E36: ='[1]Heat plate'!E42 -> 564*188*187 | F36: ='[1]Heat plate'!F42 -> 10.7 | G36: ='[1]Heat plate'!G42 -> Freon 7/8,1 3/8 water 2" | H36: ='[1]Heat plate'!H42 -> 2.2 | I36: ='[1]Heat plate'!N42 -> 4128.6389 | M36: ='[1]Heat plate'!#REF! -> #REF! | N36: ='[1]Heat plate'!T42 -> 0
A37: ='[1]Heat plate'!A43 -> HEAT024 | B37: ='[1]Heat plate'!B43 -> EATB85-46+46-2M | D37: ='[1]Heat plate'!D43 -> 15+15HP | E37: ='[1]Heat plate'!E43 -> 564*188*225 | F37: ='[1]Heat plate'!F43 -> 12.86 | G37: ='[1]Heat plate'!G43 -> Freon 7/8,1 3/8 water 2" | H37: ='[1]Heat plate'!H43 -> 2.2 | I37: ='[1]Heat plate'!N43 -> 4872.2944 | M37: ='[1]Heat plate'!#REF! -> #REF! | N37: ='[1]Heat plate'!T43 -> 0
A38: ='[1]Heat plate'!A44 -> HEAT025 | B38: ='[1]Heat plate'!B44 -> EATB25-48-2 | D38: ='[1]Heat plate'!D44 -> 5 | E38: ='[1]Heat plate'!E44 -> 297*124*119 | F38: ='[1]Heat plate'!F44 -> 2.14 | G38: ='[1]Heat plate'!G44 -> Freon 7/8,1 1/8 water 1 1/4" | H38: ='[1]Heat plate'!H44 -> 0.37 | I38: ='[1]Heat plate'!N44 -> 944.44444 | M38: ='[1]Heat plate'!#REF! -> #REF! | N38: ='[1]Heat plate'!T44 -> 0
A39: ='[1]Heat plate'!A45 -> HEAT026 | B39: ='[1]Heat plate'!B45 -> EATB61-26-2 | D39: ='[1]Heat plate'!D45 -> 6 | E39: ='[1]Heat plate'!E45 -> 539*125*68 | F39: ='[1]Heat plate'!F45 -> 2.58 | G39: ='[1]Heat plate'!G45 -> Freon 7/8,1 1/8 water 1 1/4" | H39: ='[1]Heat plate'!H45 -> 0.75 | I39: ='[1]Heat plate'!N45 -> 1052.6778 | M39: ='[1]Heat plate'!#REF! -> #REF! | N39: ='[1]Heat plate'!T45 -> 0
A40: ='[1]Heat plate'!A46 -> HEAT027 | B40: ='[1]Heat plate'!B46 -> EATB61-40-2 | D40: ='[1]Heat plate'!D46 -> 10 | E40: ='[1]Heat plate'!E46 -> 539*125*100 | F40: ='[1]Heat plate'!F46 -> 4.28 | G40: ='[1]Heat plate'!G46 -> Freon 7/8,1 1/8 water 1 1/4" | H40: ='[1]Heat plate'!H46 -> 0.75 | I40: ='[1]Heat plate'!N46 -> 1556.4444 | M40: ='[1]Heat plate'!#REF! -> #REF! | N40: ='[1]Heat plate'!T46 -> 0
A41: ='[1]Heat plate'!A47 -> HEAT028 | B41: ='[1]Heat plate'!B47 -> EATB61-50-2 | D41: ='[1]Heat plate'!D47 -> 12 | E41: ='[1]Heat plate'!E47 -> 539*125*124 | F41: ='[1]Heat plate'!F47 -> 5.14 | G41: ='[1]Heat plate'!G47 -> Freon 7/8,1 1/8 water 1 1/4" | H41: ='[1]Heat plate'!H47 -> 0.75 | I41: ='[1]Heat plate'!N47 -> 1843.0833 | M41: ='[1]Heat plate'!#REF! -> #REF! | N41: ='[1]Heat plate'!T47 -> 0
A42: ='[1]Heat plate'!A48 -> HEAT029 | B42: ='[1]Heat plate'!B48 -> EATB85-44-2 | D42: ='[1]Heat plate'!D48 -> 15 | E42: ='[1]Heat plate'!E48 -> 564*188*110 | F42: ='[1]Heat plate'!F48 -> 6.42 | G42: ='[1]Heat plate'!G48 -> Freon 7/8,1 3/8 water 2" | H42: ='[1]Heat plate'!H48 -> 1.5 | I42: ='[1]Heat plate'!N48 -> 2571.3444 | M42: ='[1]Heat plate'!#REF! -> #REF! | N42: ='[1]Heat plate'!T48 -> 0
A43: ='[1]Heat plate'!A49 -> HEAT030 | B43: ='[1]Heat plate'!B49 -> EATB85-58-2 | D43: ='[1]Heat plate'!D49 -> 20 | E43: ='[1]Heat plate'!E49 -> 564*188*142 | F43: ='[1]Heat plate'!F49 -> 8.56 | G43: ='[1]Heat plate'!G49 -> Freon 7/8,1 3/8 water 2" | H43: ='[1]Heat plate'!H49 -> 1.5 | I43: ='[1]Heat plate'!N49 -> 3253.8 | M43: ='[1]Heat plate'!#REF! -> #REF! | N43: ='[1]Heat plate'!T49 -> 0
A44: ='[1]Heat plate'!A50 -> HEAT031 | B44: ='[1]Heat plate'!B50 -> EATB120-64-2 | D44: ='[1]Heat plate'!D50 -> 30 | E44: ='[1]Heat plate'!E50 -> 564*247*164 | F44: ='[1]Heat plate'!F50 -> 12.86 | G44: ='[1]Heat plate'!G50 -> Freon 7/8,1 3/8 water 2" | H44: ='[1]Heat plate'!H50 -> 2.2 | I44: ='[1]Heat plate'!N50 -> 4800.3278 | M44: ='[1]Heat plate'!#REF! -> #REF! | N44: ='[1]Heat plate'!T50 -> 0
A45: ='[1]Heat plate'!A51 -> HEAT031.1 | B45: ='[1]Heat plate'!B51 -> CB10+10 (2*10HP C.BARREL) | C45: CHILLER BARREL EVAPORATING AT 2C | D45: ='[1]Heat plate'!D51 -> 10+10HP | E45: ='[1]Heat plate'!E51 -> 0 | F45: ='[1]Heat plate'!F51 -> 0 | G45: ='[1]Heat plate'!G51 -> 0 | I45: ='[1]Heat plate'!N51 -> 6037.7875 | M45: ='[1]Heat plate'!#REF! -> #REF! | N45: ='[1]Heat plate'!T51 -> 0
A46: ='[1]Heat plate'!A52 -> HEAT031.2 | B46: ='[1]Heat plate'!B52 -> CB12+12 (2*12HP C.BARREL) | D46: ='[1]Heat plate'!D52 -> 12+12HP | E46: ='[1]Heat plate'!E52 -> 0 | F46: ='[1]Heat plate'!F52 -> 0 | G46: ='[1]Heat plate'!G52 -> 0 | I46: ='[1]Heat plate'!N52 -> 6681.2705 | M46: ='[1]Heat plate'!#REF! -> #REF! | N46: ='[1]Heat plate'!T52 -> 0
A47: ='[1]Heat plate'!A53 -> HEAT031.3 | B47: ='[1]Heat plate'!B53 -> CB15+15 (2*15HP C.BARREL) | D47: ='[1]Heat plate'!D53 -> 15+15HP | E47: ='[1]Heat plate'!E53 -> 0 | F47: ='[1]Heat plate'!F53 -> 0 | G47: ='[1]Heat plate'!G53 -> 0 | I47: ='[1]Heat plate'!N53 -> 8474.8083 | M47: ='[1]Heat plate'!#REF! -> #REF! | N47: ='[1]Heat plate'!T53 -> 0
A48: ='[1]Heat plate'!A54 -> HEAT031.4 | B48: ='[1]Heat plate'!B54 -> CB20+20 (2*20HP C.BARREL) | D48: ='[1]Heat plate'!D54 -> 20+20HP | E48: ='[1]Heat plate'!E54 -> 0 | F48: ='[1]Heat plate'!F54 -> 0 | G48: ='[1]Heat plate'!G54 -> 0 | I48: ='[1]Heat plate'!N54 -> 10062.979 | M48: ='[1]Heat plate'!#REF! -> #REF! | N48: ='[1]Heat plate'!T54 -> 0
A49: ='[1]Heat plate'!A55 -> HEAT031.5 | B49: ='[1]Heat plate'!B55 -> CB25+25 (2*25HP C.BARREL) | D49: ='[1]Heat plate'!D55 -> 25+25HP | E49: ='[1]Heat plate'!E55 -> 0 | F49: ='[1]Heat plate'!F55 -> 0 | G49: ='[1]Heat plate'!G55 -> 0 | I49: ='[1]Heat plate'!N55 -> 12719.058 | M49: ='[1]Heat plate'!#REF! -> #REF! | N49: ='[1]Heat plate'!T55 -> 0
A50: ='[1]Heat plate'!A57 -> HEAT032 | B50: ='[1]Heat plate'!B57 -> CB5 (5hp chiller barrel) | D50: ='[1]Heat plate'!D57 -> 5 | E50: ='[1]Heat plate'!E57 -> 906*180 | F50: ='[1]Heat plate'!F57 -> 18KW | G50: ='[1]Heat plate'!G57 -> 0 | I50: ='[1]Heat plate'!N57 -> 2146.0843 | J50: JT160GABY1L | K50: Daikin Scroll Comp 3ph | L50: 5 | M50: ='[1]Heat plate'!#REF! -> #REF! | N50: ='[1]Heat plate'!T57 -> 1983.7866
A51: ='[1]Heat plate'!A58 -> HEAT032.1 | B51: ='[1]Heat plate'!B58 -> CB6 (6hp chiller barrel | D51: ='[1]Heat plate'!D58 -> 6 | E51: ='[1]Heat plate'!E58 -> 986*180 | F51: ='[1]Heat plate'!F58 -> 0 | G51: ='[1]Heat plate'!G58 -> 0 | I51: ='[1]Heat plate'!N58 -> 2334.3373 | M51: ='[1]Heat plate'!#REF! -> #REF! | N51: ='[1]Heat plate'!T58 -> 0
A52: ='[1]Heat plate'!A59 -> HEAT033 | B52: ='[1]Heat plate'!B59 -> CB8 (8hp chiller barrel) | D52: ='[1]Heat plate'!D59 -> 8 | E52: ='[1]Heat plate'!E59 -> 1086*219 | F52: ='[1]Heat plate'!F59 -> 28KW | G52: ='[1]Heat plate'!G59 -> 0 | I52: ='[1]Heat plate'!N59 -> 3043.4237 | J52: ZB58KQE-TFD | K52: Copeland scroll | L52: 8 | M52: ='[1]Heat plate'!#REF! -> #REF! | N52: ='[1]Heat plate'!T59 -> 0
A53: ='[1]Heat plate'!A60 -> HEAT034 | B53: ='[1]Heat plate'!B60 -> CB10 (10hp chiller barrel) | D53: ='[1]Heat plate'!D60 -> 10 | E53: ='[1]Heat plate'!E60 -> 1206*219 | F53: ='[1]Heat plate'!F60 -> 35KW | G53: ='[1]Heat plate'!G60 -> 0 | I53: ='[1]Heat plate'!N60 -> 3338.3534 | J53: SM124A4ALB | K53: Danfoss Scroll | L53: 10 | M53: ='[1]Heat plate'!#REF! -> #REF! | N53: ='[1]Heat plate'!T60 -> 0
A54: ='[1]Heat plate'!A61 -> HEAT035 | B54: ='[1]Heat plate'!B61 -> CB12 (12hp chiller barrel) | D54: ='[1]Heat plate'!D61 -> 12 | E54: ='[1]Heat plate'!E61 -> 1406*219 | F54: ='[1]Heat plate'!F61 -> 0 | G54: ='[1]Heat plate'!G61 -> 0 | I54: ='[1]Heat plate'!N61 -> 3953.3133 | M54: ='[1]Heat plate'!#REF! -> #REF! | N54: ='[1]Heat plate'!T61 -> 0
A55: ='[1]Heat plate'!A62 -> HEAT036 | B55: ='[1]Heat plate'!B62 -> CB15 (15hp chiller barrel) | D55: ='[1]Heat plate'!D62 -> 15 | E55: ='[1]Heat plate'!E62 -> 1406*219 | F55: ='[1]Heat plate'!F62 -> 47KW | G55: ='[1]Heat plate'!G62 -> 0 | I55: ='[1]Heat plate'!N62 -> 4241.9679 | J55: SM185S4CC | L55: 15 | M55: ='[1]Heat plate'!#REF! -> #REF! | N55: ='[1]Heat plate'!T62 -> 0
A56: ='[1]Heat plate'!A63 -> HEAT037 | B56: ='[1]Heat plate'!B63 -> CB20 (20hp chiller barrel) | D56: ='[1]Heat plate'!D63 -> 20 | E56: ='[1]Heat plate'!E63 -> 1606*219 | F56: ='[1]Heat plate'!F63 -> 56KW | G56: ='[1]Heat plate'!G63 -> 0 | I56: ='[1]Heat plate'!N63 -> 4919.6787 | J56: SY240A4ABB | L56: 20 | M56: ='[1]Heat plate'!#REF! -> #REF! | N56: ='[1]Heat plate'!T63 -> 15510.146
A57: ='[1]Heat plate'!A64 -> HEAT038 | B57: ='[1]Heat plate'!B64 -> CB25 (25hp chiller barrel) | D57: ='[1]Heat plate'!D64 -> 25 | E57: ='[1]Heat plate'!E64 -> 1706*219 | F57: ='[1]Heat plate'!F64 -> 65KW | G57: ='[1]Heat plate'!G64 -> 0 | I57: ='[1]Heat plate'!N64 -> 5484.4378 | J57: 06EA265 | K57: CARRIER RECOND COMP | L57: 25 | M57: ='[1]Heat plate'!#REF! -> #REF! | N57: ='[1]Heat plate'!T64 -> 0
A58: ='[1]Heat plate'!A65 -> HEAT039 | B58: ='[1]Heat plate'!B65 -> CB30 (30hp chiller barrel) | D58: ='[1]Heat plate'!D65 -> 30 | E58: ='[1]Heat plate'!E65 -> 1716*273 | F58: ='[1]Heat plate'!F65 -> 80KW | G58: ='[1]Heat plate'!G65 -> 0 | I58: ='[1]Heat plate'!N65 -> 7166.1647 | J58: 06EA275 | L58: 30 | M58: ='[1]Heat plate'!#REF! -> #REF! | N58: ='[1]Heat plate'!T65 -> 0
A59: ='[1]Heat plate'!A66 -> HEAT040 | B59: ='[1]Heat plate'!B66 -> CB35 (35hp chiller barrel) | D59: ='[1]Heat plate'!D66 -> 35 | E59: ='[1]Heat plate'!E66 -> 1916*273 | F59: ='[1]Heat plate'!F66 -> 95KW | G59: ='[1]Heat plate'!G66 -> 0 | I59: ='[1]Heat plate'!N66 -> 8032.1285 | L59: 35 | M59: ='[1]Heat plate'!#REF! -> #REF! | N59: ='[1]Heat plate'!T66 -> 0
A60: ='[1]Heat plate'!A67 -> HEAT041 | B60: ='[1]Heat plate'!B67 -> CB40 (40hp chiller barrel) | D60: ='[1]Heat plate'!D67 -> 40 | E60: ='[1]Heat plate'!E67 -> 1916*273 | F60: ='[1]Heat plate'!F67 -> 120KW | G60: ='[1]Heat plate'!G67 -> 0 | I60: ='[1]Heat plate'!N67 -> 8534.1365 | J60: 06EA299 | L60: 40 | M60: ='[1]Heat plate'!#REF! -> #REF! | N60: ='[1]Heat plate'!T67 -> 0
A61: ='[1]Heat plate'!A68 -> HEAT042 | B61: ='[1]Heat plate'!B68 -> CB50 | D61: ='[1]Heat plate'!D68 -> 50 | E61: ='[1]Heat plate'!E68 -> 0 | F61: ='[1]Heat plate'!F68 -> 135KW | G61: ='[1]Heat plate'!G68 -> 0 | I61: ='[1]Heat plate'!N68 -> 10667.671 | J61: 6F-50.2 | K61: Bitzer recond | L61: 50 | M61: ='[1]Heat plate'!#REF! -> #REF! | N61: ='[1]Heat plate'!T68 -> 0
A62: ='[1]Heat plate'!A69 -> HEAT043 | B62: ='[1]Heat plate'!B69 -> CB60 | D62: ='[1]Heat plate'!D69 -> 60 | E62: ='[1]Heat plate'!E69 -> 0 | F62: ='[1]Heat plate'!F69 -> 155KW | G62: ='[1]Heat plate'!G69 -> 0 | I62: ='[1]Heat plate'!N69 -> 12575.301 | M62: ='[1]Heat plate'!#REF! -> #REF! | N62: ='[1]Heat plate'!T69 -> 0
A63: ='[1]Heat plate'!A70 -> HEAT043.1 | B63: ='[1]Heat plate'!B70 -> CB70 | D63: ='[1]Heat plate'!D70 -> 70 | E63: ='[1]Heat plate'!E70 -> 0 | F63: ='[1]Heat plate'!F70 -> 0 | G63: ='[1]Heat plate'!G70 -> 0 | I63: ='[1]Heat plate'!N70 -> 14231.928 | M63: ='[1]Heat plate'!#REF! -> #REF! | N63: ='[1]Heat plate'!T70 -> 0
A64: ='[1]Heat plate'!A71 -> HEAT043.2 | B64: ='[1]Heat plate'!B71 -> CB80 | D64: ='[1]Heat plate'!D71 -> 80 | E64: ='[1]Heat plate'!E71 -> 0 | F64: ='[1]Heat plate'!F71 -> 0 | G64: ='[1]Heat plate'!G71 -> 0 | I64: ='[1]Heat plate'!N71 -> 16403.112 | M64: ='[1]Heat plate'!#REF! -> #REF! | N64: ='[1]Heat plate'!T71 -> 0
A65: ='[1]Heat plate'!A72 -> HEAT043.3 | B65: ='[1]Heat plate'!B72 -> CB90 | D65: ='[1]Heat plate'!D72 -> 90 | E65: ='[1]Heat plate'!E72 -> 0 | F65: ='[1]Heat plate'!F72 -> 0 | G65: ='[1]Heat plate'!G72 -> 0 | I65: ='[1]Heat plate'!N72 -> 17758.534 | M65: ='[1]Heat plate'!#REF! -> #REF! | N65: ='[1]Heat plate'!T72 -> 0
A66: ='[1]Heat plate'!A73 -> HEAT043.4 | B66: ='[1]Heat plate'!B73 -> CB100 | D66: ='[1]Heat plate'!D73 -> 100 | E66: ='[1]Heat plate'!E73 -> 0 | F66: ='[1]Heat plate'!F73 -> 0 | G66: ='[1]Heat plate'!G73 -> 0 | I66: ='[1]Heat plate'!N73 -> 18988.454 | M66: ='[1]Heat plate'!#REF! -> #REF! | N66: ='[1]Heat plate'!T73 -> 0
A67: ='[1]Heat plate'!A74 -> HEAT043.5 | B67: ='[1]Heat plate'!B74 -> CB110 | D67: ='[1]Heat plate'!D74 -> 110 | E67: ='[1]Heat plate'!E74 -> 0 | F67: ='[1]Heat plate'!F74 -> 0 | G67: ='[1]Heat plate'!G74 -> 0 | I67: ='[1]Heat plate'!N74 -> 20469.378 | M67: ='[1]Heat plate'!#REF! -> #REF! | N67: ='[1]Heat plate'!T74 -> 0
A68: ='[1]Heat plate'!A75 -> HEAT043.6 | B68: ='[1]Heat plate'!B75 -> CB120 | D68: ='[1]Heat plate'!D75 -> 120 | E68: ='[1]Heat plate'!E75 -> 0 | F68: ='[1]Heat plate'!F75 -> 0 | G68: ='[1]Heat plate'!G75 -> 0 | I68: ='[1]Heat plate'!N75 -> 21962.851 | M68: ='[1]Heat plate'!#REF! -> #REF! | N68: ='[1]Heat plate'!T75 -> 0
A69: ='[1]Heat plate'!A76 -> HEAT044 | B69: ='[1]Heat plate'!B76 -> T1HP titanium barrel 16c | C69: TITANIUM BARREL (18c) | D69: ='[1]Heat plate'!D76 -> 1hp | E69: ='[1]Heat plate'!E76 -> 330*220*280(W) | F69: ='[1]Heat plate'!F76 -> 0.064 * 3ft | G69: ='[1]Heat plate'!G76 -> 1 1/4" water inlet | I69: ='[1]Heat plate'!N76 -> 351.40562 | M69: ='[1]Heat plate'!#REF! -> #REF! | N69: ='[1]Heat plate'!T76 -> 2221.1193
A70: ='[1]Heat plate'!A77 -> HEAT045 | B70: ='[1]Heat plate'!B77 -> T1.5HP titanium barrel 16c | D70: ='[1]Heat plate'!D77 -> 1.5hp | E70: ='[1]Heat plate'!E77 -> 330*220*280(W) | F70: ='[1]Heat plate'!F77 -> 0.064 * 2.5ft | G70: ='[1]Heat plate'!G77 -> 1 1/4" water inlet | I70: ='[1]Heat plate'!N77 -> 445.53213 | M70: ='[1]Heat plate'!#REF! -> #REF! | N70: ='[1]Heat plate'!T77 -> 2546.3718
A71: ='[1]Heat plate'!A78 -> HEAT046 | B71: ='[1]Heat plate'!B78 -> T2HP titanium barrel 16c | D71: ='[1]Heat plate'!D78 -> 2hp | E71: ='[1]Heat plate'!E78 -> 330*220*280(W) | F71: ='[1]Heat plate'!F78 -> 0.075 * 1.5ft | G71: ='[1]Heat plate'!G78 -> 1 1/4" water inlet | I71: ='[1]Heat plate'!N78 -> 502.00803 | M71: ='[1]Heat plate'!#REF! -> #REF! | N71: ='[1]Heat plate'!T78 -> 2970.7619
A72: ='[1]Heat plate'!A79 -> HEAT047 | B72: ='[1]Heat plate'!B79 -> T3HP titanium barrel 16c | D72: ='[1]Heat plate'!D79 -> 3hp | E72: ='[1]Heat plate'!E79 -> 430*220*280(W) | F72: ='[1]Heat plate'!F79 -> 0.09 * 1.5ft | G72: ='[1]Heat plate'!G79 -> 1 1/2" water inlet | I72: ='[1]Heat plate'!N79 -> 613.70482 | M72: ='[1]Heat plate'!#REF! -> #REF! | N72: ='[1]Heat plate'!T79 -> 4304.0043
A73: ='[1]Heat plate'!A80 -> HEAT048 | B73: ='[1]Heat plate'!B80 -> T4HP titanium barrel 16c | D73: ='[1]Heat plate'!D80 -> 4 | E73: ='[1]Heat plate'!E80 -> 490*230*290(W) | F73: ='[1]Heat plate'!F80 -> 0.075 * 12" *2 | G73: ='[1]Heat plate'!G80 -> 1 1/2" water inlet | I73: ='[1]Heat plate'!N80 -> 730.42169 | M73: ='[1]Heat plate'!#REF! -> #REF! | N73: ='[1]Heat plate'!T80 -> 0
A74: ='[1]Heat plate'!A81 -> HEAT049 | B74: ='[1]Heat plate'!B81 -> T5HP titanium barrel 16c | D74: ='[1]Heat plate'!D81 -> 5 | E74: ='[1]Heat plate'!E81 -> 560*230*290(W) | F74: ='[1]Heat plate'!F81 -> 0.09*15"*2 | G74: ='[1]Heat plate'!G81 -> 1 1/2" water inlet | I74: ='[1]Heat plate'!N81 -> 768.07229 | M74: ='[1]Heat plate'!#REF! -> #REF! | N74: ='[1]Heat plate'!T81 -> 0
A75: ='[1]Heat plate'!A82 -> HEAT050 | B75: ='[1]Heat plate'!B82 -> T1hpS-RC (100mm) Titanium coil | C75: TITANIUM COIL (18c) | D75: ='[1]Heat plate'!D82 -> 1 | E75: ='[1]Heat plate'!E82 -> 200*430H*100mmd | F75: ='[1]Heat plate'!F82 -> 1/2" * 1/2" | G75: ='[1]Heat plate'!G82 -> 0 | I75: ='[1]Heat plate'!N82 -> ~ | M75: ='[1]Heat plate'!#REF! -> #REF! | N75: ='[1]Heat plate'!T82 -> 0
A76: ='[1]Heat plate'!A83 -> HEAT051 | B76: ='[1]Heat plate'!B83 -> T1.5hpS-RC (100mm) Titanium coil | D76: ='[1]Heat plate'!D83 -> 1.5 | E76: ='[1]Heat plate'!E83 -> 280*480H*100mmd | F76: ='[1]Heat plate'!F83 -> 1/2" * 1/2" | G76: ='[1]Heat plate'!G83 -> 0 | I76: ='[1]Heat plate'!N83 -> ~ | M76: ='[1]Heat plate'!#REF! -> #REF! | N76: ='[1]Heat plate'!T83 -> 0
A77: ='[1]Heat plate'!A84 -> HEAT052 | B77: ='[1]Heat plate'!B84 -> T2hpS-RC (100mm) Titanium coil | D77: ='[1]Heat plate'!D84 -> 2 | E77: ='[1]Heat plate'!E84 -> 400*500H*100mmd | F77: ='[1]Heat plate'!F84 -> 1/2" * 1/2" | G77: ='[1]Heat plate'!G84 -> 0 | I77: ='[1]Heat plate'!N84 -> ~ | M77: ='[1]Heat plate'!#REF! -> #REF! | N77: ='[1]Heat plate'!T84 -> 0
A78: ='[1]Heat plate'!A85 -> HEAT053 | B78: ='[1]Heat plate'!B85 -> T1hp-RC Titanium coil | D78: ='[1]Heat plate'!D85 -> 1 | E78: ='[1]Heat plate'!E85 -> 200*430H*150mmd | F78: ='[1]Heat plate'!F85 -> 1/2" * 1/2" | G78: ='[1]Heat plate'!G85 -> 0.064 * 3ft | I78: ='[1]Heat plate'!N85 -> 175.70281 | M78: ='[1]Heat plate'!#REF! -> #REF! | N78: ='[1]Heat plate'!T85 -> 0
A79: ='[1]Heat plate'!A86 -> HEAT054 | B79: ='[1]Heat plate'!B86 -> T1.5hp-RC Titanium coil | D79: ='[1]Heat plate'!D86 -> 1.5 | E79: ='[1]Heat plate'!E86 -> 280*480H*150mmd | F79: ='[1]Heat plate'!F86 -> 1/2" * 1/2" | G79: ='[1]Heat plate'!G86 -> 0.064 * 2.5ft | I79: ='[1]Heat plate'!N86 -> 243.4739 | M79: ='[1]Heat plate'!#REF! -> #REF! | N79: ='[1]Heat plate'!T86 -> 0
A80: ='[1]Heat plate'!A87 -> HEAT055 | B80: ='[1]Heat plate'!B87 -> T2hp-RC Titanium coil | D80: ='[1]Heat plate'!D87 -> 2 | E80: ='[1]Heat plate'!E87 -> 400*500H*150mmd | F80: ='[1]Heat plate'!F87 -> 1/2" * 1/2" | G80: ='[1]Heat plate'!G87 -> 0.075 * 1.5ft | I80: ='[1]Heat plate'!N87 -> 311.24498 | M80: ='[1]Heat plate'!#REF! -> #REF! | N80: ='[1]Heat plate'!T87 -> 0
A81: ='[1]Heat plate'!A88 -> HEAT056 | B81: ='[1]Heat plate'!B88 -> T3hp-RC Titanium coil | D81: ='[1]Heat plate'!D88 -> 3 | E81: ='[1]Heat plate'!E88 -> 340*520H*150mmd | F81: ='[1]Heat plate'!F88 -> 1/2" * 3/4" | G81: ='[1]Heat plate'!G88 -> 0.09 * 1.5ft | I81: ='[1]Heat plate'!N88 -> 432.98193 | M81: ='[1]Heat plate'!#REF! -> #REF! | N81: ='[1]Heat plate'!T88 -> 0
A82: ='[1]Heat plate'!A89 -> HEAT057 | B82: ='[1]Heat plate'!B89 -> T4hp-RC Titanium coil | D82: ='[1]Heat plate'!D89 -> 4 | E82: ='[1]Heat plate'!E89 -> 390*520H*150mmd | F82: ='[1]Heat plate'!F89 -> 1/2" * 3/4" | G82: ='[1]Heat plate'!G89 -> 0.075 * 12" *2 | I82: ='[1]Heat plate'!N89 -> 495.73293 | M82: ='[1]Heat plate'!#REF! -> #REF! | N82: ='[1]Heat plate'!T89 -> 0
A83: ='[1]Heat plate'!A90 -> HEAT058 | B83: ='[1]Heat plate'!B90 -> T5hp-RC Titanium coil | D83: ='[1]Heat plate'!D90 -> 5 | E83: ='[1]Heat plate'!E90 -> 450*520H*150mmd | F83: ='[1]Heat plate'!F90 -> 1/2" * 3/4" | G83: ='[1]Heat plate'!G90 -> 0.09*15"*2 | I83: ='[1]Heat plate'!N90 -> 558.48394 | M83: ='[1]Heat plate'!#REF! -> #REF! | N83: ='[1]Heat plate'!T90 -> 0
A84: ='[1]Heat plate'!A91 -> HEAT059 | B84: ='[1]Heat plate'!B91 -> TS1hp Titanium barrel 2c | C84: TITANIUM BARREL SMALL BODY (18c) | D84: ='[1]Heat plate'!D91 -> 1 | E84: ='[1]Heat plate'!E91 -> 405h*215d | F84: ='[1]Heat plate'!F91 -> 0 | G84: ='[1]Heat plate'!G91 -> 0.055 * 800mm | I84: ='[1]Heat plate'!N91 -> 426.70683 | M84: ='[1]Heat plate'!#REF! -> #REF! | N84: ='[1]Heat plate'!T91 -> 2296.4205
A85: ='[1]Heat plate'!A92 -> HEAT060 | B85: ='[1]Heat plate'!B92 -> TS1.5hp Titanium barrel 2c | D85: ='[1]Heat plate'!D92 -> 1.5 | E85: ='[1]Heat plate'!E92 -> 455h*215d | F85: ='[1]Heat plate'!F92 -> 0 | G85: ='[1]Heat plate'!G92 -> 0.064 * 800mm | I85: ='[1]Heat plate'!N92 -> 652.61044 | M85: ='[1]Heat plate'!#REF! -> #REF! | N85: ='[1]Heat plate'!T92 -> 2753.4501
A86: ='[1]Heat plate'!A93 -> HEAT061 | B86: ='[1]Heat plate'!B93 -> TS2hp Titanium barrel 2c | D86: ='[1]Heat plate'!D93 -> 2 | E86: ='[1]Heat plate'!E93 -> 475h*215d | F86: ='[1]Heat plate'!F93 -> 0 | G86: ='[1]Heat plate'!G93 -> 0.070 * 650mm | I86: ='[1]Heat plate'!N93 -> 823.29317 | M86: ='[1]Heat plate'!#REF! -> #REF! | N86: ='[1]Heat plate'!T93 -> 4304.2408
A87: ='[1]Heat plate'!A94 -> HEAT062 | B87: ='[1]Heat plate'!B94 -> TS3hp Titanium barrel 2c | D87: ='[1]Heat plate'!D94 -> 3 | E87: ='[1]Heat plate'!E94 -> 575h*215d | F87: ='[1]Heat plate'!F94 -> 0 | G87: ='[1]Heat plate'!G94 -> 0.08 *600mm | I87: ='[1]Heat plate'!N94 -> 1104.4177 | M87: ='[1]Heat plate'!#REF! -> #REF! | N87: ='[1]Heat plate'!T94 -> 4794.7171
A88: ='[1]Heat plate'!A95 -> HEAT063 | B88: ='[1]Heat plate'!B95 -> TS4hp Titanium barrel 2c | D88: ='[1]Heat plate'!D95 -> 4 | E88: ='[1]Heat plate'!E95 -> 675h*215d | F88: ='[1]Heat plate'!F95 -> 0 | G88: ='[1]Heat plate'!G95 -> 0.075 * 200mm | I88: ='[1]Heat plate'!N95 -> 1568.7751 | M88: ='[1]Heat plate'!#REF! -> #REF! | N88: ='[1]Heat plate'!T95 -> 0
A89: ='[1]Heat plate'!A96 -> HEAT064 | B89: ='[1]Heat plate'!B96 -> TS5hp Titanium barrel 2c | D89: ='[1]Heat plate'!D96 -> 5 | E89: ='[1]Heat plate'!E96 -> 675h*265d | F89: ='[1]Heat plate'!F96 -> 0 | G89: ='[1]Heat plate'!G96 -> 0.09*250mm | I89: ='[1]Heat plate'!N96 -> 1869.9799 | M89: ='[1]Heat plate'!#REF! -> #REF! | N89: ='[1]Heat plate'!T96 -> 0
A90: ='[1]Heat plate'!A97 -> HEAT065 | B90: ='[1]Heat plate'!B97 -> T5hp-2c Titanium barrel | C90: TITANIUM CHILLER BARREL (2c) pvc casing for marine water | D90: ='[1]Heat plate'!D97 -> 5 | E90: ='[1]Heat plate'!E97 -> 660*250*402 | F90: ='[1]Heat plate'!F97 -> 18KW | I90: ='[1]Heat plate'!N97 -> 1882.5301 | J90: JT160GABY1L | K90: Daikin Scroll Comp 3ph | M90: ='[1]Heat plate'!#REF! -> #REF! | N90: ='[1]Heat plate'!T97 -> 0
A91: ='[1]Heat plate'!A98 -> HEAT067 | B91: ='[1]Heat plate'!B98 -> T8hp-2C Titanium barrel | D91: ='[1]Heat plate'!D98 -> 8 | E91: ='[1]Heat plate'!E98 -> 880*250*402 | F91: ='[1]Heat plate'!F98 -> 28KW | I91: ='[1]Heat plate'!N98 -> 2998.243 | J91: MLZ058T4LC9 | K91: Danfoss Scroll | M91: ='[1]Heat plate'!#REF! -> #REF! | N91: ='[1]Heat plate'!T98 -> 0
A92: ='[1]Heat plate'!A99 -> HEAT068 | B92: ='[1]Heat plate'!B99 -> T10hp-2cC Titanium barrel | D92: ='[1]Heat plate'!D99 -> 10 | E92: ='[1]Heat plate'!E99 -> 1020*250*402 | F92: ='[1]Heat plate'!F99 -> 35KW | I92: ='[1]Heat plate'!N99 -> 3388.5542 | M92: ='[1]Heat plate'!#REF! -> #REF! | N92: ='[1]Heat plate'!T99 -> 0
A93: ='[1]Heat plate'!A100 -> HEAT069 | B93: ='[1]Heat plate'!B100 -> T12hp-2cC Titanium barrel | D93: ='[1]Heat plate'!D100 -> 12 | E93: ='[1]Heat plate'!E100 -> 1200*250*402 | F93: ='[1]Heat plate'!F100 -> 36KW | I93: ='[1]Heat plate'!N100 -> 3514.0562 | J93: SM124A4ALB | M93: ='[1]Heat plate'!#REF! -> #REF! | N93: ='[1]Heat plate'!T100 -> 0
A94: ='[1]Heat plate'!A101 -> HEAT070 | B94: ='[1]Heat plate'!B101 -> T15hp-2cC Titanium barrel | D94: ='[1]Heat plate'!D101 -> 15 | E94: ='[1]Heat plate'!E101 -> 1500*250*402 | F94: ='[1]Heat plate'!F101 -> 47KW | I94: ='[1]Heat plate'!N101 -> ~ | J94: SM147A4ALB | M94: ='[1]Heat plate'!#REF! -> #REF! | N94: ='[1]Heat plate'!T101 -> 0
A95: ='[1]Heat plate'!A102 -> HEAT071 | B95: ='[1]Heat plate'!B102 -> T20hp-2cC Titanium barrel | D95: ='[1]Heat plate'!D102 -> 20 | E95: ='[1]Heat plate'!E102 -> 1150*355*513 | F95: ='[1]Heat plate'!F102 -> 56KW | I95: ='[1]Heat plate'!N102 -> ~ | J95: SM185S4CC | M95: ='[1]Heat plate'!#REF! -> #REF! | N95: ='[1]Heat plate'!T102 -> 0
A96: ='[1]Heat plate'!A103 -> HEAT082 | B96: ='[1]Heat plate'!B103 -> T5SSCB Titanium barrel (5HP) +2C | C96: TITANIUM CHILLER BARREL S/STEEL CASING 2c | D96: ='[1]Heat plate'!D103 -> 5 | E96: ='[1]Heat plate'!E103 -> 0 | F96: ='[1]Heat plate'!F103 -> 0 | I96: ='[1]Heat plate'!N103 -> 1731.9277 | M96: ='[1]Heat plate'!#REF! -> #REF! | N96: ='[1]Heat plate'!T103 -> 0
A97: ='[1]Heat plate'!A104 -> HEAT083 | B97: ='[1]Heat plate'!B104 -> T6SSCB Titanium barrel | D97: ='[1]Heat plate'!D104 -> 6 | E97: ='[1]Heat plate'!E104 -> 0 | F97: ='[1]Heat plate'!F104 -> 0 | I97: ='[1]Heat plate'!N104 -> 1957.8313 | M97: ='[1]Heat plate'!#REF! -> #REF! | N97: ='[1]Heat plate'!T104 -> 0
A98: ='[1]Heat plate'!A105 -> HEAT084 | B98: ='[1]Heat plate'!B105 -> T8SSCB Titanium barrel | D98: ='[1]Heat plate'!D105 -> 8 | E98: ='[1]Heat plate'!E105 -> 0 | F98: ='[1]Heat plate'!F105 -> 0 | I98: ='[1]Heat plate'!N105 -> 2409.6386 | M98: ='[1]Heat plate'!#REF! -> #REF! | N98: ='[1]Heat plate'!T105 -> 0
A99: ='[1]Heat plate'!A106 -> HEAT085 | B99: ='[1]Heat plate'!B106 -> T10SSCB Titanium barrel | D99: ='[1]Heat plate'!D106 -> 10 | E99: ='[1]Heat plate'!E106 -> 0 | F99: ='[1]Heat plate'!F106 -> 0 | I99: ='[1]Heat plate'!N106 -> 3263.0522 | M99: ='[1]Heat plate'!#REF! -> #REF! | N99: ='[1]Heat plate'!T106 -> 0
A100: ='[1]Heat plate'!A107 -> HEAT086 | B100: ='[1]Heat plate'!B107 -> T12SSCB Titanium barrel | D100: ='[1]Heat plate'!D107 -> 12 | E100: ='[1]Heat plate'!E107 -> 0 | F100: ='[1]Heat plate'!F107 -> 0 | I100: ='[1]Heat plate'!N107 -> 3765.0602 | M100: ='[1]Heat plate'!#REF! -> #REF! | N100: ='[1]Heat plate'!T107 -> 0
A101: ='[1]Heat plate'!A108 -> HEAT087 | B101: ='[1]Heat plate'!B108 -> T15SSCB Titanium barrel | D101: ='[1]Heat plate'!D108 -> 15 | E101: ='[1]Heat plate'!E108 -> 0 | F101: ='[1]Heat plate'!F108 -> 0 | I101: ='[1]Heat plate'!N108 -> 4743.9759 | M101: ='[1]Heat plate'!#REF! -> #REF! | N101: ='[1]Heat plate'!T108 -> 0
A102: ='[1]Heat plate'!A109 -> HEAT088 | B102: ='[1]Heat plate'!B109 -> T20SSCB Titanium barrel | D102: ='[1]Heat plate'!D109 -> 20 | E102: ='[1]Heat plate'!E109 -> 0 | F102: ='[1]Heat plate'!F109 -> 0 | I102: ='[1]Heat plate'!N109 -> 6501.004 | M102: ='[1]Heat plate'!#REF! -> #REF! | N102: ='[1]Heat plate'!T109 -> 0
A103: ='[1]Heat plate'!A110 -> HEAT089 | B103: ='[1]Heat plate'!B110 -> T25SSCB Titanium barrel | D103: ='[1]Heat plate'!D110 -> 25 | E103: ='[1]Heat plate'!E110 -> 0 | F103: ='[1]Heat plate'!F110 -> 0 | I103: ='[1]Heat plate'!N110 -> 7316.7671 | M103: ='[1]Heat plate'!#REF! -> #REF! | N103: ='[1]Heat plate'!T110 -> 0
A104: ='[1]Heat plate'!A111 -> HEAT090 | B104: ='[1]Heat plate'!B111 -> T30SSCB 2in1 Titanium barrel | D104: ='[1]Heat plate'!D111 -> 30 | E104: ='[1]Heat plate'!E111 -> 0 | F104: ='[1]Heat plate'!F111 -> 0 | I104: ='[1]Heat plate'!N111 -> 8471.3855 | M104: ='[1]Heat plate'!#REF! -> #REF! | N104: ='[1]Heat plate'!T111 -> 0
A105: ='[1]Heat plate'!A112 -> HEAT091 | B105: ='[1]Heat plate'!B112 -> T40SSCB 2in1 Titanium barrel cw flange | D105: ='[1]Heat plate'!D112 -> 40 | E105: ='[1]Heat plate'!E112 -> 0 | F105: ='[1]Heat plate'!F112 -> 0 | I105: ='[1]Heat plate'!N112 -> 12299.197 | M105: ='[1]Heat plate'!#REF! -> #REF! | N105: ='[1]Heat plate'!T112 -> 0
...

Sheet BITZER
A1: WELLER AIR-COND PARTS ENTERPRISE SDN BHD (613386-K)
A3: ='Heat plate'!A3 -> DATE :5.12.25
A8: =[1]BITZER!$A8 -> ITEM CODE | B8: =[1]BITZER!$A8 -> ITEM CODE | C8: =[1]BITZER!$A8 -> ITEM CODE | D8: BRAND | E8: =[1]BITZER!$E$8 -> Accessories | F8: =[1]BITZER!$F$8 -> HP | G8: =[1]BITZER!$G$8 -> BTU AT 0C to -25C | H8: =[1]BITZER!$N$8 -> Germany Bitzer (RM) | I8: ACC OF REF | J8: =[1]BITZER!$R$8 -> CU QC MODEL | K8: =[1]BITZER!U$8 -> Cond QC (RM) | L8: =[1]BITZER!$W8 -> HTC MODEL | M8: =[1]BITZER!$Z8 -> HTC cond (RM)
A9: =[1]BITZER!$A9 -> 0 | B9: =[1]BITZER!$B9 -> 2HES-1(Y) | C9: =[1]BITZER!$C9 -> 2HC-1.2 | D9: GUANRANTEE ORIGINAL BITZER SEMI-HERMERTIC COMPRESSOR | E9: =[1]BITZER!$E9 -> CH | F9: =[1]BITZER!$F9 -> 1.5 LT | G9: =[1]BITZER!$G9 -> 4900btu | H9: =[1]BITZER!$N9 -> 0 | I9: All danfoss acc filter drier,sight glass,hand valve,solenoid valve,hi-lo control,oil pressure gauge ,oil separator,suction accumulator,vibration hose and etc. | J9: =[1]BITZER!R9 -> CU - 22 QC | K9: =[1]BITZER!U9 -> 0 | L9: =[1]BITZER!$W9 -> 0 | M9: =[1]BITZER!$Z9 -> 0
A10: =[1]BITZER!$A10 -> 0 | B10: =[1]BITZER!$B10 -> 2HES-2(Y) | C10: =[1]BITZER!$C10 -> 2HC-2.2 | E10: =[1]BITZER!$E10 -> CH | F10: =[1]BITZER!$F10 -> 2 MT | G10: =[1]BITZER!$G10 -> 14100btu | H10: =[1]BITZER!$N10 -> 0 | J10: =[1]BITZER!R10 -> CU - 32 QC | K10: =[1]BITZER!U10 -> 0 | L10: =[1]BITZER!$W10 -> HTC-3 | M10: =[1]BITZER!$Z10 -> 0
A11: =[1]BITZER!$A11 -> 0 | B11: =[1]BITZER!$B11 -> 2GES-2(Y) | C11: =[1]BITZER!$C11 -> 2GC-2.2 | E11: =[1]BITZER!$E11 -> CH | F11: =[1]BITZER!$F11 -> 2 LT | G11: =[1]BITZER!$G11 -> 5870btu | H11: =[1]BITZER!$N11 -> 0 | J11: =[1]BITZER!R11 -> CU - 32 QC | K11: =[1]BITZER!U11 -> 7833.5084 | L11: =[1]BITZER!$W11 -> HTC-3 | M11: =[1]BITZER!$Z11 -> 8274.9538
A12: =[1]BITZER!$A12 -> 0 | B12: =[1]BITZER!$B12 -> 2FES-2(Y) | C12: =[1]BITZER!$C12 -> 2FC-2.2 | E12: =[1]BITZER!$E12 -> CH | F12: =[1]BITZER!$F12 -> 2 LT | G12: =[1]BITZER!$G12 -> 7030btu | H12: =[1]BITZER!$N12 -> 4818.1818 | J12: =[1]BITZER!R12 -> CU - 36 QC | K12: =[1]BITZER!U12 -> 8177.4936 | L12: =[1]BITZER!$W12 -> HTC-3 | M12: =[1]BITZER!$Z12 -> 8486.3823
A13: =[1]BITZER!$A13 -> 0 | B13: =[1]BITZER!$B13 -> 2FES-3(Y) | C13: =[1]BITZER!$C13 -> 2FC-3.2 | E13: =[1]BITZER!$E13 -> CH | F13: =[1]BITZER!$F13 -> 3 MT | G13: =[1]BITZER!$G13 -> 20100btu | H13: =[1]BITZER!$N13 -> 5053.2468 | J13: =[1]BITZER!R13 -> CU - 40 QC | K13: =[1]BITZER!U13 -> 8522.6742 | L13: =[1]BITZER!$W13 -> HTC-3 | M13: =[1]BITZER!$Z13 -> 8744.9538
A14: =[1]BITZER!$A14 -> 0 | B14: =[1]BITZER!$B14 -> 2EES-2(Y) | C14: =[1]BITZER!$C14 -> 2EC-2.2 | E14: =[1]BITZER!$E14 -> CH | F14: =[1]BITZER!$F14 -> 2 LT | G14: =[1]BITZER!$G14 -> 8157btu | H14: =[1]BITZER!$N14 -> 6809.0909 | J14: =[1]BITZER!R14 -> CU - 40 QC | K14: =[1]BITZER!U14 -> 10454.103 | L14: =[1]BITZER!$W14 -> HTC-3 | M14: =[1]BITZER!$Z14 -> 10676.382
A15: =[1]BITZER!$A15 -> 0 | B15: =[1]BITZER!$B15 -> 2EES-3(Y) | C15: =[1]BITZER!$C15 -> 2EC-3.2 | E15: =[1]BITZER!$E15 -> CH | F15: =[1]BITZER!$F15 -> 3 MT | G15: =[1]BITZER!$G15 -> 23891btu | H15: =[1]BITZER!$N15 -> 7344.1558 | J15: =[1]BITZER!R15 -> CU - 50 QC | K15: =[1]BITZER!U15 -> 11271.404 | L15: =[1]BITZER!$W15 -> HTC-3 | M15: =[1]BITZER!$Z15 -> 11264.954
A16: =[1]BITZER!$A16 -> BIT001 | B16: =[1]BITZER!$B16 -> 2DES-2(Y) | C16: =[1]BITZER!$C16 -> 2DC-2.2 | E16: =[1]BITZER!$E16 -> CH | F16: =[1]BITZER!$F16 -> 2 LT | G16: =[1]BITZER!$G16 -> 9078btu | H16: =[1]BITZER!$N16 -> 7081.8182 | J16: =[1]BITZER!R16 -> CU - 40 QC | K16: =[1]BITZER!U16 -> 10754.103 | L16: =[1]BITZER!$W16 -> HTC-4 | M16: =[1]BITZER!$Z16 -> 11277.069
A17: =[1]BITZER!$A17 -> BIT002 | B17: =[1]BITZER!$B17 -> 2DES-3(Y) | C17: =[1]BITZER!$C17 -> 2DC-3.2 | E17: =[1]BITZER!$E17 -> CH | F17: =[1]BITZER!$F17 -> 3 MT | G17: =[1]BITZER!$G17 -> 28600btu | H17: =[1]BITZER!$N17 -> 7381.8182 | J17: =[1]BITZER!R17 -> CU - 50 QC | K17: =[1]BITZER!U17 -> 11312.833 | L17: =[1]BITZER!$W17 -> HTC-4 | M17: =[1]BITZER!$Z17 -> 11607.069
A18: =[1]BITZER!$A18 -> BIT003 | B18: =[1]BITZER!$B18 -> 2CES-3(Y) | C18: =[1]BITZER!$C18 -> 2CC-3.2 | E18: =[1]BITZER!$E18 -> CH | F18: =[1]BITZER!$F18 -> 3 LT | G18: =[1]BITZER!$G18 -> 11399btu | H18: =[1]BITZER!$N18 -> 7483.1169 | J18: =[1]BITZER!R18 -> CU - 50 QC | K18: =[1]BITZER!U18 -> 11424.261 | L18: =[1]BITZER!$W18 -> HTC-4 | M18: =[1]BITZER!$Z18 -> 11718.497
A19: =[1]BITZER!$A19 -> BIT004 | B19: =[1]BITZER!$B19 -> 2CES-4(Y) | C19: =[1]BITZER!$C19 -> 2CC-4.2 | E19: =[1]BITZER!$E19 -> CH | F19: =[1]BITZER!$F19 -> 4 MT | G19: =[1]BITZER!$G19 -> 35119btu | H19: =[1]BITZER!$N19 -> 7797.4026 | J19: =[1]BITZER!R19 -> CU - 64 QC | K19: =[1]BITZER!U19 -> 12322.541 | L19: =[1]BITZER!$W19 -> HTC-5 | M19: =[1]BITZER!$Z19 -> 12105.686
A20: =[1]BITZER!$A20 -> BIT005 | B20: =[1]BITZER!$B20 -> 4FES-3(Y) | C20: =[1]BITZER!$C20 -> 4FC-3.2 | E20: =[1]BITZER!$E20 -> CH | F20: =[1]BITZER!$F20 -> 3 LT | G20: =[1]BITZER!$G20 -> 12867btu | H20: =[1]BITZER!$N20 -> 7905.1948 | J20: =[1]BITZER!R20 -> CU - 50 QC | K20: =[1]BITZER!U20 -> 11888.547 | L20: =[1]BITZER!$W20 -> HTC-5 | M20: =[1]BITZER!$Z20 -> 12224.257
A21: =[1]BITZER!$A21 -> BIT006 | B21: =[1]BITZER!$B21 -> 4FES-5(Y) | C21: =[1]BITZER!$C21 -> 4FC-5.2 | E21: =[1]BITZER!$E21 -> CH | F21: =[1]BITZER!$F21 -> 5 MT | G21: =[1]BITZER!$G21 -> 40682btu | H21: =[1]BITZER!$N21 -> 8731.1688 | J21: =[1]BITZER!R21 -> CU - 72 QC | K21: =[1]BITZER!U21 -> 13623.154 | L21: =[1]BITZER!$W21 -> HTC-8 | M21: =[1]BITZER!$Z21 -> 13845.97
... A50: =[1]BITZER!$A50 -> BIT029.3 | B50: =[1]BITZER!$B50 -> S6H-20.2Y | C50: =[1]BITZER!$C50 -> 0 | E50: =[1]BITZER!$E50 -> OPSS/CH | F50: =[1]BITZER!$F50 -> 0 | G50: =[1]BITZER!$G50 -> 0 | H50: =[1]BITZER!$N50 -> 38041.558 | J50: =[1]BITZER!R50 -> CU - 250 QC | K50: =[1]BITZER!U50 -> 54567.522 | L50: =[1]BITZER!$W50 -> 0 | M50: =[1]BITZER!$Z50 -> 0
A51: =[1]BITZER!$A51 -> BIT029.4 | B51: =[1]BITZER!$B51 -> S6G-25.2Y | C51: =[1]BITZER!$C51 -> S6H-20.2 | E51: =[1]BITZER!$E51 -> OPSS/CH | F51: =[1]BITZER!$F51 -> 20 LT | G51: =[1]BITZER!$G51 -> 0 | H51: =[1]BITZER!$N51 -> 42268.831 | J51: =[2]BITZER!$R51 -> CU - 250 QC | K51: =[1]BITZER!U51 -> 61190.937 | L51: =[1]BITZER!$W51 -> 0 | M51: =[1]BITZER!$Z51 -> 0
A52: =[1]BITZER!$A52 -> BIT030 | B52: =[1]BITZER!$B52 -> S6F-30.2Y GERMANY | C52: =[1]BITZER!$C52 -> S6F-30.2 GERMANY | E52: =[1]BITZER!$E52 -> OPSS/CH | F52: =[1]BITZER!$F52 -> 30 LT | G52: =[1]BITZER!$G52 -> 113482btu | H52: =[1]BITZER!$N52 -> 44655.844 | J52: =[2]BITZER!$R52 -> CU - 350 QC | K52: =[1]BITZER!U52 -> 64948.891 | L52: =[1]BITZER!$W52 -> HTC-35 | M52: =[1]BITZER!$Z52 -> 61784.515
A53: LT - LOW TEMP COMPRESSOR , MT - MEDIUM TEMP COMPRESSOR
A54: ACCESSORIES : OPSS - OIL PRESSURE SWITCH , CH - CRANKCASE HEATER
A55: PRICE VALID : For intend order only and ex-factory at K.L price
A56: *PLEASE EMAIL OR FAX OVER THE BANK IN SLIP
A57: BANK ACC :HONG LEONG BANK BHD 36600016285 , PUBLIC BANK BHD 3119617816
A58: BENEFICIARY :WELLER AIR-COND PARTS ENTERPRICE SDN BHD
A59: COMPUTER PRINT GENERATE ONLY

Sheet REFCOMP
A1: WELLER AIR-COND PARTS ENTERPRISE SDN BHD (613386-K)
A3: =BITZER!A3 -> DATE :5.12.25
A8: ITEM CODE | B8: MODEL | C8: Equalvelant bitzer | D8: BRAND | E8: Accessories | F8: HP | G8: BTU AT 0C to -25C | H8: =[1]REFCOMP!L8 -> (RM) | I8: ACC OF REF | J8: CU QC MODEL | K8: =[1]REFCOMP!$U8 -> Cond QC (RM) | L8: =[1]REFCOMP!$V8 -> HTC MODEL | M8: =[1]REFCOMP!$Y8 -> HTC cond (RM)
A9: =[1]REFCOMP!$A9 -> REF001 | B9: =[1]REFCOMP!$B9 -> SPC-19L（3匹） | C9: =[1]REFCOMP!C9 -> 4FES3Y | D9: REFCOMP SEMI-HERMERTIC COMPRESSOR USE FOR R404A,R507,R22 | E9: =[1]REFCOMP!$E9 -> CH | F9: =[1]REFCOMP!F9 -> 3 LT | G9: =[1]REFCOMP!$G9 -> 11399btu | H9: =[1]REFCOMP!L9 -> 4738.8311 | I9: All danfoss acc filter drier,sight glass,hand valve,solenoid valve,hi-lo control,oil pressure gauge ,oil separator,suction accumulator,vibration hose and etc. | J9: =[1]REFCOMP!$R9 -> CU - 50 QC | K9: =[1]REFCOMP!$U9 -> 8583.4294 | L9: =[1]REFCOMP!$V9 -> HTC-4 | M9: =[1]REFCOMP!$Y9 -> 8900.2991
A10: =[1]REFCOMP!$A10 -> REF002 | B10: =[1]REFCOMP!$B10 -> SPC4-23L（4匹） | C10: =[1]REFCOMP!C10 -> 4EES4Y | E10: =[1]REFCOMP!$E10 -> CH | F10: =[1]REFCOMP!F10 -> 4 LT | G10: =[1]REFCOMP!$G10 -> 16006btu | H10: =[1]REFCOMP!L10 -> 4883.821 | J10: =[1]REFCOMP!$R10 -> CU - 72 QC | K10: =[1]REFCOMP!$U10 -> 9434.0209 | L10: =[1]REFCOMP!$V10 -> HTC-8 | M10: =[1]REFCOMP!$Y10 -> 9673.9765
A11: =[1]REFCOMP!$A11 -> REF003 | B11: =[1]REFCOMP!$B11 -> SPC4-27L（5匹） | C11: =[1]REFCOMP!C11 -> 4DES-5(Y) | E11: =[1]REFCOMP!$E11 -> CH | F11: =[1]REFCOMP!F11 -> 5 LT | G11: =[1]REFCOMP!$G11 -> 21024btu | H11: =[1]REFCOMP!L11 -> 5180.3487 | J11: =[1]REFCOMP!$R11 -> CU - 64 QC | K11: =[1]REFCOMP!$U11 -> 9954.7154 | L11: =[1]REFCOMP!$V11 -> HTC-8 | M11: =[1]REFCOMP!$Y11 -> 10294.049
A12: =[1]REFCOMP!$A12 -> REF004 | B12: =[1]REFCOMP!$B12 -> SPC4-33L（6匹） | C12: =[1]REFCOMP!C12 -> 4CES-6(Y) | E12: =[1]REFCOMP!$E12 -> CH | F12: =[1]REFCOMP!F12 -> 6 LT | G12: =[1]REFCOMP!$G12 -> 262118btu | H12: =[1]REFCOMP!L12 -> 5585.385 | J12: =[1]REFCOMP!$R12 -> CU - 90 QC | K12: =[1]REFCOMP!$U12 -> 10806.733 | L12: =[1]REFCOMP!$V12 -> HTC-8 | M12: =[1]REFCOMP!$Y12 -> 10730.242
A13: =[1]REFCOMP!$A13 -> REF005 | B13: =[1]REFCOMP!$B13 -> SP4LF 060E | C13: =[1]REFCOMP!C13 -> 4VES-7(Y) | E13: =[1]REFCOMP!$E13 -> CH | F13: =[1]REFCOMP!F13 -> 6 LT | G13: =[1]REFCOMP!$G13 -> 29000btu | H13: =[1]REFCOMP!L13 -> 6764.34 | J13: =[1]REFCOMP!$R13 -> CU - 72 QC | K13: =[1]REFCOMP!$U13 -> 11995.553 | L13: =[1]REFCOMP!$V13 -> HTC-8 | M13: =[1]REFCOMP!$Y13 -> 12235.508
A14: =[1]REFCOMP!$A14 -> REF006 | B14: =[1]REFCOMP!$B14 -> SP4LF 080E | C14: =[1]REFCOMP!C14 -> 4TES-9(Y) | E14: =[1]REFCOMP!$E14 -> CH | F14: =[1]REFCOMP!F14 -> 8 LT | G14: =[1]REFCOMP!$G14 -> 30887btu | H14: =[1]REFCOMP!L14 -> 6810.994 | J14: =[1]REFCOMP!$R14 -> CU - 100 QC | K14: =[1]REFCOMP!$U14 -> 12547.599 | L14: =[1]REFCOMP!$V14 -> HTC-10 | M14: =[1]REFCOMP!$Y14 -> 12777.058
A15: =[1]REFCOMP!$A15 -> REF007 | B15: =[1]REFCOMP!$B15 -> SP4LF 100E | C15: =[1]REFCOMP!C15 -> 4PES-10(Y) | E15: =[1]REFCOMP!$E15 -> CH | F15: =[1]REFCOMP!F15 -> 10 LT | G15: =[1]REFCOMP!$G15 -> 35870btu | H15: =[1]REFCOMP!L15 -> 7235.791 | J15: =[1]REFCOMP!$R15 -> CU - 90 QC | K15: =[1]REFCOMP!$U15 -> 12819.716 | L15: =[1]REFCOMP!$V15 -> HTC-8 | M15: =[1]REFCOMP!$Y15 -> 12743.225
A16: =[1]REFCOMP!$A16 -> REF008 | B16: =[1]REFCOMP!$B16 -> SP4LF 120E | C16: =[1]REFCOMP!C16 -> 4NES-14(Y) | E16: =[1]REFCOMP!$E16 -> CH | F16: =[1]REFCOMP!F16 -> 12 LT | G16: =[1]REFCOMP!$G16 -> 41911btu | H16: =[1]REFCOMP!L16 -> 7630.6312 | J16: =[1]REFCOMP!$R16 -> CU - 144 QC | K16: =[1]REFCOMP!$U16 -> 14800.55 | L16: =[1]REFCOMP!$V16 -> HTC-10 | M16: =[1]REFCOMP!$Y16 -> 13659.745
A17: =[1]REFCOMP!$A17 -> REF009 | B17: =[1]REFCOMP!$B17 -> SP4L 150E | C17: =[1]REFCOMP!C17 -> 4JE15(Y) | E17: =[1]REFCOMP!$E17 -> OPSS/CH | F17: =[1]REFCOMP!F17 -> 15 LT | G17: =[1]REFCOMP!$G17 -> 45000btu | H17: =[1]REFCOMP!L17 -> 9573.4023 | J17: =[1]REFCOMP!$R17 -> CU - 100 QC | K17: =[1]REFCOMP!$U17 -> 16030.498 | L17: =[1]REFCOMP!$V17 -> HTC-8 | M17: =[1]REFCOMP!$Y17 -> 15768.65
A18: =[1]REFCOMP!$A18 -> REF010 | B18: =[1]REFCOMP!$B18 -> SP4L 180E | C18: =[1]REFCOMP!C18 -> 4HE-18(Y) | E18: =[1]REFCOMP!$E18 -> OPSS/CH | F18: =[1]REFCOMP!F18 -> 18 LT | G18: =[1]REFCOMP!$G18 -> 53925btu | H18: =[1]REFCOMP!L18 -> 10173.029 | J18: =[1]REFCOMP!$R18 -> CU - 144 QC | K18: =[1]REFCOMP!$U18 -> 18046.514 | L18: =[1]REFCOMP!$V18 -> HTC-12 | M18: =[1]REFCOMP!$Y18 -> 17360.707
A19: =[1]REFCOMP!$A19 -> REF011 | B19: =[1]REFCOMP!$B19 -> SP4L 220E | C19: =[1]REFCOMP!C19 -> 4GE-23(Y) | E19: =[1]REFCOMP!$E19 -> OPSS/CH | F19: =[1]REFCOMP!F19 -> 22 LT | G19: =[1]REFCOMP!$G19 -> 62628btu | H19: =[1]REFCOMP!L19 -> 10468.177 | J19: =[1]REFCOMP!$R19 -> CU - 125 QC | K19: =[1]REFCOMP!$U19 -> 17809.391 | L19: =[1]REFCOMP!$V19 -> HTC-10 | M19: =[1]REFCOMP!$Y19 -> 17223.561
A20: =[1]REFCOMP!$A20 -> REF012 | B20: =[1]REFCOMP!$B20 -> SP4L 250E | C20: =[1]REFCOMP!C20 -> 4FE-25(Y) | E20: =[1]REFCOMP!$E20 -> OPSS/CH | F20: =[1]REFCOMP!F20 -> 25 LT | G20: =[1]REFCOMP!$G20 -> 72000btu | H20: =[1]REFCOMP!L20 -> 12384.92 | J20: =[1]REFCOMP!$R20 -> CU - 160 QC | K20: =[1]REFCOMP!$U20 -> 22819.671 | L20: =[1]REFCOMP!$V20 -> HTC-15 | M20: =[1]REFCOMP!$Y20 -> 20193.73
A21: =[1]REFCOMP!$A21 -> REF013 | B21: =[1]REFCOMP!$B21 -> SP6L 270E | C21: =[1]REFCOMP!C21 -> 6HE-28(Y) | E21: =[1]REFCOMP!$E21 -> OPSS/CH | F21: =[1]REFCOMP!F21 -> 28 LT | G21: =[1]REFCOMP!$G21 -> 80888btu | H21: =[1]REFCOMP!L21 -> 13038.076 | J21: =[1]REFCOMP!$R21 -> CU - 300 QC | K21: =[1]REFCOMP!$U21 -> 28552.15 | L21: =[1]REFCOMP!$V21 -> HTC-30 | M21: =[1]REFCOMP!$Y21 -> 25232.157
... A35: =[1]REFCOMP!$A35 -> REF027 | B35: =[1]REFCOMP!$B35 -> SP4H 3500 | C35: =[1]REFCOMP!C35 -> 4FE35Y | E35: =[1]REFCOMP!$E35 -> OPSS/CH | F35: =[1]REFCOMP!F35 -> 35 MT | G35: =[1]REFCOMP!$G35 -> 0 | H35: =[1]REFCOMP!L35 -> 13609.219 | J35: =[1]REFCOMP!$R35 -> CU - 350 QC | K35: =[1]REFCOMP!$U35 -> 31470.864 | L35: =[1]REFCOMP!$V35 -> HTC-35 | M35: =[1]REFCOMP!$Y35 -> ~
A36: =[1]REFCOMP!$A36 -> REF028 | B36: =[1]REFCOMP!$B36 -> SP6H 3700 | C36: =[1]REFCOMP!C36 -> 6HE35Y | D36: REFCOM SCREW LOW TEMP COMPRESSOR | E36: =[1]REFCOMP!$E36 -> OPSS/CH | F36: =[1]REFCOMP!F36 -> 37 MT | G36: =[1]REFCOMP!$G36 -> 0 | H36: =[1]REFCOMP!L36 -> 14297.734 | J36: =[1]REFCOMP!$R36 -> 0 | K36: =[1]REFCOMP!$U36 -> 0 | L36: =[1]REFCOMP!$V36 -> 0 | M36: =[1]REFCOMP!$Y36 -> 0
A37: =[1]REFCOMP!$A37 -> REF029 | B37: =[1]REFCOMP!$B37 -> SP6H 4000 | C37: =[1]REFCOMP!C37 -> 6GE40Y | E37: =[1]REFCOMP!$E37 -> OPSS/CH | F37: =[1]REFCOMP!F37 -> 40 MT | G37: =[1]REFCOMP!$G37 -> 0 | H37: =[1]REFCOMP!L37 -> 14987.232 | J37: =[1]REFCOMP!$R37 -> 0 | K37: =[1]REFCOMP!$U37 -> 0 | L37: =[1]REFCOMP!$V37 -> 0 | M37: =[1]REFCOMP!$Y37 -> 0
A38: =[1]REFCOMP!$A38 -> REF030 | B38: =[1]REFCOMP!$B38 -> SP6H 5000 | C38: =[1]REFCOMP!C38 -> 6FE50Y | E38: =[1]REFCOMP!$E38 -> OPSS/CH | F38: =[1]REFCOMP!F38 -> 50 MT | G38: =[1]REFCOMP!$G38 -> 0 | H38: =[1]REFCOMP!L38 -> 15863.345 | J38: =[1]REFCOMP!$R38 -> 0 | K38: =[1]REFCOMP!$U38 -> 0 | L38: =[1]REFCOMP!$V38 -> 0 | M38: =[1]REFCOMP!$Y38 -> 0
A39: =[1]REFCOMP!$A39 -> REF031 | B39: =[1]REFCOMP!$B39 -> SBC4-120E | C39: =[1]REFCOMP!C39 -> S4G-12.2Y | E39: =[1]REFCOMP!$E39 -> OPSS/CH | F39: =[1]REFCOMP!F39 -> 0 | G39: =[1]REFCOMP!$G39 -> 0 | H39: =[1]REFCOMP!L39 -> 13397.067 | J39: =[1]REFCOMP!$R39 -> 0 | K39: =[1]REFCOMP!$U39 -> 0 | L39: =[1]REFCOMP!$V39 -> 0 | M39: =[1]REFCOMP!$Y39 -> 0
A40: =[1]REFCOMP!$A40 -> REF032 | B40: =[1]REFCOMP!$B40 -> SBC4-140E | C40: =[1]REFCOMP!C40 -> S4F-14.2Y | E40: =[1]REFCOMP!$E40 -> OPSS/CH | F40: =[1]REFCOMP!F40 -> 0 | G40: =[1]REFCOMP!$G40 -> 0 | H40: =[1]REFCOMP!L40 -> 16206.129 | J40: =[1]REFCOMP!$R40 -> 0 | K40: =[1]REFCOMP!$U40 -> 0 | L40: =[1]REFCOMP!$V40 -> 0 | M40: =[1]REFCOMP!$Y40 -> 0
A41: =[1]REFCOMP!$A41 -> REF033 | B41: =[1]REFCOMP!$B41 -> SBC6-160E | C41: =[1]REFCOMP!C41 -> S6J-16.2Y | E41: =[1]REFCOMP!$E41 -> OPSS/CH | F41: =[1]REFCOMP!F41 -> 0 | G41: =[1]REFCOMP!$G41 -> 0 | H41: =[1]REFCOMP!L41 -> 17560.615 | J41: =[1]REFCOMP!$R41 -> 0 | K41: =[1]REFCOMP!$U41 -> 0 | L41: =[1]REFCOMP!$V41 -> 0 | M41: =[1]REFCOMP!$Y41 -> 0
A42: =[1]REFCOMP!$A42 -> REF034 | B42: =[1]REFCOMP!$B42 -> SBC6-200E | C42: =[1]REFCOMP!C42 -> S6H-20.2Y | E42: =[1]REFCOMP!$E42 -> OPSS/CH | F42: =[1]REFCOMP!F42 -> 0 | G42: =[1]REFCOMP!$G42 -> 0 | H42: =[1]REFCOMP!L42 -> 17839.37 | J42: =[1]REFCOMP!$R42 -> 0 | K42: =[1]REFCOMP!$U42 -> 0 | L42: =[1]REFCOMP!$V42 -> 0 | M42: =[1]REFCOMP!$Y42 -> 0
A43: =[1]REFCOMP!$A43 -> REF035 | B43: =[1]REFCOMP!$B43 -> SBC6-250E | C43: =[1]REFCOMP!C43 -> S6G-25.2Y | E43: =[1]REFCOMP!$E43 -> OPSS/CH | F43: =[1]REFCOMP!F43 -> 0 | G43: =[1]REFCOMP!$G43 -> 0 | H43: =[1]REFCOMP!L43 -> 19986.156 | J43: =[1]REFCOMP!$R43 -> CU - 300 QC | K43: =[1]REFCOMP!$U43 -> 46751.942 | L43: =[1]REFCOMP!$V43 -> 0 | M43: =[1]REFCOMP!$Y43 -> 0
A44: =[1]REFCOMP!$A44 -> REF036 | B44: =[1]REFCOMP!$B44 -> SBC6-300E | C44: =[1]REFCOMP!C44 -> S6F-30.2Y | E44: =[1]REFCOMP!$E44 -> OPSS/CH | F44: =[1]REFCOMP!F44 -> 0 | G44: =[1]REFCOMP!$G44 -> 0 | H44: =[1]REFCOMP!L44 -> 23572.551 | J44: =[1]REFCOMP!$R44 -> 0 | K44: =[1]REFCOMP!$U44 -> 0 | L44: =[1]REFCOMP!$V44 -> 0 | M44: =[1]REFCOMP!$Y44 -> 0
A45: =[1]REFCOMP!$A45 -> 0 | B45: =[1]REFCOMP!$B45 -> SW3L 3000 | F45: =[1]REFCOMP!F45 -> 30LT | H45: =[1]REFCOMP!L45 -> ~ | J45: =[1]REFCOMP!$R45 -> CU - 400 QC | K45: =[1]REFCOMP!$U45 -> 45915.17
A46: =[1]REFCOMP!$A46 -> REF041 | B46: =[1]REFCOMP!$B46 -> SW3L 4000 | F46: =[1]REFCOMP!F46 -> 40LT | H46: =[1]REFCOMP!L46 -> 21588.722 | J46: =[1]REFCOMP!$R46 -> CU - 500 QC | K46: =[1]REFCOMP!$U46 -> 58325.208
A47: =[1]REFCOMP!$A47 -> REF042 | B47: =[1]REFCOMP!$B47 -> SW3L 5000 | F47: =[1]REFCOMP!F47 -> 50LT | H47: =[1]REFCOMP!L47 -> 23646.617 | J47: =[1]REFCOMP!$R47 -> CU400QC *2 | K47: =[1]REFCOMP!$U47 -> 72859.617
A48: =[1]REFCOMP!$A48 -> 0 | B48: =[1]REFCOMP!$B48 -> SW3L 6000 | F48: =[1]REFCOMP!F48 -> 60LT | H48: =[1]REFCOMP!L48 -> ~ | J48: =[1]REFCOMP!$R48 -> CU350QC *3 | K48: =[1]REFCOMP!$U48 -> ~
A49: =[1]REFCOMP!$A49 -> 0 | B49: =[1]REFCOMP!$B49 -> SW3L 7000 | F49: =[1]REFCOMP!F49 -> 70LT | H49: =[1]REFCOMP!L49 -> ~ | J49: =[1]REFCOMP!$R49 -> CU400QC *3 | K49: =[1]REFCOMP!$U49 -> ~
A50: =[1]REFCOMP!$A50 -> REF045 | B50: =[1]REFCOMP!$B50 -> SW3L 8000 | F50: =[1]REFCOMP!F50 -> 80LT | H50: =[1]REFCOMP!L50 -> 28759.398 | J50: =[1]REFCOMP!$R50 -> CU500QC *3 | K50: =[1]REFCOMP!$U50 -> 101685.95
A51: =[1]REFCOMP!$A51 -> 0 | B51: =[1]REFCOMP!$B51 -> SW3L 9500 | F51: =[1]REFCOMP!F51 -> 95LT | H51: =[1]REFCOMP!L51 -> 0 | J51: =[1]REFCOMP!$R51 -> 0 | K51: =[1]REFCOMP!$U51 -> 0
A52: =[1]REFCOMP!$A52 -> 0 | B52: =[1]REFCOMP!$B52 -> SW3L 10500 | F52: =[1]REFCOMP!F52 -> 105LT | H52: =[1]REFCOMP!L52 -> 0 | J52: =[1]REFCOMP!$R52 -> 0 | K52: =[1]REFCOMP!$U52 -> 0
A53: =[1]REFCOMP!$A53 -> 0 | B53: =[1]REFCOMP!$B53 -> SW3L 11500 | F53: =[1]REFCOMP!F53 -> 115LT | H53: =[1]REFCOMP!L53 -> 0 | J53: =[1]REFCOMP!$R53 -> 0 | K53: =[1]REFCOMP!$U53 -> 0
A54: =[1]REFCOMP!$A54 -> 0 | B54: =[1]REFCOMP!$B54 -> SW3L 13000 | F54: =[1]REFCOMP!F54 -> 130LT | H54: =[1]REFCOMP!L54 -> 0 | J54: =[1]REFCOMP!$R54 -> 0 | K54: =[1]REFCOMP!$U54 -> 0
A55: =[1]REFCOMP!$A55 -> 0 | B55: =[1]REFCOMP!$B55 -> SW3L 16000 | F55: =[1]REFCOMP!F55 -> 150LT | H55: =[1]REFCOMP!L55 -> 0 | J55: =[1]REFCOMP!$R55 -> 0 | K55: =[1]REFCOMP!$U55 -> 0
A56: =[1]REFCOMP!$A56 -> 0 | B56: =[1]REFCOMP!$B56 -> SW3L 18000 | F56: =[1]REFCOMP!F56 -> 170LT | H56: =[1]REFCOMP!L56 -> 0 | J56: =[1]REFCOMP!$R56 -> 0 | K56: =[1]REFCOMP!$U56 -> 0
... A65: =[1]REFCOMP!$A65 -> 0 | B65: =[1]REFCOMP!$B65 -> SW3H 10500 | F65: =[1]REFCOMP!F65 -> 105MT | H65: =[1]REFCOMP!L65 -> 0 | J65: =[1]REFCOMP!$R65 -> 0 | K65: =[1]REFCOMP!$U65 -> 0
A66: =[1]REFCOMP!$A66 -> 0 | B66: =[1]REFCOMP!$B66 -> SW3H 11500 | D66: REFCOM SCREW HIGH TEMP COMPRESSOR | H66: =[1]REFCOMP!L66 -> 0 | J66: =[1]REFCOMP!$R66 -> 0 | K66: =[1]REFCOMP!$U66 -> 0
A67: =[1]REFCOMP!$A67 -> 0 | B67: =[1]REFCOMP!$B67 -> SW3H 12500 | H67: =[1]REFCOMP!L67 -> 0 | J67: =[1]REFCOMP!$R67 -> 0 | K67: =[1]REFCOMP!$U67 -> 0
A68: =[1]REFCOMP!$A68 -> 0 | B68: =[1]REFCOMP!$B68 -> SW3H 14000 | H68: =[1]REFCOMP!L68 -> 0 | J68: =[1]REFCOMP!$R68 -> 0 | K68: =[1]REFCOMP!$U68 -> 0
A69: =[1]REFCOMP!$A69 -> 0 | B69: =[1]REFCOMP!$B69 -> SW3H 16000 | H69: =[1]REFCOMP!L69 -> 0 | J69: =[1]REFCOMP!$R69 -> 0 | K69: =[1]REFCOMP!$U69 -> 0
A70: =[1]REFCOMP!$A70 -> 0 | B70: =[1]REFCOMP!$B70 -> SW3H 19000 | H70: =[1]REFCOMP!L70 -> 0 | J70: =[1]REFCOMP!$R70 -> 0 | K70: =[1]REFCOMP!$U70 -> 0
A71: =[1]REFCOMP!$A71 -> 0 | B71: =[1]REFCOMP!$B71 -> SW3H 21000 | H71: =[1]REFCOMP!L71 -> 0 | J71: =[1]REFCOMP!$R71 -> 0 | K71: =[1]REFCOMP!$U71 -> 0
A72: =[1]REFCOMP!$A72 -> 0 | B72: =[1]REFCOMP!$B72 -> SW3H 24000 | H72: =[1]REFCOMP!L72 -> 0 | J72: =[1]REFCOMP!$R72 -> 0 | K72: =[1]REFCOMP!$U72 -> 0
A73: =[1]REFCOMP!$A73 -> 0 | B73: =[1]REFCOMP!$B73 -> SW3H 25000 | H73: =[1]REFCOMP!L73 -> 0 | J73: =[1]REFCOMP!$R73 -> 0 | K73: =[1]REFCOMP!$U73 -> 0
A74: =[1]REFCOMP!$A74 -> 0 | B74: =[1]REFCOMP!$B74 -> SRC-XS-040 | H74: =[1]REFCOMP!L74 -> 0 | J74: =[1]REFCOMP!$R74 -> 0 | K74: =[1]REFCOMP!$U74 -> 0
A75: =[1]REFCOMP!$A75 -> 0 | B75: =[1]REFCOMP!$B75 -> SRC-XS-050 | H75: =[1]REFCOMP!L75 -> 0 | J75: =[1]REFCOMP!$R75 -> 0 | K75: =[1]REFCOMP!$U75 -> 0
A76: =[1]REFCOMP!$A76 -> 0 | B76: =[1]REFCOMP!$B76 -> SRC-XS-060 | H76: =[1]REFCOMP!L76 -> 0 | J76: =[1]REFCOMP!$R76 -> 0 | K76: =[1]REFCOMP!$U76 -> 0
A77: =[1]REFCOMP!$A77 -> 0 | B77: =[1]REFCOMP!$B77 -> SRC-S-113 | H77: =[1]REFCOMP!L77 -> 0 | J77: =[1]REFCOMP!$R77 -> 0 | K77: =[1]REFCOMP!$U77 -> 0
A78: =[1]REFCOMP!$A78 -> 0 | B78: =[1]REFCOMP!$B78 -> SRC-S-133 | H78: =[1]REFCOMP!L78 -> 0 | J78: =[1]REFCOMP!$R78 -> 0 | K78: =[1]REFCOMP!$U78 -> 0
... A86: =[1]REFCOMP!$A86 -> 0 | B86: =[1]REFCOMP!$B86 -> SRC-S-413 | H86: =[1]REFCOMP!L86 -> 0 | J86: =[1]REFCOMP!$R86 -> 0 | K86: =[1]REFCOMP!$U86 -> 0
A87: =[1]REFCOMP!$A87 -> 0 | B87: =[1]REFCOMP!$B87 -> SRC-S-463 | D87: REFCOM SCREW HIGH TEMP COMPRESSOR | H87: =[1]REFCOMP!L87 -> 0 | J87: =[1]REFCOMP!$R87 -> 0 | K87: =[1]REFCOMP!$U87 -> 0
A88: =[1]REFCOMP!$A88 -> 0 | B88: =[1]REFCOMP!$B88 -> SRC-S-503 | H88: =[1]REFCOMP!L88 -> 0 | J88: =[1]REFCOMP!$R88 -> 0 | K88: =[1]REFCOMP!$U88 -> 0
A89: =[1]REFCOMP!$A89 -> 0 | B89: =[1]REFCOMP!$B89 -> SRC-S-553 | H89: =[1]REFCOMP!L89 -> 0 | J89: =[1]REFCOMP!$R89 -> 0 | K89: =[1]REFCOMP!$U89 -> 0
A90: =[1]REFCOMP!$A90 -> 0 | B90: =[1]REFCOMP!$B90 -> SRC-S-603 | H90: =[1]REFCOMP!L90 -> 0 | J90: =[1]REFCOMP!$R90 -> 0 | K90: =[1]REFCOMP!$U90 -> 0
A91: =[1]REFCOMP!$A91 -> 0 | B91: =[1]REFCOMP!$B91 -> SRC-S-755 | H91: =[1]REFCOMP!L91 -> 0 | J91: =[1]REFCOMP!$R91 -> 0 | K91: =[1]REFCOMP!$U91 -> 0
A92: =[1]REFCOMP!$A92 -> 0 | B92: =[1]REFCOMP!$B92 -> SRC-S-785 | H92: =[1]REFCOMP!L92 -> 0 | J92: =[1]REFCOMP!$R92 -> 0 | K92: =[1]REFCOMP!$U92 -> 0
A93: =[1]REFCOMP!$A93 -> 0 | B93: =[1]REFCOMP!$B93 -> SRC-S-885 | H93: =[1]REFCOMP!L93 -> 0 | J93: =[1]REFCOMP!$R93 -> 0 | K93: =[1]REFCOMP!$U93 -> 0
A94: =[1]REFCOMP!$A94 -> 0 | B94: =[1]REFCOMP!$B94 -> SRC-S-985 | H94: =[1]REFCOMP!L94 -> 0 | J94: =[1]REFCOMP!$R94 -> 0 | K94: =[1]REFCOMP!$U94 -> 0
A95: =[1]REFCOMP!$A95 -> 0 | B95: =[1]REFCOMP!$B95 -> 134-XS-040 | H95: =[1]REFCOMP!L95 -> 0 | J95: =[1]REFCOMP!$R95 -> 0 | K95: =[1]REFCOMP!$U95 -> 0
A96: =[1]REFCOMP!$A96 -> 0 | B96: =[1]REFCOMP!$B96 -> 134-XS-050 | H96: =[1]REFCOMP!L96 -> 0 | J96: =[1]REFCOMP!$R96 -> 0 | K96: =[1]REFCOMP!$U96 -> 0
A97: =[1]REFCOMP!$A97 -> 0 | B97: =[1]REFCOMP!$B97 -> 134-XS-060 | H97: =[1]REFCOMP!L97 -> 0 | J97: =[1]REFCOMP!$R97 -> 0 | K97: =[1]REFCOMP!$U97 -> 0
A98: =[1]REFCOMP!$A98 -> 0 | B98: =[1]REFCOMP!$B98 -> 134-S-071 | H98: =[1]REFCOMP!L98 -> 0 | J98: =[1]REFCOMP!$R98 -> 0 | K98: =[1]REFCOMP!$U98 -> 0
A99: =[1]REFCOMP!$A99 -> 0 | B99: =[1]REFCOMP!$B99 -> 134-S-081 | H99: =[1]REFCOMP!L99 -> 0 | J99: =[1]REFCOMP!$R99 -> 0 | K99: =[1]REFCOMP!$U99 -> 0
... A103: =[1]REFCOMP!$A103 -> 0 | B103: =[1]REFCOMP!$B103 -> 134-S-120 | H103: =[1]REFCOMP!L103 -> 0 | J103: =[1]REFCOMP!$R103 -> 0 | K103: =[1]REFCOMP!$U103 -> 0
A105: LT - LOW TEMP COMPRESSOR , MT - MEDIUM TEMP COMPRESSOR
A106: ACCESSORIES : OPSS - OIL PRESSURE SWITCH , CH - CRANKCASE HEATER
A107: *PLEASE EMAIL OR FAX OVER THE BANK IN SLIP
A108: BANK ACC :HONG LEONG BANK BHD 36600016285 , PUBLIC BANK BHD 3119617816
A109: BENEFICIARY :WELLER AIR-COND PARTS ENTERPRICE SDN BHD
A110: COMPUTER PRINT GENERATE ONLY

Sheet WELZER
A1: WELLER AIR-COND PARTS ENTERPRISE SDN BHD (613386-K)
A3: =REFCOMP!A3 -> DATE :5.12.25
A8: =[1]WELZER!$A8 -> ITEM CODE | B8: =[2]WELZER!$B8 -> MODEL | C8: =[2]WELZER!$C8 -> EQUAVELANT MODEL | D8: =[2]WELZER!$D8 -> HP | E8: =[2]WELZER!$L8 -> Dealer (RM) CASH -10% | F8: ACC OF REF | G8: =[2]WELZER!$R8 -> CU QC MODEL | H8: =[2]WELZER!$U8 -> Cond QC (RM) | I8: =[2]WELZER!$X8 -> HTC MODEL | J8: =[2]WELZER!AA8 -> HTC cond (RM)
A9: =[1]WELZER!$A9 -> CB001 | B9: =[1]WELZER!$B9 -> B2DES-2(Y) | C9: =[1]WELZER!C9 -> 2DC-2.2 | D9: =[1]WELZER!D9 -> 2LT | E9: =[1]WELZER!M9 -> 2617.366 | F9: All danfoss acc filter drier,sight glass,hand valve,solenoid valve,hi-lo control,oil pressure gauge ,oil separator,suction accumulator,vibration hose and etc. | G9: =[1]WELZER!$S9 -> CU - 40 QC | H9: =[1]WELZER!V9 -> 5512.3211 | I9: =[1]WELZER!$Y9 -> HTC-4 | J9: =[1]WELZER!AB9 -> 6075.5153
A10: =[1]WELZER!$A10 -> CB002 | B10: =[1]WELZER!$B10 -> B2CES-3(Y) | C10: =[1]WELZER!C10 -> 2CC-3.2 | D10: =[1]WELZER!D10 -> 3LT | E10: =[1]WELZER!M10 -> 2810.4304 | G10: =[1]WELZER!$S10 -> CU - 50 QC | H10: =[1]WELZER!V10 -> 5930.9184 | I10: =[1]WELZER!$Y10 -> HTC-4 | J10: =[1]WELZER!AB10 -> 6247.7881
A11: =[1]WELZER!$A11 -> CB003 | B11: =[1]WELZER!$B11 -> B4FES-3(Y) | C11: =[1]WELZER!C11 -> 4FC-3.2 | D11: =[1]WELZER!D11 -> 3LT | E11: =[1]WELZER!M11 -> 3421.3935 | G11: =[1]WELZER!$S11 -> CU - 50 QC | H11: =[1]WELZER!V11 -> 6476.0855 | I11: =[1]WELZER!$Y11 -> HTC-4 | J11: =[1]WELZER!AB11 -> 6792.9552
A12: =[1]WELZER!$A12 -> CB004 | B12: =[1]WELZER!$B12 -> B4EES-4(Y) | C12: =[1]WELZER!C12 -> 4EC-4.2 | D12: =[1]WELZER!D12 -> 4LT | E12: =[1]WELZER!M12 -> 3543.5861 | G12: =[1]WELZER!$S12 -> CU - 64 QC | H12: =[1]WELZER!V12 -> 7415.1552 | I12: =[1]WELZER!$Y12 -> HTC-5 | J12: =[1]WELZER!AB12 -> 7181.6187
A13: =[1]WELZER!$A13 -> CB005 | B13: =[1]WELZER!$B13 -> B4DES-5(Y) | C13: =[1]WELZER!C13 -> 4DC-5.2 | D13: =[1]WELZER!D13 -> 5LT | E13: =[1]WELZER!M13 -> 3665.7787 | G13: =[1]WELZER!$S13 -> CU - 72 QC | H13: =[1]WELZER!V13 -> 7859.1892 | I13: =[1]WELZER!$Y13 -> HTC-8 | J13: =[1]WELZER!AB13 -> 8099.1447
A14: =[1]WELZER!$A14 -> CB006 | B14: =[1]WELZER!$B14 -> B4CES-6(Y) | C14: =[1]WELZER!C14 -> 4CC-6.2 | D14: =[1]WELZER!D14 -> 6LT | E14: =[1]WELZER!M14 -> 3787.9714 | G14: =[1]WELZER!$S14 -> CU - 90 QC | H14: =[1]WELZER!V14 -> 8284.6693 | I14: =[1]WELZER!$Y14 -> HTC-8 | J14: =[1]WELZER!AB14 -> 8208.1781
A15: =[1]WELZER!$A15 -> CB007 | B15: =[1]WELZER!$B15 -> B4TES-9(Y) | C15: =[1]WELZER!C15 -> 4TCS-8.2 | D15: =[1]WELZER!D15 -> 8LT | E15: =[1]WELZER!M15 -> 5254.2829 | G15: =[1]WELZER!$S15 -> CU - 125 QC | H15: =[1]WELZER!V15 -> 11115.823 | I15: =[1]WELZER!$Y15 -> HTC-10 | J15: =[1]WELZER!AB15 -> 10529.993
A16: =[1]WELZER!$A16 -> CB008 | B16: =[1]WELZER!$B16 -> B4PES-12(Y) | C16: =[1]WELZER!C16 -> 4PCS-10.2 | D16: =[1]WELZER!D16 -> 10LT | E16: =[1]WELZER!M16 -> 5620.8607 | G16: =[1]WELZER!$S16 -> CU - 144 QC | H16: =[1]WELZER!V16 -> 12074.822 | I16: =[1]WELZER!$Y16 -> HTC-12 | J16: =[1]WELZER!AB16 -> 11389.014
A17: =[1]WELZER!$A17 -> CB009 | B17: =[1]WELZER!$B17 -> B4NES-14(Y) | C17: =[1]WELZER!C17 -> 4NCS-12.2 | D17: =[1]WELZER!D17 -> 12LT | E17: =[1]WELZER!M17 -> 6109.6312 | G17: =[1]WELZER!$S17 -> CU - 160 QC | H17: =[1]WELZER!V17 -> 13202.342 | I17: =[1]WELZER!$Y17 -> HTC-15 | J17: =[1]WELZER!AB17 -> 12319.608
A18: =[1]WELZER!$A18 -> CB010 | B18: =[1]WELZER!$B18 -> B4HE-18(Y) | C18: =[1]WELZER!C18 -> 4H15.2 | D18: =[1]WELZER!D18 -> 15LT | E18: =[1]WELZER!M18 -> 8424.8572 | G18: =[1]WELZER!$S18 -> CU - 200 QC | H18: =[1]WELZER!V18 -> 17040.039 | I18: =[1]WELZER!$Y18 -> HTC-20 | J18: =[1]WELZER!AB18 -> 15505.155
A19: =[1]WELZER!$A19 -> CB011 | B19: =[1]WELZER!$B19 -> B4GE-23(Y) | C19: =[1]WELZER!C19 -> 4G-20.2 | D19: =[1]WELZER!D19 -> 20LT | E19: =[1]WELZER!M19 -> 8661.0963 | G19: =[1]WELZER!$S19 -> CU - 250 QC | H19: =[1]WELZER!V19 -> 20235.124 | I19: =[1]WELZER!$Y19 -> HTC-25 | J19: =[1]WELZER!AB19 -> 17206.844
A20: =[1]WELZER!$A20 -> CB012 | B20: =[1]WELZER!$B20 -> B6HE-28(Y) | C20: =[1]WELZER!C20 -> 6H-25.2 | D20: =[1]WELZER!D20 -> 25LT | E20: =[1]WELZER!M20 -> 10078.531 | G20: =[1]WELZER!$S20 -> CU - 300 QC | H20: =[1]WELZER!V20 -> 23673.488 | I20: =[1]WELZER!$Y20 -> HTC-30 | J20: =[1]WELZER!AB20 -> 20494.411
A21: =[1]WELZER!$A21 -> CB013 | B21: =[1]WELZER!$B21 -> B6GE-34(Y) | C21: =[1]WELZER!C21 -> 6G-30.2 | D21: =[1]WELZER!D21 -> 30LT | E21: =[1]WELZER!M21 -> 10432.889 | G21: =[1]WELZER!$S21 -> CU - 350 QC | H21: =[1]WELZER!V21 -> 25786.182 | I21: =[1]WELZER!$Y21 -> HTC-35 | J21: =[1]WELZER!AB21 -> 22378.393
... A38: =[1]WELZER!$A38 -> CB026 | B38: =[1]WELZER!$B38 -> BS6F-30.2(Y) | C38: =[1]WELZER!C38 -> S6F-30.2 | D38: =[1]WELZER!D38 -> 2stage 30LT | E38: =[1]WELZER!M38 -> 15313.771 | G38: =[1]WELZER!$S38 -> CU - 350 QC | H38: =[1]WELZER!V38 -> 30204.469 | I38: =[1]WELZER!$Y38 -> HTC-35 | J38: =[1]WELZER!AB38 -> 26796.679
A39: LT - LOW TEMP , MT - MEDIUM TEMP , LT-2 - LOW TEMP 2 STAGE
A40: ACCESSORIES : , CH - CRANKCASE HEATER,COMPRESSOR RELAY
A41: *PRICE WILL BE CHANGE DUE TO THE CURRENCY RATE
A42: *PLEASE EMAIL OR FAX OVER THE BANK IN SLIP
A43: BANK ACC :HONG LEONG BANK BHD 36600016285 , PUBLIC BANK BHD 3119617816
A44: BENEFICIARY :WELLER AIR-COND PARTS ENTERPRICE SDN BHD
A45: COMPUTER PRINT GENERATE ONLY

Sheet RECOND COMP
A1: WELLER AIR-COND PARTS ENTERPRISE SDN BHD (613386-K)
A3: =WELZER!A3 -> DATE :5.12.25
A8: ='[1]RECOND COMP'!A8 -> ITEM CODE | B8: ='[1]RECOND COMP'!B8 -> MODEL | C8: ='[1]RECOND COMP'!C8 -> BRAND | D8: ='[1]RECOND COMP'!D8 -> HP | E8: ='[1]RECOND COMP'!J8 -> (RM) | F8: ='[1]RECOND COMP'!$M8 -> Evaporating Btu at ~25c | G8: Accessories of refrigeration | H8: ='[1]RECOND COMP'!$P8 -> CU QC MODEL | I8: ='[1]RECOND COMP'!$S8 -> Cond QC (RM) | J8: PICTURE
A9: ='[1]RECOND COMP'!$A9 -> REC001 | B9: ='[1]RECOND COMP'!B9 -> LCU-32PJ | C9: SANYO SEMI-HERMERTIC LOW TEMP EVAPORATING -25C | D9: ='[1]RECOND COMP'!D9 -> 3 | E9: ='[1]RECOND COMP'!J9 -> 1803.4826 | F9: ='[1]RECOND COMP'!$M9 -> 8052 btu | G9: All danfoss acc filter drier,sight glass,hand valve,solenoid valve,hi-lo control,oil pressure gauge and etc.Only 10hp-15hp c/w oil pressure control | H9: ='[1]RECOND COMP'!$P9 -> CU - 40 QC | I9: ='[1]RECOND COMP'!$S9 -> 4834.3363
A10: ='[1]RECOND COMP'!$A10 -> REC002 | B10: ='[1]RECOND COMP'!B10 -> LCU-42PJ | D10: 4 | E10: ='[1]RECOND COMP'!J10 -> 2363.1841 | F10: ='[1]RECOND COMP'!$M10 -> 9830 btu | H10: ='[1]RECOND COMP'!$P10 -> CU - 50 QC | I10: ='[1]RECOND COMP'!$S10 -> 5839.5162
A11: ='[1]RECOND COMP'!$A11 -> REC003 | B11: ='[1]RECOND COMP'!B11 -> LCU-52PJ | D11: 5 | E11: ='[1]RECOND COMP'!J11 -> 2487.5622 | F11: ='[1]RECOND COMP'!$M11 -> 15990 btu | H11: ='[1]RECOND COMP'!$P11 -> CU - 72 QC | I11: ='[1]RECOND COMP'!$S11 -> 6884.3979
A12: ='[1]RECOND COMP'!$A12 -> REC004 | B12: ='[1]RECOND COMP'!B12 -> LCU-62PJ | D12: 6 | E12: ='[1]RECOND COMP'!J12 -> 2736.3184 | F12: ='[1]RECOND COMP'!$M12 -> 22150 btu | H12: ='[1]RECOND COMP'!$P12 -> CU - 90 QC | I12: ='[1]RECOND COMP'!$S12 -> 7430.4657
A13: ='[1]RECOND COMP'!$A13 -> REC005 | B13: ='[1]RECOND COMP'!B13 -> LCU-72PJ | D13: 7.5 | E13: ='[1]RECOND COMP'!J13 -> 2873.1343 | F13: ='[1]RECOND COMP'!$M13 -> 25600 btu | H13: ='[1]RECOND COMP'!$P13 -> CU - 100 QC | I13: ='[1]RECOND COMP'!$S13 -> 7742.1141
A14: ='[1]RECOND COMP'!$A14 -> REC006 | B14: ='[1]RECOND COMP'!B14 -> LCU-100PJ | D14: 10 | E14: ='[1]RECOND COMP'!J14 -> 3731.3433 | F14: ='[1]RECOND COMP'!$M14 -> 38500 btu | H14: ='[1]RECOND COMP'!$P14 -> CU - 144 QC | I14: ='[1]RECOND COMP'!$S14 -> 10503.602
A15: ='[1]RECOND COMP'!$A15 -> REC007 | B15: ='[1]RECOND COMP'!B15 -> LCU-150PJ | D15: 15 | E15: ='[1]RECOND COMP'!J15 -> 4975.1244 | F15: ='[1]RECOND COMP'!$M15 -> 45700 btu | H15: ='[1]RECOND COMP'!$P15 -> CU - 200 QC | I15: ='[1]RECOND COMP'!$S15 -> 14056.133
A16: ='[1]RECOND COMP'!$A16 -> REC008 | B16: ='[1]RECOND COMP'!B16 -> 06DA818 | C16: CARRIER | D16: 6.5 | E16: ='[1]RECOND COMP'!J16 -> 2114.4279 | F16: ='[1]RECOND COMP'!$M16 -> 14450 btu | G16: All danfoss acc filter drier,sight glass,hand valve,solenoid valve,hi-lo control,oil pressure gauge and etc.ALL CARRIER COMPRESSOR w/o oil pressure control | H16: ='[1]RECOND COMP'!$P16 -> CU - 100 QC | I16: ='[1]RECOND COMP'!$S16 -> 7345.2743
A17: ='[1]RECOND COMP'!$A17 -> REC009 | B17: ='[1]RECOND COMP'!B17 -> 06DA824 | D17: 7.5 / 10hp | E17: ='[1]RECOND COMP'!J17 -> 2238.806 | F17: ='[1]RECOND COMP'!$M17 -> 18310 btu | H17: ='[1]RECOND COMP'!$P17 -> CU - 125 QC | I17: ='[1]RECOND COMP'!$S17 -> 8493.9764
A18: ='[1]RECOND COMP'!$A18 -> REC010 | B18: ='[1]RECOND COMP'!B18 -> 06DM337 | C18: CARRIER RECOND | D18: 10 / 12.5hp | E18: ='[1]RECOND COMP'!J18 -> 3109.4527 | F18: ='[1]RECOND COMP'!$M18 -> 32970 btu | H18: ='[1]RECOND COMP'!$P18 -> CU - 144 QC | I18: ='[1]RECOND COMP'!$S18 -> 9929.5487
A19: ='[1]RECOND COMP'!$A19 -> REC011 | B19: ='[1]RECOND COMP'!B19 -> 06DA537 | D19: 15 | E19: ='[1]RECOND COMP'!J19 -> 3083.3333 | F19: ='[1]RECOND COMP'!$M19 -> 34765 btu | H19: ='[1]RECOND COMP'!$P19 -> CU - 200 QC | I19: ='[1]RECOND COMP'!$S19 -> 12401.123
A20: ='[1]RECOND COMP'!$A20 -> REC012 | B20: ='[1]RECOND COMP'!B20 -> 06EA250 | D20: 20 | E20: ='[1]RECOND COMP'!J20 -> 4726.3682 | F20: ='[1]RECOND COMP'!$M20 -> 37670 btu | H20: ='[1]RECOND COMP'!$P20 -> CU - 250 QC | I20: ='[1]RECOND COMP'!$S20 -> 16894.789
A21: ='[1]RECOND COMP'!$A21 -> REC013 | B21: ='[1]RECOND COMP'!B21 -> 06EA265 | D21: 25 | E21: ='[1]RECOND COMP'!J21 -> 5063.1458 | F21: ='[1]RECOND COMP'!$M21 -> 56854 btu | H21: ='[1]RECOND COMP'!$P21 -> CU - 300 QC | I21: ='[1]RECOND COMP'!$S21 -> 19433.375
A22: ='[1]RECOND COMP'!$A22 -> REC014 | B22: ='[1]RECOND COMP'!B22 -> 06EA275 | D22: 30 | E22: ='[1]RECOND COMP'!J22 -> 5970.1493 | F22: ='[1]RECOND COMP'!$M22 -> 63086 btu | H22: ='[1]RECOND COMP'!$P22 -> CU - 350 QC | I22: ='[1]RECOND COMP'!$S22 -> 21666.73
A23: ='[1]RECOND COMP'!$A23 -> REC015 | B23: ='[1]RECOND COMP'!B23 -> 06EA199 | D23: 35 | E23: ='[1]RECOND COMP'!J23 -> 5683.1228 | F23: ='[1]RECOND COMP'!$M23 -> 82000 btu | H23: ='[1]RECOND COMP'!$P23 -> CU - 350 QC | I23: ='[1]RECOND COMP'!$S23 -> 22347.81
A24: ='[1]RECOND COMP'!$A24 -> REC016 | B24: ='[1]RECOND COMP'!B24 -> 06EA299 | D24: 40 | E24: ='[1]RECOND COMP'!J24 -> 5683.1228 | F24: ='[1]RECOND COMP'!$M24 -> 91130 btu | H24: ='[1]RECOND COMP'!$P24 -> CU - 400 QC | I24: ='[1]RECOND COMP'!$S24 -> 24239.566
A25: ='[1]RECOND COMP'!$A25 -> REC017 | B25: ='[1]RECOND COMP'!B25 -> 2DC-3.2 | C25: BITZER medium temperature semi-hermertic compressor 15c ~ 0c | D25: 3 | E25: ='[1]RECOND COMP'!J25 -> 2860.6965 | F25: ='[1]RECOND COMP'!$M25 -> 28600 btu 0c | G25: All danfoss acc filter drier,sight glass,hand valve,solenoid valve,hi-lo control,oil pressure gauge and etc.2HP-6HP COMPRESSOR w/o oil pressure control.8HP-50HP C/W OIL PRESSURE CONTROL | H25: ='[1]RECOND COMP'!$P25 -> CU - 40 QC | I25: ='[1]RECOND COMP'!$S25 -> 5810.2261
A26: ='[1]RECOND COMP'!$A26 -> REC017.1 | B26: ='[1]RECOND COMP'!B26 -> 4FC-5.2 | D26: 5 | E26: ='[1]RECOND COMP'!J26 -> 2750 | F26: ='[1]RECOND COMP'!$M26 -> 40682 btu 0c | H26: ='[1]RECOND COMP'!$P26 -> CU - 72 QC | I26: ='[1]RECOND COMP'!$S26 -> 6891.0256
A27: ='[1]RECOND COMP'!$A27 -> REC018 | B27: ='[1]RECOND COMP'!B27 -> 4DC-7.2 | D27: 7 | E27: ='[1]RECOND COMP'!J27 -> 3420.398 | F27: ='[1]RECOND COMP'!$M27 -> 60850 btu 0c | H27: ='[1]RECOND COMP'!$P27 -> CU - 100 QC | I27: ='[1]RECOND COMP'!$S27 -> 8247.2806
A28: ='[1]RECOND COMP'!$A28 -> REC019 | B28: ='[1]RECOND COMP'!B28 -> 4V-10.2 | D28: 10 | E28: ='[1]RECOND COMP'!J28 -> 4228.8557 | F28: ='[1]RECOND COMP'!$M28 -> 79900 btu 0c | H28: ='[1]RECOND COMP'!$P28 -> CU - 125 QC | I28: ='[1]RECOND COMP'!$S28 -> 10330.945
A29: ='[1]RECOND COMP'!$A29 -> REC020 | B29: ='[1]RECOND COMP'!B29 -> 4T-12.2 | D29: 12 | E29: ='[1]RECOND COMP'!J29 -> 4228.8557 | F29: ='[1]RECOND COMP'!$M29 -> 96250 btu 0c | H29: ='[1]RECOND COMP'!$P29 -> CU - 144 QC | I29: ='[1]RECOND COMP'!$S29 -> 10962.844
A30: ='[1]RECOND COMP'!$A30 -> REC021 | B30: ='[1]RECOND COMP'!B30 -> 4TC-12.2 | D30: 12 | E30: ='[1]RECOND COMP'!J30 -> 5597.0149 | F30: ='[1]RECOND COMP'!$M30 -> 96250 btu 0c | H30: ='[1]RECOND COMP'!$P30 -> CU - 144 QC | I30: ='[1]RECOND COMP'!$S30 -> 12225.76
A31: ='[1]RECOND COMP'!$A31 -> REC022 | B31: ='[1]RECOND COMP'!B31 -> 4P-15.2 | D31: 15 | E31: ='[1]RECOND COMP'!J31 -> 5099.5025 | F31: ='[1]RECOND COMP'!$M31 -> 115360 btu 0c | H31: ='[1]RECOND COMP'!$P31 -> CU - 160 QC | I31: ='[1]RECOND COMP'!$S31 -> 12457.905
A32: ='[1]RECOND COMP'!$A32 -> REC023 | B32: ='[1]RECOND COMP'!B32 -> 4PCS-15.2 | D32: 15 | E32: ='[1]RECOND COMP'!J32 -> 5970.1493 | F32: ='[1]RECOND COMP'!$M32 -> 115360 btu 0c | H32: ='[1]RECOND COMP'!$P32 -> CU - 160 QC | I32: ='[1]RECOND COMP'!$S32 -> 13261.579
A33: ='[1]RECOND COMP'!$A33 -> REC024 | B33: ='[1]RECOND COMP'!B33 -> 4N-20.2 | D33: 20 | E33: ='[1]RECOND COMP'!J33 -> 5223.8806 | F33: ='[1]RECOND COMP'!$M33 -> 134480 btu 0c | H33: ='[1]RECOND COMP'!$P33 -> CU - 200 QC | I33: ='[1]RECOND COMP'!$S33 -> 14377.013
A34: ='[1]RECOND COMP'!$A34 -> REC025 | B34: ='[1]RECOND COMP'!B34 -> 4NCS-20.2 | D34: 20 | E34: ='[1]RECOND COMP'!J34 -> 6840.796 | F34: ='[1]RECOND COMP'!$M34 -> 134480 btu 0c | H34: ='[1]RECOND COMP'!$P34 -> CU - 200 QC | I34: ='[1]RECOND COMP'!$S34 -> 15869.551
A35: ='[1]RECOND COMP'!$A35 -> REC026 | B35: ='[1]RECOND COMP'!B35 -> 4J-22.2 | D35: 22 | E35: ='[1]RECOND COMP'!J35 -> 6094.5274 | F35: ='[1]RECOND COMP'!$M35 -> 151540 btu 0c | H35: ='[1]RECOND COMP'!$P35 -> CU - 250 QC | I35: ='[1]RECOND COMP'!$S35 -> 18157.705
A36: ='[1]RECOND COMP'!$A36 -> REC027 | B36: ='[1]RECOND COMP'!B36 -> 4H-25.2 | D36: 25 | E36: ='[1]RECOND COMP'!J36 -> 6716.4179 | F36: ='[1]RECOND COMP'!$M36 -> 175770 btu 0c | H36: ='[1]RECOND COMP'!$P36 -> CU - 250 QC | I36: ='[1]RECOND COMP'!$S36 -> 15692.651
A37: ='[1]RECOND COMP'!$A37 -> REC028 | B37: ='[1]RECOND COMP'!B37 -> 4G-30.2 | D37: 30 | E37: ='[1]RECOND COMP'!J37 -> 6716.4179 | F37: ='[1]RECOND COMP'!$M37 -> 201370 btu 0c | H37: ='[1]RECOND COMP'!$P37 -> CU - 300 QC | I37: ='[1]RECOND COMP'!$S37 -> 20569.999
... A41: ='[1]RECOND COMP'!$A41 -> REC032 | B41: ='[1]RECOND COMP'!B41 -> 6F-50.2 | D41: 50 | E41: ='[1]RECOND COMP'!J41 -> 9328.3582 | F41: ='[1]RECOND COMP'!$M41 -> 357680 btu 0c | H41: ='[1]RECOND COMP'!$P41 -> CU-250QC*2 | I41: ='[1]RECOND COMP'!$S41 -> 31201.593
A42: ='[1]RECOND COMP'!$A42 -> REC033 | B42: ='[1]RECOND COMP'!B42 -> 2DC-2.2 | C42: BITZER low temperature semi-hermertic compressor 0c ~ -25c | D42: 2 | E42: ='[1]RECOND COMP'!J42 -> 2860.6965 | F42: ='[1]RECOND COMP'!$M42 -> 9080 btu | H42: ='[1]RECOND COMP'!$P42 -> CU - 36 QC | I42: ='[1]RECOND COMP'!$S42 -> 5716.9547
A43: ='[1]RECOND COMP'!$A43 -> REC034 | B43: ='[1]RECOND COMP'!B43 -> 2CC-3.2 | D43: 3 | E43: ='[1]RECOND COMP'!J43 -> 2860.6965 | F43: ='[1]RECOND COMP'!$M43 -> 11400 btu | H43: ='[1]RECOND COMP'!$P43 -> CU - 50 QC | I43: ='[1]RECOND COMP'!$S43 -> 6056.5505
A44: ='[1]RECOND COMP'!$A44 -> REC035 | B44: ='[1]RECOND COMP'!B44 -> 2U-3.2 | D44: 3 | E44: ='[1]RECOND COMP'!J44 -> 2487.5622 | F44: ='[1]RECOND COMP'!$M44 -> 12870 btu | H44: ='[1]RECOND COMP'!$P44 -> CU - 50 QC | I44: ='[1]RECOND COMP'!$S44 -> 5712.1188
A45: ='[1]RECOND COMP'!$A45 -> REC036 | B45: ='[1]RECOND COMP'!B45 -> 4FC-3.2 | D45: 3 | E45: ='[1]RECOND COMP'!J45 -> 2860.6965 | F45: ='[1]RECOND COMP'!$M45 -> 16007 btu | H45: ='[1]RECOND COMP'!$P45 -> CU - 64B QC | I45: ='[1]RECOND COMP'!$S45 -> 6604.4593
A46: ='[1]RECOND COMP'!$A46 -> REC037 | B46: ='[1]RECOND COMP'!B46 -> 4EC-4.2 | D46: 4 | E46: ='[1]RECOND COMP'!J46 -> 3233.8308 | F46: ='[1]RECOND COMP'!$M46 -> 16007 btu | H46: ='[1]RECOND COMP'!$P46 -> CU - 64B QC | I46: ='[1]RECOND COMP'!$S46 -> 6948.891
A47: ='[1]RECOND COMP'!$A47 -> REC038 | B47: ='[1]RECOND COMP'!B47 -> 2N-5.2 | D47: 5 | E47: ='[1]RECOND COMP'!J47 -> 2736.3184 | F47: ='[1]RECOND COMP'!$M47 -> 20010 btu | H47: ='[1]RECOND COMP'!$P47 -> CU - 72 QC | I47: ='[1]RECOND COMP'!$S47 -> 7114.019
A48: ='[1]RECOND COMP'!$A48 -> REC039 | B48: ='[1]RECOND COMP'!B48 -> 4Z-5.2 | D48: 5 | E48: ='[1]RECOND COMP'!J48 -> 3233.8308 | F48: ='[1]RECOND COMP'!$M48 -> 21000 btu | H48: ='[1]RECOND COMP'!$P48 -> CU - 72 QC | I48: ='[1]RECOND COMP'!$S48 -> 7573.2612
A49: ='[1]RECOND COMP'!$A49 -> REC040 | B49: ='[1]RECOND COMP'!B49 -> 4DC-5.2 | D49: 5 | E49: ='[1]RECOND COMP'!J49 -> 3358.209 | F49: ='[1]RECOND COMP'!$M49 -> 19010 btu | H49: ='[1]RECOND COMP'!$P49 -> CU - 72 QC | I49: ='[1]RECOND COMP'!$S49 -> 7688.0718
A50: ='[1]RECOND COMP'!$A50 -> REC041 | B50: ='[1]RECOND COMP'!B50 -> 4CC-6.2 | D50: 6 | E50: ='[1]RECOND COMP'!J50 -> 3482.5871 | F50: ='[1]RECOND COMP'!$M50 -> 21024 btu | H50: ='[1]RECOND COMP'!$P50 -> CU - 90 QC | I50: ='[1]RECOND COMP'!$S50 -> 8119.3291
A51: ='[1]RECOND COMP'!$A51 -> REC042 | B51: ='[1]RECOND COMP'!B51 -> 4V-6.2 | D51: 6 | E51: ='[1]RECOND COMP'!J51 -> 4104.4776 | F51: ='[1]RECOND COMP'!$M51 -> 25000 btu | H51: ='[1]RECOND COMP'!$P51 -> CU - 100 QC | I51: ='[1]RECOND COMP'!$S51 -> 8878.7387
A52: ='[1]RECOND COMP'!$A52 -> REC043 | B52: ='[1]RECOND COMP'!B52 -> 4T-8.2 | D52: 8 | E52: ='[1]RECOND COMP'!J52 -> 4353.2338 | F52: ='[1]RECOND COMP'!$M52 -> 30888 btu | H52: ='[1]RECOND COMP'!$P52 -> CU - 125 QC | I52: ='[1]RECOND COMP'!$S52 -> 10445.756
A53: ='[1]RECOND COMP'!$A53 -> REC044 | B53: ='[1]RECOND COMP'!B53 -> 4TCS-8.2 | D53: 8 | E53: ='[1]RECOND COMP'!J53 -> 5597.0149 | F53: ='[1]RECOND COMP'!$M53 -> 30889 btu | H53: ='[1]RECOND COMP'!$P53 -> CU - 125 QC | I53: ='[1]RECOND COMP'!$S53 -> 11593.862
A54: ='[1]RECOND COMP'!$A54 -> REC045 | B54: ='[1]RECOND COMP'!B54 -> 4P-10.2 | D54: 10 | E54: ='[1]RECOND COMP'!J54 -> 4601.99 | F54: ='[1]RECOND COMP'!$M54 -> 35870 btu | H54: ='[1]RECOND COMP'!$P54 -> CU - 144 QC | I54: ='[1]RECOND COMP'!$S54 -> 11307.275
... A64: ='[1]RECOND COMP'!$A64 -> REC053 | B64: ='[1]RECOND COMP'!B64 -> 6G-30.2 | D64: 30 | E64: ='[1]RECOND COMP'!J64 -> 9079.602 | F64: ='[1]RECOND COMP'!$M64 -> 93858 btu | H64: ='[1]RECOND COMP'!$P64 -> CU - 350 QC | I64: ='[1]RECOND COMP'!$S64 -> 24536.994
A65: ='[1]RECOND COMP'!$A66 -> REC054 | B65: ='[1]RECOND COMP'!B66 -> 6F-40.2 | D65: 40 | E65: ='[1]RECOND COMP'!J66 -> 10074.627 | F65: ='[1]RECOND COMP'!$M66 -> 113482btu | H65: ='[1]RECOND COMP'!$P66 -> CU - 400 QC | I65: ='[1]RECOND COMP'!$S66 -> 27856.099
A66: ='[1]RECOND COMP'!$A67 -> REC055 | B66: ='[1]RECOND COMP'!B67 -> S4T-5.2 | C66: BITZER 2 STAGE semi-hermertic compressor -5c ~ -40c | D66: 5 | E66: ='[1]RECOND COMP'!J67 -> ~ | F66: ='[1]RECOND COMP'!$M67 -> 26200 btu | H66: ='[1]RECOND COMP'!$P67 -> CU - 90 QC | I66: ='[1]RECOND COMP'!$S67 -> 9215.4887
A67: ='[1]RECOND COMP'!$A68 -> REC056 | B67: ='[1]RECOND COMP'!B68 -> S4N-8.2 | D67: 8 | E67: ='[1]RECOND COMP'!J68 -> ~ | F67: ='[1]RECOND COMP'!$M68 -> 37500 btu | H67: ='[1]RECOND COMP'!$P68 -> CU - 125 QC | I67: ='[1]RECOND COMP'!$S68 -> 11446.75
A68: ='[1]RECOND COMP'!$A69 -> REC057 | B68: ='[1]RECOND COMP'!B69 -> S4G-12.2 | D68: 12 | E68: ='[1]RECOND COMP'!J69 -> ~ | F68: ='[1]RECOND COMP'!$M69 -> 56550 btu | H68: ='[1]RECOND COMP'!$P69 -> CU - 160 QC | I68: ='[1]RECOND COMP'!$S69 -> 15166.05
A69: ='[1]RECOND COMP'!$A70 -> REC058 | B69: ='[1]RECOND COMP'!B70 -> S6J-16.2 | D69: 16 | E69: ='[1]RECOND COMP'!J70 -> ~ | F69: ='[1]RECOND COMP'!$M70 -> 84000 btu | H69: ='[1]RECOND COMP'!$P70 -> CU - 200 QC | I69: ='[1]RECOND COMP'!$S70 -> 19396.586
A70: ='[1]RECOND COMP'!$A71 -> REC059 | B70: ='[1]RECOND COMP'!B71 -> S6H-20.2 | D70: 20 | E70: ='[1]RECOND COMP'!J71 -> 8802.1431 | F70: ='[1]RECOND COMP'!$M71 -> 94000 btu | H70: ='[1]RECOND COMP'!$P71 -> CU - 250 QC | I70: ='[1]RECOND COMP'!$S71 -> 22453.745
A71: ='[1]RECOND COMP'!$A72 -> REC060 | B71: ='[1]RECOND COMP'!B72 -> S6G-25.2 | D71: 25 | E71: ='[1]RECOND COMP'!J72 -> 9535.6551 | F71: ='[1]RECOND COMP'!$M72 -> 111780 btu | H71: ='[1]RECOND COMP'!$P72 -> CU - 300 QC | I71: ='[1]RECOND COMP'!$S72 -> 24122.681
A72: ='[1]RECOND COMP'!$A73 -> REC061 | B72: ='[1]RECOND COMP'!B73 -> S6F-30.2 | D72: 30 | E72: ='[1]RECOND COMP'!J73 -> 12672.487 | F72: ='[1]RECOND COMP'!$M73 -> 133800btu | H72: ='[1]RECOND COMP'!$P73 -> CU - 350 QC | I72: ='[1]RECOND COMP'!$S73 -> 26872.823
A73: ='[1]RECOND COMP'!$A74 -> REC062 | B73: ='[1]RECOND COMP'!B74 -> HSKC6461-60 | C73: BITZER screw comp 0c ~ -20c | D73: 60 | E73: ='[1]RECOND COMP'!J74 -> 9328.3582 | F73: ='[1]RECOND COMP'!$M74 -> 174750 btu -20c | H73: ='[1]RECOND COMP'!$P74 -> HTC 75 | I73: ='[1]RECOND COMP'!$S74 -> 30981.603
A74: ='[1]RECOND COMP'!$A75 -> REC063 | B74: ='[1]RECOND COMP'!B75 -> HSKC7461-80 | D74: 80 | E74: ='[1]RECOND COMP'!J75 -> 9950.2488 | F74: ='[1]RECOND COMP'!$M75 -> 239250 btu -20c | H74: ='[1]RECOND COMP'!$P75 -> HTC 75 | I74: ='[1]RECOND COMP'!$S75 -> 34131.33
A75: ='[1]RECOND COMP'!$A76 -> REC064 | B75: ='[1]RECOND COMP'!B76 -> C-SB303 | C75: Panasonic scroll | D75: 4 | E75: ='[1]RECOND COMP'!J76 -> ~ | F75: ='[1]RECOND COMP'!$M76 -> 0 | H75: ='[1]RECOND COMP'!$P76 -> 0 | I75: ='[1]RECOND COMP'!$S76 -> 0
A76: ='[1]RECOND COMP'!$A77 -> REC065 | B76: ='[1]RECOND COMP'!B77 -> C-SB453 | D76: 6 | E76: ='[1]RECOND COMP'!J77 -> ~ | F76: ='[1]RECOND COMP'!$M77 -> 0 | G76: All danfoss acc filter drier,sight glass,hand valve,solenoid valve,hi-lo control, and etc.except 2-4hp w/o solenoid valve. ALL SEAL UNIT COMPRESSOR AND CONDENSING UNIT W/O WARRANTLY | H76: ='[1]RECOND COMP'!$P77 -> CU - 72 QC | I76: ='[1]RECOND COMP'!$S77 -> 3797.9384
A77: ='[1]RECOND COMP'!$A78 -> REC066 | B77: ='[1]RECOND COMP'!B78 -> 300CB | C77: DORIN | D77: 3 | E77: ='[1]RECOND COMP'!J78 -> ~ | F77: ='[1]RECOND COMP'!$M78 -> 0 | H77: ='[1]RECOND COMP'!$P78 -> CU - 40 QC | I77: ='[1]RECOND COMP'!$S78 -> 4169.5831
A78: ='[1]RECOND COMP'!$A79 -> REC067 | B78: ='[1]RECOND COMP'!B79 -> 400CB | C78: DORIN | D78: 4 | E78: ='[1]RECOND COMP'!J79 -> ~ | F78: ='[1]RECOND COMP'!$M79 -> 0 | H78: ='[1]RECOND COMP'!$P79 -> CU - 50 QC | I78: ='[1]RECOND COMP'!$S79 -> 4811.9617
A79: ='[1]RECOND COMP'!$A80 -> REC068 | B79: ='[1]RECOND COMP'!B80 -> JT160 | C79: Daikin scroll | D79: 5 | E79: ='[1]RECOND COMP'!J80 -> ~ | F79: ='[1]RECOND COMP'!$M80 -> 0 | H79: ='[1]RECOND COMP'!$P80 -> CU - 64 QC | I79: ='[1]RECOND COMP'!$S80 -> 3698.5604
A80: ='[1]RECOND COMP'!$A81 -> REC069 | B80: ='[1]RECOND COMP'!B81 -> CRHH-083 | C80: TRANE (new) | D80: 7.5 | E80: ='[1]RECOND COMP'!J81 -> 1416.6667 | F80: ='[1]RECOND COMP'!$M81 -> 0 | H80: ='[1]RECOND COMP'!$P81 -> CU - 100 QC | I80: ='[1]RECOND COMP'!$S81 -> 5748.0613
A81: ='[1]RECOND COMP'!$A82 -> REC070 | B81: ='[1]RECOND COMP'!B82 -> CRFQ-0250 | C81: COPELAND 1ph | D81: 2.5 | E81: ='[1]RECOND COMP'!J82 -> 428.57143 | F81: ='[1]RECOND COMP'!$M82 -> 0 | H81: ='[1]RECOND COMP'!$P82 -> CU - 36 QC | I81: ='[1]RECOND COMP'!$S82 -> 2597.8836
A82: ='[1]RECOND COMP'!$A83 -> REC071 | B82: ='[1]RECOND COMP'!B83 -> CRHD-0275 | D82: 2.75 | E82: ='[1]RECOND COMP'!J83 -> 428.57143 | F82: ='[1]RECOND COMP'!$M83 -> 0 | H82: ='[1]RECOND COMP'!$P83 -> CU - 40 QC | I82: ='[1]RECOND COMP'!$S83 -> 2691.155
A83: ='[1]RECOND COMP'!$A84 -> REC072 | B83: ='[1]RECOND COMP'!B84 -> JT95 | C83: DAIKIN | D83: 3 | E83: ='[1]RECOND COMP'!J84 -> ~ | F83: ='[1]RECOND COMP'!$M84 -> 0 | H83: ='[1]RECOND COMP'!$P84 -> 0 | I83: ='[1]RECOND COMP'!$S84 -> 0
A84: ='[1]RECOND COMP'!$A85 -> REC073 | B84: ='[1]RECOND COMP'!B85 -> JT160 | D84: 5 | E84: ='[1]RECOND COMP'!J85 -> ~ | F84: ='[1]RECOND COMP'!$M85 -> 0 | H84: ='[1]RECOND COMP'!$P85 -> CU - 72 QC | I84: ='[1]RECOND COMP'!$S85 -> 3797.9384
A85: ='[1]RECOND COMP'!$A86 -> REC074 | B85: ='[1]RECOND COMP'!B86 -> QR-90 | C85: Copeland dismantle unit | D85: 7.5 | E85: ='[1]RECOND COMP'!J86 -> ~ | F85: ='[1]RECOND COMP'!$M86 -> 0 | H85: ='[1]RECOND COMP'!$P86 -> CU - 100 QC | I85: ='[1]RECOND COMP'!$S86 -> 5594.2151
A86: ='[1]RECOND COMP'!$A87 -> REC075 | B86: ='[1]RECOND COMP'!B87 -> QR-070 | D86: 7.5 | E86: ='[1]RECOND COMP'!J87 -> 1071.4286 | F86: ='[1]RECOND COMP'!$M87 -> 0 | H86: ='[1]RECOND COMP'!$P87 -> CU - 125 QC | I86: ='[1]RECOND COMP'!$S87 -> 6434.8118
A87: ='[1]RECOND COMP'!$A88 -> REC076 | B87: ='[1]RECOND COMP'!B88 -> QR-11 | D87: 9 | E87: ='[1]RECOND COMP'!J88 -> 1214.2857 | F87: ='[1]RECOND COMP'!$M88 -> 0 | H87: ='[1]RECOND COMP'!$P88 -> 0 | I87: ='[1]RECOND COMP'!$S88 -> 0
A88: ='[1]RECOND COMP'!$A89 -> REC077 | B88: ='[1]RECOND COMP'!B89 -> QR-125 | D88: 10 | E88: ='[1]RECOND COMP'!J89 -> ~ | F88: ='[1]RECOND COMP'!$M89 -> 0 | H88: ='[1]RECOND COMP'!$P89 -> CU - 125 QC | I88: ='[1]RECOND COMP'!$S89 -> 6665.581
A89: ='[1]RECOND COMP'!$A90 -> REC078 | B89: ='[1]RECOND COMP'!B90 -> QR-15 | D89: 12.5 | E89: ='[1]RECOND COMP'!J90 -> 1642.8571 | F89: ='[1]RECOND COMP'!$M90 -> 0 | H89: ='[1]RECOND COMP'!$P90 -> CU - 144 QC | I89: ='[1]RECOND COMP'!$S90 -> 7605.1717
A90: ='[1]RECOND COMP'!$A91 -> REC079 | B90: ='[1]RECOND COMP'!B91 -> ZR34K/380V | C90: Copeland scroll dismantle unit | D90: 2.75 | E90: ='[1]RECOND COMP'!J91 -> ~ | F90: ='[1]RECOND COMP'!$M91 -> 0 | H90: ='[1]RECOND COMP'!$P91 -> CU - 40 QC | I90: ='[1]RECOND COMP'!$S91 -> 2583.4627
A91: ='[1]RECOND COMP'!$A92 -> REC080 | B91: ='[1]RECOND COMP'!B92 -> ZR61 | E91: ='[1]RECOND COMP'!J92 -> ~ | F91: ='[1]RECOND COMP'!$M92 -> 0 | H91: ='[1]RECOND COMP'!$P92 -> 0 | I91: ='[1]RECOND COMP'!$S92 -> 0
A92: ='[1]RECOND COMP'!$A93 -> REC081 | B92: ='[1]RECOND COMP'!B93 -> ZR68K | D92: 5.5 | E92: ='[1]RECOND COMP'!J93 -> ~ | F92: ='[1]RECOND COMP'!$M93 -> 0 | H92: ='[1]RECOND COMP'!$P93 -> 0 | I92: ='[1]RECOND COMP'!$S93 -> 0
A93: ='[1]RECOND COMP'!$A94 -> REC082 | B93: ='[1]RECOND COMP'!B94 -> ZR72K | D93: 6 | E93: ='[1]RECOND COMP'!J94 -> ~ | F93: ='[1]RECOND COMP'!$M94 -> 0 | H93: ='[1]RECOND COMP'!$P94 -> CU - 90 QC | I93: ='[1]RECOND COMP'!$S94 -> 4191.3082
A94: ='[1]RECOND COMP'!$A95 -> REC083 | B94: ='[1]RECOND COMP'!B95 -> ZR94K | D94: 7.5 | E94: ='[1]RECOND COMP'!J95 -> 1333.3333 | F94: ='[1]RECOND COMP'!$M95 -> 0 | H94: ='[1]RECOND COMP'!$P95 -> CU - 125 QC | I94: ='[1]RECOND COMP'!$S95 -> 6486.4275
A95: ='[1]RECOND COMP'!$A96 -> REC084 | B95: ='[1]RECOND COMP'!B96 -> ZB66KQE | D95: 10 | E95: ='[1]RECOND COMP'!J96 -> 2500 | F95: ='[1]RECOND COMP'!$M96 -> 0 | H95: ='[1]RECOND COMP'!$P96 -> CU - 125 QC | I95: ='[1]RECOND COMP'!$S96 -> 7588.658
A96: ='[1]RECOND COMP'!$A97 -> REC085 | B96: ='[1]RECOND COMP'!B97 -> ZR125K | D96: 10 | E96: ='[1]RECOND COMP'!J97 -> 1583.3333 | F96: ='[1]RECOND COMP'!$M97 -> 0 | H96: ='[1]RECOND COMP'!$P97 -> CU - 125 QC | I96: ='[1]RECOND COMP'!$S97 -> 6742.5041
A97: ='[1]RECOND COMP'!$A98 -> REC086 | B97: ='[1]RECOND COMP'!B98 -> ZR144K | D97: 12.5 | E97: ='[1]RECOND COMP'!J98 -> ~ | F97: ='[1]RECOND COMP'!$M98 -> 0 | H97: ='[1]RECOND COMP'!$P98 -> CU - 144 QC | I97: ='[1]RECOND COMP'!$S98 -> 7451.3256
A98: ='[1]RECOND COMP'!$A99 -> REC087 | B98: ='[1]RECOND COMP'!B99 -> ZR160K | D98: 15 | E98: ='[1]RECOND COMP'!J99 -> ~ | F98: ='[1]RECOND COMP'!$M99 -> 0 | H98: ='[1]RECOND COMP'!$P99 -> 0 | I98: ='[1]RECOND COMP'!$S99 -> 0
A99: ='[1]RECOND COMP'!$A100 -> REC088 | B99: ='[1]RECOND COMP'!B100 -> MTZ22 RECOND | C99: Maneurop dismantle unit | D99: 2 | E99: ='[1]RECOND COMP'!J100 -> ~ | F99: ='[1]RECOND COMP'!$M100 -> 0 | H99: ='[1]RECOND COMP'!$P100 -> 0 | I99: ='[1]RECOND COMP'!$S100 -> 0
A100: ='[1]RECOND COMP'!$A101 -> REC089 | B100: ='[1]RECOND COMP'!B101 -> MTZ28 RECOND | D100: 2 | E100: ='[1]RECOND COMP'!J101 -> ~ | F100: ='[1]RECOND COMP'!$M101 -> 0 | H100: ='[1]RECOND COMP'!$P101 -> CU - 32 QC | I100: ='[1]RECOND COMP'!$S101 -> 2885.8995
A101: ='[1]RECOND COMP'!$A102 -> REC090 | B101: ='[1]RECOND COMP'!B102 -> MTZ50 RECOND | D101: 4 | E101: ='[1]RECOND COMP'!J102 -> ~ | F101: ='[1]RECOND COMP'!$M102 -> 0 | H101: ='[1]RECOND COMP'!$P102 -> CU - 50 QC | I101: ='[1]RECOND COMP'!$S102 -> 3704.1052
A102: ='[1]RECOND COMP'!$A103 -> REC091 | B102: ='[1]RECOND COMP'!B103 -> MT64 RECOND | D102: 5 | E102: ='[1]RECOND COMP'!J103 -> ~ | F102: ='[1]RECOND COMP'!$M103 -> 0 | H102: ='[1]RECOND COMP'!$P103 -> CU - 64 QC | I102: ='[1]RECOND COMP'!$S103 -> 4544.7142
A103: ='[1]RECOND COMP'!$A104 -> REC092 | B103: ='[1]RECOND COMP'!B104 -> MTZ64 RECOND | D103: 5 | E103: ='[1]RECOND COMP'!J104 -> ~ | F103: ='[1]RECOND COMP'!$M104 -> 0 | H103: ='[1]RECOND COMP'!$P104 -> CU - 64 QC | I103: ='[1]RECOND COMP'!$S104 -> 4544.7142
A104: ='[1]RECOND COMP'!$A105 -> REC093 | B104: ='[1]RECOND COMP'!B105 -> MT72 RECOND | D104: 6 | E104: ='[1]RECOND COMP'!J105 -> ~ | F104: ='[1]RECOND COMP'!$M105 -> 0 | H104: ='[1]RECOND COMP'!$P105 -> 0 | I104: ='[1]RECOND COMP'!$S105 -> 0
A105: ='[1]RECOND COMP'!$A106 -> REC094 | B105: ='[1]RECOND COMP'!B106 -> MT81 RECOND | D105: 6.5 | E105: ='[1]RECOND COMP'!J106 -> ~ | F105: ='[1]RECOND COMP'!$M106 -> 0 | H105: ='[1]RECOND COMP'!$P106 -> 0 | I105: ='[1]RECOND COMP'!$S106 -> 0
A106: ='[1]RECOND COMP'!$A107 -> REC095 | B106: ='[1]RECOND COMP'!B107 -> MT100 RECOND | D106: 8.5 | E106: ='[1]RECOND COMP'!J107 -> ~ | F106: ='[1]RECOND COMP'!$M107 -> 0 | H106: ='[1]RECOND COMP'!$P107 -> CU - 100 QC | I106: ='[1]RECOND COMP'!$S107 -> 6132.6767
A107: ='[1]RECOND COMP'!$A108 -> REC096 | B107: ='[1]RECOND COMP'!B108 -> MTZ100 RECOND | D107: 8.5 | E107: ='[1]RECOND COMP'!J108 -> ~ | F107: ='[1]RECOND COMP'!$M108 -> 0 | H107: ='[1]RECOND COMP'!$P108 -> CU - 100 QC | I107: ='[1]RECOND COMP'!$S108 -> 6671.1382
A108: ='[1]RECOND COMP'!$A109 -> REC097 | B108: ='[1]RECOND COMP'!B109 -> MTZ125 RECOND | D108: 10 | E108: ='[1]RECOND COMP'!J109 -> ~ | F108: ='[1]RECOND COMP'!$M109 -> 0 | H108: ='[1]RECOND COMP'!$P109 -> CU - 125 QC | I108: ='[1]RECOND COMP'!$S109 -> 7511.7349
A109: ='[1]RECOND COMP'!$A110 -> REC098 | B109: ='[1]RECOND COMP'!B110 -> MT160 RECOND | D109: 13 | E109: ='[1]RECOND COMP'!J110 -> 2833.3333 | F109: ='[1]RECOND COMP'!$M110 -> 0 | H109: ='[1]RECOND COMP'!$P110 -> CU - 160 QC | I109: ='[1]RECOND COMP'!$S110 -> 9063.6532
A110: ='[1]RECOND COMP'!$A111 -> REC099 | B110: ='[1]RECOND COMP'!B111 -> AW5532/ 1ph (NEW) | C110: TECUMSEH USA | D110: 2.5 | E110: ='[1]RECOND COMP'!J111 -> ~ | F110: ='[1]RECOND COMP'!$M111 -> 0 | H110: ='[1]RECOND COMP'!$P111 -> CU - 36 QC | I110: ='[1]RECOND COMP'!$S111 -> 2751.7298
A111: ='[1]RECOND COMP'!$A112 -> REC100 | B111: ='[1]RECOND COMP'!B112 -> AV5538/1PH (NEW) | D111: 3 | E111: ='[1]RECOND COMP'!J112 -> ~ | F111: ='[1]RECOND COMP'!$M112 -> 0 | H111: ='[1]RECOND COMP'!$P112 -> CU - 50 QC | I111: ='[1]RECOND COMP'!$S112 -> 3350.2591
A112: ='[1]RECOND COMP'!$A113 -> REC101 | B112: ='[1]RECOND COMP'!B113 -> AV5542 | D112: 3.5 | E112: ='[1]RECOND COMP'!J113 -> ~ | F112: ='[1]RECOND COMP'!$M113 -> 0 | H112: ='[1]RECOND COMP'!$P113 -> 0 | I112: ='[1]RECOND COMP'!$S113 -> 0
A113: ='[1]RECOND COMP'!$A114 -> REC102 | B113: ='[1]RECOND COMP'!B114 -> AV5555 | D113: 4.5 | E113: ='[1]RECOND COMP'!J114 -> ~ | F113: ='[1]RECOND COMP'!$M114 -> 0 | H113: ='[1]RECOND COMP'!$P114 -> CU - 72 QC | I113: ='[1]RECOND COMP'!$S114 -> 4105.6307
A114: ='[1]RECOND COMP'!$A115 -> REC103 | B114: ='[1]RECOND COMP'!B115 -> AV5568 | D114: 5 | E114: ='[1]RECOND COMP'!J115 -> ~ | F114: ='[1]RECOND COMP'!$M115 -> 0 | H114: ='[1]RECOND COMP'!$P115 -> CU - 90 QC | I114: ='[1]RECOND COMP'!$S115 -> 4422.0775
A115: ='[1]RECOND COMP'!$A116 -> REC104 | B115: ='[1]RECOND COMP'!B116 -> AG5573 | D115: 6 | E115: ='[1]RECOND COMP'!J116 -> ~ | F115: ='[1]RECOND COMP'!$M116 -> 0 | H115: ='[1]RECOND COMP'!$P116 -> CU - 90 QC | I115: ='[1]RECOND COMP'!$S116 -> 4499.0005
A116: ='[1]RECOND COMP'!$A117 -> REC105 | B116: ='[1]RECOND COMP'!B117 -> FH4522z | C116: Tecumseh France | D116: 2 | E116: ='[1]RECOND COMP'!J117 -> ~ | F116: ='[1]RECOND COMP'!$M117 -> 0 | H116: ='[1]RECOND COMP'!$P117 -> 0 | I116: ='[1]RECOND COMP'!$S117 -> 2423.0769
A117: ='[1]RECOND COMP'!$A118 -> REC106 | B117: ='[1]RECOND COMP'!B118 -> TFH4531 | D117: 2.5 | E117: ='[1]RECOND COMP'!J118 -> ~ | F117: ='[1]RECOND COMP'!$M118 -> 0 | H117: ='[1]RECOND COMP'!$P118 -> CU - 36 QC | I117: ='[1]RECOND COMP'!$S118 -> 3008.1707
...

Sheet ALL NEW COMP
A1: WELLER AIR-COND PARTS ENTERPRISE SDN BHD (613386-K)
A2: ='RECOND COMP'!A3 -> DATE :5.12.25
A3: PRICE WILL UPDATE OR CHANGE EVERY WEEK DUE TO THE DATE
O6: ='[1]ALL NEW COMP'!AK5 -> c/w contactor,solenoid valve,3ph relay protection,timer delay | P6: ='[1]ALL NEW COMP'!AL5 -> c/w contactor,overload,3ph relay,timer delay w/o solenoid valve | Q6: ='[1]ALL NEW COMP'!AM5 -> w/o contactor acc,solenoid valve
A8: ='[1]ALL NEW COMP'!A8 -> ITEM CODE | B8: ='[1]ALL NEW COMP'!B8 -> MODEL | C8: BRAND | D8: HP | E8: High side / Low side copper pipe | F8: 1 pallet quantity | G8: BTU/HR AT 0c/ -25c | H8: ='[1]ALL NEW COMP'!$O8 -> RM | I8: ACC OF REF | J8: ='[2]ALL NEW COMP'!S8 -> CU QC MODEL | K8: ='[2]ALL NEW COMP'!V8 -> Cond QC (RM) | L8: ='[1]ALL NEW COMP'!$Z8 -> Model QC unit | M8: ='[2]ALL NEW COMP'!Y8 -> C/W Condenser sets BCU,TCU | O8: ='[1]ALL NEW COMP'!AK8 -> BCU Cond for coldroom (RM)-02 | P8: ='[1]ALL NEW COMP'!AL8 -> BCU Cond for showcase(RM)-01 | Q8: ='[1]ALL NEW COMP'!AM8 -> BCU Cond (RM)-00 | R8: ='[2]ALL NEW COMP'!$AG8 -> HTC MODEL | S8: ='[2]ALL NEW COMP'!$AJ8 -> HTC cond (RM) | T8: PIC
A9: ='[1]ALL NEW COMP'!A9 -> ALL002 | B9: ='[1]ALL NEW COMP'!B9 -> MT22 (1ph) | C9: MANEUROP ORIGINAL NEW COMPRESSOR (R22) (15c ~ -25c) c/w service valve,QC oil separator | D9: ='[1]ALL NEW COMP'!D9 -> 2 | E9: ='[1]ALL NEW COMP'!E9 -> (V01,06) | G9: ='[1]ALL NEW COMP'!G9 -> 3200 btu | H9: ='[1]ALL NEW COMP'!O9 -> 2226.2347 | I9: All danfoss acc filter drier,sight glass,hand valve,solenoid valve,hi-lo control,QC oil sep | J9: ='[1]ALL NEW COMP'!T9 -> CU - 32 QC | K9: ='[1]ALL NEW COMP'!W9 -> 4643.3707 | M9: ='[1]ALL NEW COMP'!AB9 -> 0 | N9: All danfoss acc filter drier,sight glass,hand valve,hi-lo control and etc. | O9: ='[1]ALL NEW COMP'!AK9 -> 0 | P9: ='[1]ALL NEW COMP'!AL9 -> 0 | Q9: ='[1]ALL NEW COMP'!AM9 -> 0 | R9: ='[1]ALL NEW COMP'!$AN9 -> 0 | S9: ='[1]ALL NEW COMP'!$AQ9 -> 0
A10: ='[1]ALL NEW COMP'!A10 -> ALL003 | B10: ='[1]ALL NEW COMP'!B10 -> MT22 | D10: ='[1]ALL NEW COMP'!D10 -> 2 | E10: ='[1]ALL NEW COMP'!E10 -> (V01,06) | G10: ='[1]ALL NEW COMP'!G10 -> 3200 btu | H10: ='[1]ALL NEW COMP'!O10 -> 2226.2347 | J10: ='[1]ALL NEW COMP'!T10 -> CU - 32 QC | K10: ='[1]ALL NEW COMP'!W10 -> 4484.6405 | M10: ='[1]ALL NEW COMP'!AB10 -> 0 | O10: ='[1]ALL NEW COMP'!AK10 -> 0 | P10: ='[1]ALL NEW COMP'!AL10 -> 0 | Q10: ='[1]ALL NEW COMP'!AM10 -> 0 | R10: ='[1]ALL NEW COMP'!$AN10 -> 0 | S10: ='[1]ALL NEW COMP'!$AQ10 -> 0
A11: ='[1]ALL NEW COMP'!A11 -> ALL004 | B11: ='[1]ALL NEW COMP'!B11 -> MT28 (1ph) | D11: ='[1]ALL NEW COMP'!D11 -> 2.3 | E11: ='[1]ALL NEW COMP'!E11 -> (V01,06) | G11: ='[1]ALL NEW COMP'!G11 -> 5768 btu | H11: ='[1]ALL NEW COMP'!O11 -> 2575.448 | J11: ='[1]ALL NEW COMP'!T11 -> CU - 36 QC | K11: ='[1]ALL NEW COMP'!W11 -> 5150.9553 | M11: ='[1]ALL NEW COMP'!AB11 -> 0 | O11: ='[1]ALL NEW COMP'!AK11 -> 0 | P11: ='[1]ALL NEW COMP'!AL11 -> 0 | Q11: ='[1]ALL NEW COMP'!AM11 -> 0 | R11: ='[1]ALL NEW COMP'!$AN11 -> 0 | S11: ='[1]ALL NEW COMP'!$AQ11 -> 0
A12: ='[1]ALL NEW COMP'!A12 -> ALL005 | B12: ='[1]ALL NEW COMP'!B12 -> MT28 | D12: ='[1]ALL NEW COMP'!D12 -> 2.3 | E12: ='[1]ALL NEW COMP'!E12 -> (V01,06) | G12: ='[1]ALL NEW COMP'!G12 -> 5768 btu | H12: ='[1]ALL NEW COMP'!O12 -> 2590.3081 | J12: ='[1]ALL NEW COMP'!T12 -> CU - 36 QC | K12: ='[1]ALL NEW COMP'!W12 -> 5007.557 | M12: ='[1]ALL NEW COMP'!AB12 -> 0 | O12: ='[1]ALL NEW COMP'!AK12 -> 0 | P12: ='[1]ALL NEW COMP'!AL12 -> 0 | Q12: ='[1]ALL NEW COMP'!AM12 -> 0 | R12: ='[1]ALL NEW COMP'!$AN12 -> 0 | S12: ='[1]ALL NEW COMP'!$AQ12 -> 0
A13: ='[1]ALL NEW COMP'!A13 -> ALL006 | B13: ='[1]ALL NEW COMP'!B13 -> MT32 (1ph) | D13: ='[1]ALL NEW COMP'!D13 -> 2.5 | E13: ='[1]ALL NEW COMP'!E13 -> (V06,09) | G13: ='[1]ALL NEW COMP'!G13 -> 6143 btu | H13: ='[1]ALL NEW COMP'!O13 -> 2653.8817 | J13: ='[1]ALL NEW COMP'!T13 -> CU - 36 QC | K13: ='[1]ALL NEW COMP'!W13 -> 5231.8789 | M13: ='[1]ALL NEW COMP'!AB13 -> 0 | O13: ='[1]ALL NEW COMP'!AK13 -> 0 | P13: ='[1]ALL NEW COMP'!AL13 -> 0 | Q13: ='[1]ALL NEW COMP'!AM13 -> 0 | R13: ='[1]ALL NEW COMP'!$AN13 -> 0 | S13: ='[1]ALL NEW COMP'!$AQ13 -> 0
